Workbook
Name Kutools_AddTotalToChart: Ontwerp_Backlog!$AA$91:$AA$97+Ontwerp_Backlog!$AB$91:$AB$97
Name Slicer_Product: #N/A
Name Slicer_Product1: #N/A
Name Slicer_Variant: #N/A
Name Slicer_Variant1: #N/A

Sheet Ontwerpberekening
A1: Project levensduur
A2: 1
B4: Product-/ Projectvariant | C4: Onderdeel | D4: Omschrijving | E4: Bestaande Situatie of Nieuw Sitautie? | F4: Productgroep | G4: Product | H4: Category | I4: Producttype | J4: Aantal Eenheden | K4: Eenheid | L4: Lengte[m] | M4: Breedte [m] | N4: Dikte [m] | O4: Oppervlakte [m2] | P4: Hoeveelheid [m3] | Q4: Soortelijk gewicht [ton / m3] | R4: Gewicht [ton] | S4: Product levensduur [jaar] | T4: Vervangingen | U4: Onderhoudscylus [jaar] | V4: Onderhoudsbeurten | W4: A4 - Transportafstand naar bouwplaats [km] | X4: A4 - Transportmiddel naar bouwplaats | Y4: A5 - Asfalt Aanlegset | Z4: A5 - Overig Materieel tbv Aanleg | AA4: C1 - Asfalt Verwijderset | AB4: C1 - Overig Materieel tbv Verwijderen | AC4: C2 - Transportafstand naar verwerker [km] | AD4: C2 - Transportmiddel naar verwerker | AE4: C3 - % Verbranding | AF4: C3 - % Recycling | AG4: C3 - Verwerkingsset | AH4: C4 - % stort / verlies | AI4: D - % Hergebruik | AJ4: Uitgangspunten
B5: Open Menggranulaat | C5: Grondontgraving | E5: Bestaande situatie | F5: Ophoogmateriaal | G5: Ophoogmateriaal (Grond) | H5: =_xlfn.IFNA(VLOOKUP(Invoer_Ontwerp[[#This Row],[Product]],Database_Productkaarten[[Product]:[Comment]],64,FALSE),0) -> 3 | I5: =_xlfn.IFNA(VLOOKUP(Invoer_Ontwerp[[#This Row],[Product]],Database_Productkaarten[[Product]:[Producttype]],3,FALSE),0) -> Grond | J5: 440 | K5: =_xlfn.IFNA(VLOOKUP(Invoer_Ontwerp[[#This Row],[Product]],Database_Productkaarten[[#All],[Product]:[Eenheid]],4,FALSE),0) -> m3 | L5: 100 | M5: 5 | N5: 0.88 | O5: =Invoer_Ontwerp[[#This Row],[Lengte'[m']]]*Invoer_Ontwerp[[#This Row],[Breedte '[m']]] -> 500 | P5: =IFERROR(IF(Invoer_Ontwerp[[#This Row],[Oppervlakte '[m2']]]*Invoer_Ontwerp[[#This Row],[Dikte '[m']]]=0,Invoer_Ontwerp[[#This Row],[Gewicht '[ton']]]/Invoer_Ontwerp[[#This Row],[Soortelijk gewicht '[ton / m3']]],Invoer_Ontwerp[[#This Row],[Oppervlakte '[m2']]]*Invoer_Ontwerp[[#This Row],[Dikte '[m']]]),0) -> 440 | Q5: =_xlfn.IFNA(VLOOKUP(Invoer_Ontwerp[[#This Row],[Product]],Database_Productkaarten[[Product]:[Soortelijk Gewicht '[ton / m3']]],11,FALSE),0) -> 1.625 | R5: =_xlfn.IFNA(VLOOKUP(Invoer_Ontwerp[[#This Row],[Product]],Database_Productkaarten[[Product]:[Gewicht '[ton'] / Eenheid]],12,FALSE)*Invoer_Ontwerp[[#This Row],[Aantal Eenheden]],0) -> 715 | S5: =_xlfn.IFNA(VLOOKUP(Invoer_Ontwerp[[#This Row],[Product]],Database_Productkaarten[[Product]:[Levensduur]],14,FALSE),0) -> 100 | T5: =MAX(IFERROR($A$2/Invoer_Ontwerp[[#This Row],[Product levensduur '[jaar']]]-1,0),0) -> 0
B6: Open Menggranulaat | C6: Zandbed | E6: Nieuwe situatie | F6: Ophoogmateriaal | G6: Ophoogmateriaal (Zand) | H6: =_xlfn.IFNA(VLOOKUP(Invoer_Ontwerp[[#This Row],[Product]],Database_Productkaarten[[Product]:[Comment]],64,FALSE),0) -> 3 | I6: =_xlfn.IFNA(VLOOKUP(Invoer_Ontwerp[[#This Row],[Product]],Database_Productkaarten[[Product]:[Producttype]],3,FALSE),0) -> Zand | J6: 175 | K6: =_xlfn.IFNA(VLOOKUP(Invoer_Ontwerp[[#This Row],[Product]],Database_Productkaarten[[#All],[Product]:[Eenheid]],4,FALSE),0) -> m3 | L6: 100 | M6: 5 | N6: 0.35 | O6: =Invoer_Ontwerp[[#This Row],[Lengte'[m']]]*Invoer_Ontwerp[[#This Row],[Breedte '[m']]] -> 500 | P6: =IFERROR(IF(Invoer_Ontwerp[[#This Row],[Oppervlakte '[m2']]]*Invoer_Ontwerp[[#This Row],[Dikte '[m']]]=0,Invoer_Ontwerp[[#This Row],[Gewicht '[ton']]]/Invoer_Ontwerp[[#This Row],[Soortelijk gewicht '[ton / m3']]],Invoer_Ontwerp[[#This Row],[Oppervlakte '[m2']]]*Invoer_Ontwerp[[#This Row],[Dikte '[m']]]),0) -> 175 | Q6: =_xlfn.IFNA(VLOOKUP(Invoer_Ontwerp[[#This Row],[Product]],Database_Productkaarten[[Product]:[Soortelijk Gewicht '[ton / m3']]],11,FALSE),0) -> 1.5 | R6: =_xlfn.IFNA(VLOOKUP(Invoer_Ontwerp[[#This Row],[Product]],Database_Productkaarten[[Product]:[Gewicht '[ton'] / Eenheid]],12,FALSE)*Invoer_Ontwerp[[#This Row],[Aantal Eenheden]],0) -> 262.5 | S6: =_xlfn.IFNA(VLOOKUP(Invoer_Ontwerp[[#This Row],[Product]],Database_Productkaarten[[Product]:[Levensduur]],14,FALSE),0) -> 100 | T6: =MAX(IFERROR($A$2/Invoer_Ontwerp[[#This Row],[Product levensduur '[jaar']]]-1,0),0) -> 0
B7: Open Menggranulaat | C7: Funderingswapening | E7: Nieuwe situatie | F7: Funderingslagen | G7: Geogrid | H7: =_xlfn.IFNA(VLOOKUP(Invoer_Ontwerp[[#This Row],[Product]],Database_Productkaarten[[Product]:[Comment]],64,FALSE),0) -> 3 | I7: =_xlfn.IFNA(VLOOKUP(Invoer_Ontwerp[[#This Row],[Product]],Database_Productkaarten[[Product]:[Producttype]],3,FALSE),0) -> Waterbergende laag | J7: 500 | K7: =_xlfn.IFNA(VLOOKUP(Invoer_Ontwerp[[#This Row],[Product]],Database_Productkaarten[[#All],[Product]:[Eenheid]],4,FALSE),0) -> m2 | L7: 100 | M7: 5 | O7: =Invoer_Ontwerp[[#This Row],[Lengte'[m']]]*Invoer_Ontwerp[[#This Row],[Breedte '[m']]] -> 500 | P7: =IFERROR(IF(Invoer_Ontwerp[[#This Row],[Oppervlakte '[m2']]]*Invoer_Ontwerp[[#This Row],[Dikte '[m']]]=0,Invoer_Ontwerp[[#This Row],[Gewicht '[ton']]]/Invoer_Ontwerp[[#This Row],[Soortelijk gewicht '[ton / m3']]],Invoer_Ontwerp[[#This Row],[Oppervlakte '[m2']]]*Invoer_Ontwerp[[#This Row],[Dikte '[m']]]),0) -> 0 | Q7: =_xlfn.IFNA(VLOOKUP(Invoer_Ontwerp[[#This Row],[Product]],Database_Productkaarten[[Product]:[Soortelijk Gewicht '[ton / m3']]],11,FALSE),0) -> 0 | R7: =_xlfn.IFNA(VLOOKUP(Invoer_Ontwerp[[#This Row],[Product]],Database_Productkaarten[[Product]:[Gewicht '[ton'] / Eenheid]],12,FALSE)*Invoer_Ontwerp[[#This Row],[Aantal Eenheden]],0) -> 127.5 | S7: =_xlfn.IFNA(VLOOKUP(Invoer_Ontwerp[[#This Row],[Product]],Database_Productkaarten[[Product]:[Levensduur]],14,FALSE),0) -> 35 | T7: =MAX(IFERROR($A$2/Invoer_Ontwerp[[#This Row],[Product levensduur '[jaar']]]-1,0),0) -> 0
B8: Open Menggranulaat | C8: Menggranulaat | E8: Nieuwe situatie | F8: Funderingslagen | G8: Menggranulaat 200mm | H8: =_xlfn.IFNA(VLOOKUP(Invoer_Ontwerp[[#This Row],[Product]],Database_Productkaarten[[Product]:[Comment]],64,FALSE),0) -> 3 | I8: =_xlfn.IFNA(VLOOKUP(Invoer_Ontwerp[[#This Row],[Product]],Database_Productkaarten[[Product]:[Producttype]],3,FALSE),0) -> Menggranulaat | J8: 1000 | K8: =_xlfn.IFNA(VLOOKUP(Invoer_Ontwerp[[#This Row],[Product]],Database_Productkaarten[[#All],[Product]:[Eenheid]],4,FALSE),0) -> m2 | L8: 100 | M8: 5 | N8: 0.4 | O8: =Invoer_Ontwerp[[#This Row],[Lengte'[m']]]*Invoer_Ontwerp[[#This Row],[Breedte '[m']]] -> 500 | P8: =IFERROR(IF(Invoer_Ontwerp[[#This Row],[Oppervlakte '[m2']]]*Invoer_Ontwerp[[#This Row],[Dikte '[m']]]=0,Invoer_Ontwerp[[#This Row],[Gewicht '[ton']]]/Invoer_Ontwerp[[#This Row],[Soortelijk gewicht '[ton / m3']]],Invoer_Ontwerp[[#This Row],[Oppervlakte '[m2']]]*Invoer_Ontwerp[[#This Row],[Dikte '[m']]]),0) -> 200 | Q8: =_xlfn.IFNA(VLOOKUP(Invoer_Ontwerp[[#This Row],[Product]],Database_Productkaarten[[Product]:[Soortelijk Gewicht '[ton / m3']]],11,FALSE),0) -> 1.95 | R8: =_xlfn.IFNA(VLOOKUP(Invoer_Ontwerp[[#This Row],[Product]],Database_Productkaarten[[Product]:[Gewicht '[ton'] / Eenheid]],12,FALSE)*Invoer_Ontwerp[[#This Row],[Aantal Eenheden]],0) -> 390 | S8: =_xlfn.IFNA(VLOOKUP(Invoer_Ontwerp[[#This Row],[Product]],Database_Productkaarten[[Product]:[Levensduur]],14,FALSE),0) -> 100 | T8: =MAX(IFERROR($A$2/Invoer_Ontwerp[[#This Row],[Product levensduur '[jaar']]]-1,0),0) -> 0 | AJ8: 400mm dikte niet beschikbaar; 200 mm als uitgangspunten met aantal m2 * 2
B9: Open Menggranulaat | C9: Straatlaag | E9: Nieuwe situatie | F9: Ophoogmateriaal | G9: Ophoogmateriaal (Zand) | H9: =_xlfn.IFNA(VLOOKUP(Invoer_Ontwerp[[#This Row],[Product]],Database_Productkaarten[[Product]:[Comment]],64,FALSE),0) -> 3 | I9: =_xlfn.IFNA(VLOOKUP(Invoer_Ontwerp[[#This Row],[Product]],Database_Productkaarten[[Product]:[Producttype]],3,FALSE),0) -> Zand | J9: 25 | K9: =_xlfn.IFNA(VLOOKUP(Invoer_Ontwerp[[#This Row],[Product]],Database_Productkaarten[[#All],[Product]:[Eenheid]],4,FALSE),0) -> m3 | L9: 100 | M9: 5 | N9: 0.05 | O9: =Invoer_Ontwerp[[#This Row],[Lengte'[m']]]*Invoer_Ontwerp[[#This Row],[Breedte '[m']]] -> 500 | P9: =IFERROR(IF(Invoer_Ontwerp[[#This Row],[Oppervlakte '[m2']]]*Invoer_Ontwerp[[#This Row],[Dikte '[m']]]=0,Invoer_Ontwerp[[#This Row],[Gewicht '[ton']]]/Invoer_Ontwerp[[#This Row],[Soortelijk gewicht '[ton / m3']]],Invoer_Ontwerp[[#This Row],[Oppervlakte '[m2']]]*Invoer_Ontwerp[[#This Row],[Dikte '[m']]]),0) -> 25 | Q9: =_xlfn.IFNA(VLOOKUP(Invoer_Ontwerp[[#This Row],[Product]],Database_Productkaarten[[Product]:[Soortelijk Gewicht '[ton / m3']]],11,FALSE),0) -> 1.5 | R9: =_xlfn.IFNA(VLOOKUP(Invoer_Ontwerp[[#This Row],[Product]],Database_Productkaarten[[Product]:[Gewicht '[ton'] / Eenheid]],12,FALSE)*Invoer_Ontwerp[[#This Row],[Aantal Eenheden]],0) -> 37.5 | S9: =_xlfn.IFNA(VLOOKUP(Invoer_Ontwerp[[#This Row],[Product]],Database_Productkaarten[[Product]:[Levensduur]],14,FALSE),0) -> 100 | T9: =MAX(IFERROR($A$2/Invoer_Ontwerp[[#This Row],[Product levensduur '[jaar']]]-1,0),0) -> 0
B10: Open Menggranulaat | C10: Toplaag | E10: Nieuwe situatie | F10: Elementenverhardingen | G10: Betonstraatsteen 210x105x80 | H10: =_xlfn.IFNA(VLOOKUP(Invoer_Ontwerp[[#This Row],[Product]],Database_Productkaarten[[Product]:[Comment]],64,FALSE),0) -> 3 | I10: =_xlfn.IFNA(VLOOKUP(Invoer_Ontwerp[[#This Row],[Product]],Database_Productkaarten[[Product]:[Producttype]],3,FALSE),0) -> Betonstraatsteen | J10: 500 | K10: =_xlfn.IFNA(VLOOKUP(Invoer_Ontwerp[[#This Row],[Product]],Database_Productkaarten[[#All],[Product]:[Eenheid]],4,FALSE),0) -> m2 | L10: 100 | M10: 5 | N10: 0.08 | O10: =Invoer_Ontwerp[[#This Row],[Lengte'[m']]]*Invoer_Ontwerp[[#This Row],[Breedte '[m']]] -> 500 | P10: =IFERROR(IF(Invoer_Ontwerp[[#This Row],[Oppervlakte '[m2']]]*Invoer_Ontwerp[[#This Row],[Dikte '[m']]]=0,Invoer_Ontwerp[[#This Row],[Gewicht '[ton']]]/Invoer_Ontwerp[[#This Row],[Soortelijk gewicht '[ton / m3']]],Invoer_Ontwerp[[#This Row],[Oppervlakte '[m2']]]*Invoer_Ontwerp[[#This Row],[Dikte '[m']]]),0) -> 40 | Q10: =_xlfn.IFNA(VLOOKUP(Invoer_Ontwerp[[#This Row],[Product]],Database_Productkaarten[[Product]:[Soortelijk Gewicht '[ton / m3']]],11,FALSE),0) -> 2.4 | R10: =_xlfn.IFNA(VLOOKUP(Invoer_Ontwerp[[#This Row],[Product]],Database_Productkaarten[[Product]:[Gewicht '[ton'] / Eenheid]],12,FALSE)*Invoer_Ontwerp[[#This Row],[Aantal Eenheden]],0) -> 89.8 | S10: =_xlfn.IFNA(VLOOKUP(Invoer_Ontwerp[[#This Row],[Product]],Database_Productkaarten[[Product]:[Levensduur]],14,FALSE),0) -> 25 | T10: =MAX(IFERROR($A$2/Invoer_Ontwerp[[#This Row],[Product levensduur '[jaar']]]-1,0),0) -> 0
B11: Open Menggranulaat | C11: Zandbed | E11: Bestaande situatie | F11: Ophoogmateriaal | G11: Ophoogmateriaal (Zand) | H11: =_xlfn.IFNA(VLOOKUP(Invoer_Ontwerp[[#This Row],[Product]],Database_Productkaarten[[Product]:[Comment]],64,FALSE),0) -> 3 | I11: =_xlfn.IFNA(VLOOKUP(Invoer_Ontwerp[[#This Row],[Product]],Database_Productkaarten[[Product]:[Producttype]],3,FALSE),0) -> Zand | J11: 175 | K11: =_xlfn.IFNA(VLOOKUP(Invoer_Ontwerp[[#This Row],[Product]],Database_Productkaarten[[#All],[Product]:[Eenheid]],4,FALSE),0) -> m3 | L11: 100 | M11: 5 | N11: 0.35 | O11: =Invoer_Ontwerp[[#This Row],[Lengte'[m']]]*Invoer_Ontwerp[[#This Row],[Breedte '[m']]] -> 500 | P11: =IFERROR(IF(Invoer_Ontwerp[[#This Row],[Oppervlakte '[m2']]]*Invoer_Ontwerp[[#This Row],[Dikte '[m']]]=0,Invoer_Ontwerp[[#This Row],[Gewicht '[ton']]]/Invoer_Ontwerp[[#This Row],[Soortelijk gewicht '[ton / m3']]],Invoer_Ontwerp[[#This Row],[Oppervlakte '[m2']]]*Invoer_Ontwerp[[#This Row],[Dikte '[m']]]),0) -> 175 | Q11: =_xlfn.IFNA(VLOOKUP(Invoer_Ontwerp[[#This Row],[Product]],Database_Productkaarten[[Product]:[Soortelijk Gewicht '[ton / m3']]],11,FALSE),0) -> 1.5 | R11: =_xlfn.IFNA(VLOOKUP(Invoer_Ontwerp[[#This Row],[Product]],Database_Productkaarten[[Product]:[Gewicht '[ton'] / Eenheid]],12,FALSE)*Invoer_Ontwerp[[#This Row],[Aantal Eenheden]],0) -> 262.5 | S11: =_xlfn.IFNA(VLOOKUP(Invoer_Ontwerp[[#This Row],[Product]],Database_Productkaarten[[Product]:[Levensduur]],14,FALSE),0) -> 100 | T11: =MAX(IFERROR($A$2/Invoer_Ontwerp[[#This Row],[Product levensduur '[jaar']]]-1,0),0) -> 0
B12: Open Menggranulaat | C12: Funderingswapening | E12: Bestaande situatie | F12: Funderingslagen | G12: Geogrid | H12: =_xlfn.IFNA(VLOOKUP(Invoer_Ontwerp[[#This Row],[Product]],Database_Productkaarten[[Product]:[Comment]],64,FALSE),0) -> 3 | I12: =_xlfn.IFNA(VLOOKUP(Invoer_Ontwerp[[#This Row],[Product]],Database_Productkaarten[[Product]:[Producttype]],3,FALSE),0) -> Waterbergende laag | J12: 500 | K12: =_xlfn.IFNA(VLOOKUP(Invoer_Ontwerp[[#This Row],[Product]],Database_Productkaarten[[#All],[Product]:[Eenheid]],4,FALSE),0) -> m2 | L12: 100 | M12: 5 | O12: =Invoer_Ontwerp[[#This Row],[Lengte'[m']]]*Invoer_Ontwerp[[#This Row],[Breedte '[m']]] -> 500 | P12: =IFERROR(IF(Invoer_Ontwerp[[#This Row],[Oppervlakte '[m2']]]*Invoer_Ontwerp[[#This Row],[Dikte '[m']]]=0,Invoer_Ontwerp[[#This Row],[Gewicht '[ton']]]/Invoer_Ontwerp[[#This Row],[Soortelijk gewicht '[ton / m3']]],Invoer_Ontwerp[[#This Row],[Oppervlakte '[m2']]]*Invoer_Ontwerp[[#This Row],[Dikte '[m']]]),0) -> 0 | Q12: =_xlfn.IFNA(VLOOKUP(Invoer_Ontwerp[[#This Row],[Product]],Database_Productkaarten[[Product]:[Soortelijk Gewicht '[ton / m3']]],11,FALSE),0) -> 0 | R12: =_xlfn.IFNA(VLOOKUP(Invoer_Ontwerp[[#This Row],[Product]],Database_Productkaarten[[Product]:[Gewicht '[ton'] / Eenheid]],12,FALSE)*Invoer_Ontwerp[[#This Row],[Aantal Eenheden]],0) -> 127.5 | S12: =_xlfn.IFNA(VLOOKUP(Invoer_Ontwerp[[#This Row],[Product]],Database_Productkaarten[[Product]:[Levensduur]],14,FALSE),0) -> 35 | T12: =MAX(IFERROR($A$2/Invoer_Ontwerp[[#This Row],[Product levensduur '[jaar']]]-1,0),0) -> 0
B13: Open Menggranulaat | C13: Menggranulaat | E13: Bestaande situatie | F13: Funderingslagen | G13: Menggranulaat 200mm | H13: =_xlfn.IFNA(VLOOKUP(Invoer_Ontwerp[[#This Row],[Product]],Database_Productkaarten[[Product]:[Comment]],64,FALSE),0) -> 3 | I13: =_xlfn.IFNA(VLOOKUP(Invoer_Ontwerp[[#This Row],[Product]],Database_Productkaarten[[Product]:[Producttype]],3,FALSE),0) -> Menggranulaat | J13: 1000 | K13: =_xlfn.IFNA(VLOOKUP(Invoer_Ontwerp[[#This Row],[Product]],Database_Productkaarten[[#All],[Product]:[Eenheid]],4,FALSE),0) -> m2 | L13: 100 | M13: 5 | N13: 0.4 | O13: =Invoer_Ontwerp[[#This Row],[Lengte'[m']]]*Invoer_Ontwerp[[#This Row],[Breedte '[m']]] -> 500 | P13: =IFERROR(IF(Invoer_Ontwerp[[#This Row],[Oppervlakte '[m2']]]*Invoer_Ontwerp[[#This Row],[Dikte '[m']]]=0,Invoer_Ontwerp[[#This Row],[Gewicht '[ton']]]/Invoer_Ontwerp[[#This Row],[Soortelijk gewicht '[ton / m3']]],Invoer_Ontwerp[[#This Row],[Oppervlakte '[m2']]]*Invoer_Ontwerp[[#This Row],[Dikte '[m']]]),0) -> 200 | Q13: =_xlfn.IFNA(VLOOKUP(Invoer_Ontwerp[[#This Row],[Product]],Database_Productkaarten[[Product]:[Soortelijk Gewicht '[ton / m3']]],11,FALSE),0) -> 1.95 | R13: =_xlfn.IFNA(VLOOKUP(Invoer_Ontwerp[[#This Row],[Product]],Database_Productkaarten[[Product]:[Gewicht '[ton'] / Eenheid]],12,FALSE)*Invoer_Ontwerp[[#This Row],[Aantal Eenheden]],0) -> 390 | S13: =_xlfn.IFNA(VLOOKUP(Invoer_Ontwerp[[#This Row],[Product]],Database_Productkaarten[[Product]:[Levensduur]],14,FALSE),0) -> 100 | T13: =MAX(IFERROR($A$2/Invoer_Ontwerp[[#This Row],[Product levensduur '[jaar']]]-1,0),0) -> 0
B14: Open Menggranulaat | C14: Straatlaag | E14: Bestaande situatie | F14: Ophoogmateriaal | G14: Ophoogmateriaal (Zand) | H14: =_xlfn.IFNA(VLOOKUP(Invoer_Ontwerp[[#This Row],[Product]],Database_Productkaarten[[Product]:[Comment]],64,FALSE),0) -> 3 | I14: =_xlfn.IFNA(VLOOKUP(Invoer_Ontwerp[[#This Row],[Product]],Database_Productkaarten[[Product]:[Producttype]],3,FALSE),0) -> Zand | J14: 25 | K14: =_xlfn.IFNA(VLOOKUP(Invoer_Ontwerp[[#This Row],[Product]],Database_Productkaarten[[#All],[Product]:[Eenheid]],4,FALSE),0) -> m3 | L14: 100 | M14: 5 | N14: 0.05 | O14: =Invoer_Ontwerp[[#This Row],[Lengte'[m']]]*Invoer_Ontwerp[[#This Row],[Breedte '[m']]] -> 500 | P14: =IFERROR(IF(Invoer_Ontwerp[[#This Row],[Oppervlakte '[m2']]]*Invoer_Ontwerp[[#This Row],[Dikte '[m']]]=0,Invoer_Ontwerp[[#This Row],[Gewicht '[ton']]]/Invoer_Ontwerp[[#This Row],[Soortelijk gewicht '[ton / m3']]],Invoer_Ontwerp[[#This Row],[Oppervlakte '[m2']]]*Invoer_Ontwerp[[#This Row],[Dikte '[m']]]),0) -> 25 | Q14: =_xlfn.IFNA(VLOOKUP(Invoer_Ontwerp[[#This Row],[Product]],Database_Productkaarten[[Product]:[Soortelijk Gewicht '[ton / m3']]],11,FALSE),0) -> 1.5 | R14: =_xlfn.IFNA(VLOOKUP(Invoer_Ontwerp[[#This Row],[Product]],Database_Productkaarten[[Product]:[Gewicht '[ton'] / Eenheid]],12,FALSE)*Invoer_Ontwerp[[#This Row],[Aantal Eenheden]],0) -> 37.5 | S14: =_xlfn.IFNA(VLOOKUP(Invoer_Ontwerp[[#This Row],[Product]],Database_Productkaarten[[Product]:[Levensduur]],14,FALSE),0) -> 100 | T14: =MAX(IFERROR($A$2/Invoer_Ontwerp[[#This Row],[Product levensduur '[jaar']]]-1,0),0) -> 0
B15: Open Menggranulaat | C15: Toplaag | E15: Bestaande situatie | F15: Elementenverhardingen | G15: Betonstraatsteen 210x105x80 | H15: =_xlfn.IFNA(VLOOKUP(Invoer_Ontwerp[[#This Row],[Product]],Database_Productkaarten[[Product]:[Comment]],64,FALSE),0) -> 3 | I15: =_xlfn.IFNA(VLOOKUP(Invoer_Ontwerp[[#This Row],[Product]],Database_Productkaarten[[Product]:[Producttype]],3,FALSE),0) -> Betonstraatsteen | J15: 500 | K15: =_xlfn.IFNA(VLOOKUP(Invoer_Ontwerp[[#This Row],[Product]],Database_Productkaarten[[#All],[Product]:[Eenheid]],4,FALSE),0) -> m2 | L15: 100 | M15: 5 | N15: 0.08 | O15: =Invoer_Ontwerp[[#This Row],[Lengte'[m']]]*Invoer_Ontwerp[[#This Row],[Breedte '[m']]] -> 500 | P15: =IFERROR(IF(Invoer_Ontwerp[[#This Row],[Oppervlakte '[m2']]]*Invoer_Ontwerp[[#This Row],[Dikte '[m']]]=0,Invoer_Ontwerp[[#This Row],[Gewicht '[ton']]]/Invoer_Ontwerp[[#This Row],[Soortelijk gewicht '[ton / m3']]],Invoer_Ontwerp[[#This Row],[Oppervlakte '[m2']]]*Invoer_Ontwerp[[#This Row],[Dikte '[m']]]),0) -> 40 | Q15: =_xlfn.IFNA(VLOOKUP(Invoer_Ontwerp[[#This Row],[Product]],Database_Productkaarten[[Product]:[Soortelijk Gewicht '[ton / m3']]],11,FALSE),0) -> 2.4 | R15: =_xlfn.IFNA(VLOOKUP(Invoer_Ontwerp[[#This Row],[Product]],Database_Productkaarten[[Product]:[Gewicht '[ton'] / Eenheid]],12,FALSE)*Invoer_Ontwerp[[#This Row],[Aantal Eenheden]],0) -> 89.8 | S15: =_xlfn.IFNA(VLOOKUP(Invoer_Ontwerp[[#This Row],[Product]],Database_Productkaarten[[Product]:[Levensduur]],14,FALSE),0) -> 25 | T15: =MAX(IFERROR($A$2/Invoer_Ontwerp[[#This Row],[Product levensduur '[jaar']]]-1,0),0) -> 0
B16: Plastic kratten | C16: Grondontgraving | E16: Bestaande situatie | F16: Ophoogmateriaal | G16: Ophoogmateriaal (Grond) | H16: =_xlfn.IFNA(VLOOKUP(Invoer_Ontwerp[[#This Row],[Product]],Database_Productkaarten[[Product]:[Comment]],64,FALSE),0) -> 3 | I16: =_xlfn.IFNA(VLOOKUP(Invoer_Ontwerp[[#This Row],[Product]],Database_Productkaarten[[Product]:[Producttype]],3,FALSE),0) -> Grond | J16: 490 | K16: =_xlfn.IFNA(VLOOKUP(Invoer_Ontwerp[[#This Row],[Product]],Database_Productkaarten[[#All],[Product]:[Eenheid]],4,FALSE),0) -> m3 | L16: 100 | M16: 5 | N16: 0.98 | O16: =Invoer_Ontwerp[[#This Row],[Lengte'[m']]]*Invoer_Ontwerp[[#This Row],[Breedte '[m']]] -> 500 | P16: =IFERROR(IF(Invoer_Ontwerp[[#This Row],[Oppervlakte '[m2']]]*Invoer_Ontwerp[[#This Row],[Dikte '[m']]]=0,Invoer_Ontwerp[[#This Row],[Gewicht '[ton']]]/Invoer_Ontwerp[[#This Row],[Soortelijk gewicht '[ton / m3']]],Invoer_Ontwerp[[#This Row],[Oppervlakte '[m2']]]*Invoer_Ontwerp[[#This Row],[Dikte '[m']]]),0) -> 490 | Q16: =_xlfn.IFNA(VLOOKUP(Invoer_Ontwerp[[#This Row],[Product]],Database_Productkaarten[[Product]:[Soortelijk Gewicht '[ton / m3']]],11,FALSE),0) -> 1.625 | R16: =_xlfn.IFNA(VLOOKUP(Invoer_Ontwerp[[#This Row],[Product]],Database_Productkaarten[[Product]:[Gewicht '[ton'] / Eenheid]],12,FALSE)*Invoer_Ontwerp[[#This Row],[Aantal Eenheden]],0) -> 796.25 | S16: =_xlfn.IFNA(VLOOKUP(Invoer_Ontwerp[[#This Row],[Product]],Database_Productkaarten[[Product]:[Levensduur]],14,FALSE),0) -> 100 | T16: =MAX(IFERROR($A$2/Invoer_Ontwerp[[#This Row],[Product levensduur '[jaar']]]-1,0),0) -> 0
B17: Plastic kratten | C17: Grondverbetering | E17: Nieuwe situatie | F17: Ophoogmateriaal | G17: Ophoogmateriaal (Zand) | H17: =_xlfn.IFNA(VLOOKUP(Invoer_Ontwerp[[#This Row],[Product]],Database_Productkaarten[[Product]:[Comment]],64,FALSE),0) -> 3 | I17: =_xlfn.IFNA(VLOOKUP(Invoer_Ontwerp[[#This Row],[Product]],Database_Productkaarten[[Product]:[Producttype]],3,FALSE),0) -> Zand | J17: 25 | K17: =_xlfn.IFNA(VLOOKUP(Invoer_Ontwerp[[#This Row],[Product]],Database_Productkaarten[[#All],[Product]:[Eenheid]],4,FALSE),0) -> m3 | L17: 100 | M17: 5 | N17: 0.05 | O17: =Invoer_Ontwerp[[#This Row],[Lengte'[m']]]*Invoer_Ontwerp[[#This Row],[Breedte '[m']]] -> 500 | P17: =IFERROR(IF(Invoer_Ontwerp[[#This Row],[Oppervlakte '[m2']]]*Invoer_Ontwerp[[#This Row],[Dikte '[m']]]=0,Invoer_Ontwerp[[#This Row],[Gewicht '[ton']]]/Invoer_Ontwerp[[#This Row],[Soortelijk gewicht '[ton / m3']]],Invoer_Ontwerp[[#This Row],[Oppervlakte '[m2']]]*Invoer_Ontwerp[[#This Row],[Dikte '[m']]]),0) -> 25 | Q17: =_xlfn.IFNA(VLOOKUP(Invoer_Ontwerp[[#This Row],[Product]],Database_Productkaarten[[Product]:[Soortelijk Gewicht '[ton / m3']]],11,FALSE),0) -> 1.5 | R17: =_xlfn.IFNA(VLOOKUP(Invoer_Ontwerp[[#This Row],[Product]],Database_Productkaarten[[Product]:[Gewicht '[ton'] / Eenheid]],12,FALSE)*Invoer_Ontwerp[[#This Row],[Aantal Eenheden]],0) -> 37.5 | S17: =_xlfn.IFNA(VLOOKUP(Invoer_Ontwerp[[#This Row],[Product]],Database_Productkaarten[[Product]:[Levensduur]],14,FALSE),0) -> 100 | T17: =MAX(IFERROR($A$2/Invoer_Ontwerp[[#This Row],[Product levensduur '[jaar']]]-1,0),0) -> 0
B18: Plastic kratten | C18: Waterbergendelaag | E18: Nieuwe situatie | F18: Funderingslagen | G18: Kunststof Inflitratiekrat | H18: =_xlfn.IFNA(VLOOKUP(Invoer_Ontwerp[[#This Row],[Product]],Database_Productkaarten[[Product]:[Comment]],64,FALSE),0) -> 3 | I18: =_xlfn.IFNA(VLOOKUP(Invoer_Ontwerp[[#This Row],[Product]],Database_Productkaarten[[Product]:[Producttype]],3,FALSE),0) -> Waterbergende laag | J18: 500 | K18: =_xlfn.IFNA(VLOOKUP(Invoer_Ontwerp[[#This Row],[Product]],Database_Productkaarten[[#All],[Product]:[Eenheid]],4,FALSE),0) -> m2 | L18: 100 | M18: 5 | N18: 0.5 | O18: =Invoer_Ontwerp[[#This Row],[Lengte'[m']]]*Invoer_Ontwerp[[#This Row],[Breedte '[m']]] -> 500 | P18: =IFERROR(IF(Invoer_Ontwerp[[#This Row],[Oppervlakte '[m2']]]*Invoer_Ontwerp[[#This Row],[Dikte '[m']]]=0,Invoer_Ontwerp[[#This Row],[Gewicht '[ton']]]/Invoer_Ontwerp[[#This Row],[Soortelijk gewicht '[ton / m3']]],Invoer_Ontwerp[[#This Row],[Oppervlakte '[m2']]]*Invoer_Ontwerp[[#This Row],[Dikte '[m']]]),0) -> 250 | Q18: =_xlfn.IFNA(VLOOKUP(Invoer_Ontwerp[[#This Row],[Product]],Database_Productkaarten[[Product]:[Soortelijk Gewicht '[ton / m3']]],11,FALSE),0) -> 0 | R18: =_xlfn.IFNA(VLOOKUP(Invoer_Ontwerp[[#This Row],[Product]],Database_Productkaarten[[Product]:[Gewicht '[ton'] / Eenheid]],12,FALSE)*Invoer_Ontwerp[[#This Row],[Aantal Eenheden]],0) -> 7 | S18: =_xlfn.IFNA(VLOOKUP(Invoer_Ontwerp[[#This Row],[Product]],Database_Productkaarten[[Product]:[Levensduur]],14,FALSE),0) -> 15 | T18: =MAX(IFERROR($A$2/Invoer_Ontwerp[[#This Row],[Product levensduur '[jaar']]]-1,0),0) -> 0
B19: Plastic kratten | C19: Menggranulaat | E19: Nieuwe situatie | F19: Funderingslagen | G19: Menggranulaat 300mm | H19: =_xlfn.IFNA(VLOOKUP(Invoer_Ontwerp[[#This Row],[Product]],Database_Productkaarten[[Product]:[Comment]],64,FALSE),0) -> 3 | I19: =_xlfn.IFNA(VLOOKUP(Invoer_Ontwerp[[#This Row],[Product]],Database_Productkaarten[[Product]:[Producttype]],3,FALSE),0) -> Menggranulaat | J19: 500 | K19: =_xlfn.IFNA(VLOOKUP(Invoer_Ontwerp[[#This Row],[Product]],Database_Productkaarten[[#All],[Product]:[Eenheid]],4,FALSE),0) -> m2 | L19: 100 | M19: 5 | N19: 0.3 | O19: =Invoer_Ontwerp[[#This Row],[Lengte'[m']]]*Invoer_Ontwerp[[#This Row],[Breedte '[m']]] -> 500 | P19: =IFERROR(IF(Invoer_Ontwerp[[#This Row],[Oppervlakte '[m2']]]*Invoer_Ontwerp[[#This Row],[Dikte '[m']]]=0,Invoer_Ontwerp[[#This Row],[Gewicht '[ton']]]/Invoer_Ontwerp[[#This Row],[Soortelijk gewicht '[ton / m3']]],Invoer_Ontwerp[[#This Row],[Oppervlakte '[m2']]]*Invoer_Ontwerp[[#This Row],[Dikte '[m']]]),0) -> 150 | Q19: =_xlfn.IFNA(VLOOKUP(Invoer_Ontwerp[[#This Row],[Product]],Database_Productkaarten[[Product]:[Soortelijk Gewicht '[ton / m3']]],11,FALSE),0) -> 1.95 | R19: =_xlfn.IFNA(VLOOKUP(Invoer_Ontwerp[[#This Row],[Product]],Database_Productkaarten[[Product]:[Gewicht '[ton'] / Eenheid]],12,FALSE)*Invoer_Ontwerp[[#This Row],[Aantal Eenheden]],0) -> 292.5 | S19: =_xlfn.IFNA(VLOOKUP(Invoer_Ontwerp[[#This Row],[Product]],Database_Productkaarten[[Product]:[Levensduur]],14,FALSE),0) -> 100 | T19: =MAX(IFERROR($A$2/Invoer_Ontwerp[[#This Row],[Product levensduur '[jaar']]]-1,0),0) -> 0
B20: Plastic kratten | C20: Straatlaag | E20: Nieuwe situatie | F20: Ophoogmateriaal | G20: Ophoogmateriaal (Zand) | H20: =_xlfn.IFNA(VLOOKUP(Invoer_Ontwerp[[#This Row],[Product]],Database_Productkaarten[[Product]:[Comment]],64,FALSE),0) -> 3 | I20: =_xlfn.IFNA(VLOOKUP(Invoer_Ontwerp[[#This Row],[Product]],Database_Productkaarten[[Product]:[Producttype]],3,FALSE),0) -> Zand | J20: 25 | K20: =_xlfn.IFNA(VLOOKUP(Invoer_Ontwerp[[#This Row],[Product]],Database_Productkaarten[[#All],[Product]:[Eenheid]],4,FALSE),0) -> m3 | L20: 100 | M20: 5 | N20: 0.05 | O20: =Invoer_Ontwerp[[#This Row],[Lengte'[m']]]*Invoer_Ontwerp[[#This Row],[Breedte '[m']]] -> 500 | P20: =IFERROR(IF(Invoer_Ontwerp[[#This Row],[Oppervlakte '[m2']]]*Invoer_Ontwerp[[#This Row],[Dikte '[m']]]=0,Invoer_Ontwerp[[#This Row],[Gewicht '[ton']]]/Invoer_Ontwerp[[#This Row],[Soortelijk gewicht '[ton / m3']]],Invoer_Ontwerp[[#This Row],[Oppervlakte '[m2']]]*Invoer_Ontwerp[[#This Row],[Dikte '[m']]]),0) -> 25 | Q20: =_xlfn.IFNA(VLOOKUP(Invoer_Ontwerp[[#This Row],[Product]],Database_Productkaarten[[Product]:[Soortelijk Gewicht '[ton / m3']]],11,FALSE),0) -> 1.5 | R20: =_xlfn.IFNA(VLOOKUP(Invoer_Ontwerp[[#This Row],[Product]],Database_Productkaarten[[Product]:[Gewicht '[ton'] / Eenheid]],12,FALSE)*Invoer_Ontwerp[[#This Row],[Aantal Eenheden]],0) -> 37.5 | S20: =_xlfn.IFNA(VLOOKUP(Invoer_Ontwerp[[#This Row],[Product]],Database_Productkaarten[[Product]:[Levensduur]],14,FALSE),0) -> 100 | T20: =MAX(IFERROR($A$2/Invoer_Ontwerp[[#This Row],[Product levensduur '[jaar']]]-1,0),0) -> 0
B21: Plastic kratten | C21: Toplaag | E21: Nieuwe situatie | F21: Elementenverhardingen | G21: Betonstraatsteen 210x105x80 | H21: =_xlfn.IFNA(VLOOKUP(Invoer_Ontwerp[[#This Row],[Product]],Database_Productkaarten[[Product]:[Comment]],64,FALSE),0) -> 3 | I21: =_xlfn.IFNA(VLOOKUP(Invoer_Ontwerp[[#This Row],[Product]],Database_Productkaarten[[Product]:[Producttype]],3,FALSE),0) -> Betonstraatsteen | J21: 500 | K21: =_xlfn.IFNA(VLOOKUP(Invoer_Ontwerp[[#This Row],[Product]],Database_Productkaarten[[#All],[Product]:[Eenheid]],4,FALSE),0) -> m2 | L21: 100 | M21: 5 | N21: 0.08 | O21: =Invoer_Ontwerp[[#This Row],[Lengte'[m']]]*Invoer_Ontwerp[[#This Row],[Breedte '[m']]] -> 500 | P21: =IFERROR(IF(Invoer_Ontwerp[[#This Row],[Oppervlakte '[m2']]]*Invoer_Ontwerp[[#This Row],[Dikte '[m']]]=0,Invoer_Ontwerp[[#This Row],[Gewicht '[ton']]]/Invoer_Ontwerp[[#This Row],[Soortelijk gewicht '[ton / m3']]],Invoer_Ontwerp[[#This Row],[Oppervlakte '[m2']]]*Invoer_Ontwerp[[#This Row],[Dikte '[m']]]),0) -> 40 | Q21: =_xlfn.IFNA(VLOOKUP(Invoer_Ontwerp[[#This Row],[Product]],Database_Productkaarten[[Product]:[Soortelijk Gewicht '[ton / m3']]],11,FALSE),0) -> 2.4 | R21: =_xlfn.IFNA(VLOOKUP(Invoer_Ontwerp[[#This Row],[Product]],Database_Productkaarten[[Product]:[Gewicht '[ton'] / Eenheid]],12,FALSE)*Invoer_Ontwerp[[#This Row],[Aantal Eenheden]],0) -> 89.8 | S21: =_xlfn.IFNA(VLOOKUP(Invoer_Ontwerp[[#This Row],[Product]],Database_Productkaarten[[Product]:[Levensduur]],14,FALSE),0) -> 25 | T21: =MAX(IFERROR($A$2/Invoer_Ontwerp[[#This Row],[Product levensduur '[jaar']]]-1,0),0) -> 0
B22: Plastic kratten | C22: Grondverbetering | E22: Bestaande situatie | F22: Ophoogmateriaal | G22: Ophoogmateriaal (Zand) | H22: =_xlfn.IFNA(VLOOKUP(Invoer_Ontwerp[[#This Row],[Product]],Database_Productkaarten[[Product]:[Comment]],64,FALSE),0) -> 3 | I22: =_xlfn.IFNA(VLOOKUP(Invoer_Ontwerp[[#This Row],[Product]],Database_Productkaarten[[Product]:[Producttype]],3,FALSE),0) -> Zand | J22: 25 | K22: =_xlfn.IFNA(VLOOKUP(Invoer_Ontwerp[[#This Row],[Product]],Database_Productkaarten[[#All],[Product]:[Eenheid]],4,FALSE),0) -> m3 | L22: 100 | M22: 5 | N22: 0.05 | O22: =Invoer_Ontwerp[[#This Row],[Lengte'[m']]]*Invoer_Ontwerp[[#This Row],[Breedte '[m']]] -> 500 | P22: =IFERROR(IF(Invoer_Ontwerp[[#This Row],[Oppervlakte '[m2']]]*Invoer_Ontwerp[[#This Row],[Dikte '[m']]]=0,Invoer_Ontwerp[[#This Row],[Gewicht '[ton']]]/Invoer_Ontwerp[[#This Row],[Soortelijk gewicht '[ton / m3']]],Invoer_Ontwerp[[#This Row],[Oppervlakte '[m2']]]*Invoer_Ontwerp[[#This Row],[Dikte '[m']]]),0) -> 25 | Q22: =_xlfn.IFNA(VLOOKUP(Invoer_Ontwerp[[#This Row],[Product]],Database_Productkaarten[[Product]:[Soortelijk Gewicht '[ton / m3']]],11,FALSE),0) -> 1.5 | R22: =_xlfn.IFNA(VLOOKUP(Invoer_Ontwerp[[#This Row],[Product]],Database_Productkaarten[[Product]:[Gewicht '[ton'] / Eenheid]],12,FALSE)*Invoer_Ontwerp[[#This Row],[Aantal Eenheden]],0) -> 37.5 | S22: =_xlfn.IFNA(VLOOKUP(Invoer_Ontwerp[[#This Row],[Product]],Database_Productkaarten[[Product]:[Levensduur]],14,FALSE),0) -> 100 | T22: =MAX(IFERROR($A$2/Invoer_Ontwerp[[#This Row],[Product levensduur '[jaar']]]-1,0),0) -> 0
B23: Plastic kratten | C23: Waterbergendelaag | E23: Bestaande situatie | F23: Funderingslagen | G23: Kunststof Inflitratiekrat | H23: =_xlfn.IFNA(VLOOKUP(Invoer_Ontwerp[[#This Row],[Product]],Database_Productkaarten[[Product]:[Comment]],64,FALSE),0) -> 3 | I23: =_xlfn.IFNA(VLOOKUP(Invoer_Ontwerp[[#This Row],[Product]],Database_Productkaarten[[Product]:[Producttype]],3,FALSE),0) -> Waterbergende laag | J23: 500 | K23: =_xlfn.IFNA(VLOOKUP(Invoer_Ontwerp[[#This Row],[Product]],Database_Productkaarten[[#All],[Product]:[Eenheid]],4,FALSE),0) -> m2 | L23: 100 | M23: 5 | N23: 0.5 | O23: =Invoer_Ontwerp[[#This Row],[Lengte'[m']]]*Invoer_Ontwerp[[#This Row],[Breedte '[m']]] -> 500 | P23: =IFERROR(IF(Invoer_Ontwerp[[#This Row],[Oppervlakte '[m2']]]*Invoer_Ontwerp[[#This Row],[Dikte '[m']]]=0,Invoer_Ontwerp[[#This Row],[Gewicht '[ton']]]/Invoer_Ontwerp[[#This Row],[Soortelijk gewicht '[ton / m3']]],Invoer_Ontwerp[[#This Row],[Oppervlakte '[m2']]]*Invoer_Ontwerp[[#This Row],[Dikte '[m']]]),0) -> 250 | Q23: =_xlfn.IFNA(VLOOKUP(Invoer_Ontwerp[[#This Row],[Product]],Database_Productkaarten[[Product]:[Soortelijk Gewicht '[ton / m3']]],11,FALSE),0) -> 0 | R23: =_xlfn.IFNA(VLOOKUP(Invoer_Ontwerp[[#This Row],[Product]],Database_Productkaarten[[Product]:[Gewicht '[ton'] / Eenheid]],12,FALSE)*Invoer_Ontwerp[[#This Row],[Aantal Eenheden]],0) -> 7 | S23: =_xlfn.IFNA(VLOOKUP(Invoer_Ontwerp[[#This Row],[Product]],Database_Productkaarten[[Product]:[Levensduur]],14,FALSE),0) -> 15 | T23: =MAX(IFERROR($A$2/Invoer_Ontwerp[[#This Row],[Product levensduur '[jaar']]]-1,0),0) -> 0
B24: Plastic kratten | C24: Menggranulaat | E24: Bestaande situatie | F24: Funderingslagen | G24: Menggranulaat 300mm | H24: =_xlfn.IFNA(VLOOKUP(Invoer_Ontwerp[[#This Row],[Product]],Database_Productkaarten[[Product]:[Comment]],64,FALSE),0) -> 3 | I24: =_xlfn.IFNA(VLOOKUP(Invoer_Ontwerp[[#This Row],[Product]],Database_Productkaarten[[Product]:[Producttype]],3,FALSE),0) -> Menggranulaat | J24: 500 | K24: =_xlfn.IFNA(VLOOKUP(Invoer_Ontwerp[[#This Row],[Product]],Database_Productkaarten[[#All],[Product]:[Eenheid]],4,FALSE),0) -> m2 | L24: 100 | M24: 5 | N24: 0.3 | O24: =Invoer_Ontwerp[[#This Row],[Lengte'[m']]]*Invoer_Ontwerp[[#This Row],[Breedte '[m']]] -> 500 | P24: =IFERROR(IF(Invoer_Ontwerp[[#This Row],[Oppervlakte '[m2']]]*Invoer_Ontwerp[[#This Row],[Dikte '[m']]]=0,Invoer_Ontwerp[[#This Row],[Gewicht '[ton']]]/Invoer_Ontwerp[[#This Row],[Soortelijk gewicht '[ton / m3']]],Invoer_Ontwerp[[#This Row],[Oppervlakte '[m2']]]*Invoer_Ontwerp[[#This Row],[Dikte '[m']]]),0) -> 150 | Q24: =_xlfn.IFNA(VLOOKUP(Invoer_Ontwerp[[#This Row],[Product]],Database_Productkaarten[[Product]:[Soortelijk Gewicht '[ton / m3']]],11,FALSE),0) -> 1.95 | R24: =_xlfn.IFNA(VLOOKUP(Invoer_Ontwerp[[#This Row],[Product]],Database_Productkaarten[[Product]:[Gewicht '[ton'] / Eenheid]],12,FALSE)*Invoer_Ontwerp[[#This Row],[Aantal Eenheden]],0) -> 292.5 | S24: =_xlfn.IFNA(VLOOKUP(Invoer_Ontwerp[[#This Row],[Product]],Database_Productkaarten[[Product]:[Levensduur]],14,FALSE),0) -> 100 | T24: =MAX(IFERROR($A$2/Invoer_Ontwerp[[#This Row],[Product levensduur '[jaar']]]-1,0),0) -> 0
... B37: Rockwool | C37: Toplaag | E37: Bestaande situatie | F37: Elementenverhardingen | G37: Betonstraatsteen 210x105x80 | H37: =_xlfn.IFNA(VLOOKUP(Invoer_Ontwerp[[#This Row],[Product]],Database_Productkaarten[[Product]:[Comment]],64,FALSE),0) -> 3 | I37: =_xlfn.IFNA(VLOOKUP(Invoer_Ontwerp[[#This Row],[Product]],Database_Productkaarten[[Product]:[Producttype]],3,FALSE),0) -> Betonstraatsteen | J37: 500 | K37: =_xlfn.IFNA(VLOOKUP(Invoer_Ontwerp[[#This Row],[Product]],Database_Productkaarten[[#All],[Product]:[Eenheid]],4,FALSE),0) -> m2 | L37: 100 | M37: 5 | N37: 0.08 | O37: =Invoer_Ontwerp[[#This Row],[Lengte'[m']]]*Invoer_Ontwerp[[#This Row],[Breedte '[m']]] -> 500 | P37: =IFERROR(IF(Invoer_Ontwerp[[#This Row],[Oppervlakte '[m2']]]*Invoer_Ontwerp[[#This Row],[Dikte '[m']]]=0,Invoer_Ontwerp[[#This Row],[Gewicht '[ton']]]/Invoer_Ontwerp[[#This Row],[Soortelijk gewicht '[ton / m3']]],Invoer_Ontwerp[[#This Row],[Oppervlakte '[m2']]]*Invoer_Ontwerp[[#This Row],[Dikte '[m']]]),0) -> 40 | Q37: =_xlfn.IFNA(VLOOKUP(Invoer_Ontwerp[[#This Row],[Product]],Database_Productkaarten[[Product]:[Soortelijk Gewicht '[ton / m3']]],11,FALSE),0) -> 2.4 | R37: =_xlfn.IFNA(VLOOKUP(Invoer_Ontwerp[[#This Row],[Product]],Database_Productkaarten[[Product]:[Gewicht '[ton'] / Eenheid]],12,FALSE)*Invoer_Ontwerp[[#This Row],[Aantal Eenheden]],0) -> 89.8 | S37: =_xlfn.IFNA(VLOOKUP(Invoer_Ontwerp[[#This Row],[Product]],Database_Productkaarten[[Product]:[Levensduur]],14,FALSE),0) -> 25 | T37: =MAX(IFERROR($A$2/Invoer_Ontwerp[[#This Row],[Product levensduur '[jaar']]]-1,0),0) -> 0
H38: =_xlfn.IFNA(VLOOKUP(Invoer_Ontwerp[[#This Row],[Product]],Database_Productkaarten[[Product]:[Comment]],64,FALSE),0) -> 0 | I38: =_xlfn.IFNA(VLOOKUP(Invoer_Ontwerp[[#This Row],[Product]],Database_Productkaarten[[Product]:[Producttype]],3,FALSE),0) -> 0 | J38: 1 | K38: =_xlfn.IFNA(VLOOKUP(Invoer_Ontwerp[[#This Row],[Product]],Database_Productkaarten[[#All],[Product]:[Eenheid]],4,FALSE),0) -> 0 | O38: =Invoer_Ontwerp[[#This Row],[Lengte'[m']]]*Invoer_Ontwerp[[#This Row],[Breedte '[m']]] -> 0 | P38: =IFERROR(IF(Invoer_Ontwerp[[#This Row],[Oppervlakte '[m2']]]*Invoer_Ontwerp[[#This Row],[Dikte '[m']]]=0,Invoer_Ontwerp[[#This Row],[Gewicht '[ton']]]/Invoer_Ontwerp[[#This Row],[Soortelijk gewicht '[ton / m3']]],Invoer_Ontwerp[[#This Row],[Oppervlakte '[m2']]]*Invoer_Ontwerp[[#This Row],[Dikte '[m']]]),0) -> 0 | Q38: =_xlfn.IFNA(VLOOKUP(Invoer_Ontwerp[[#This Row],[Product]],Database_Productkaarten[[Product]:[Soortelijk Gewicht '[ton / m3']]],11,FALSE),0) -> 0 | R38: =_xlfn.IFNA(VLOOKUP(Invoer_Ontwerp[[#This Row],[Product]],Database_Productkaarten[[Product]:[Gewicht '[ton'] / Eenheid]],12,FALSE)*Invoer_Ontwerp[[#This Row],[Aantal Eenheden]],0) -> 0 | S38: =_xlfn.IFNA(VLOOKUP(Invoer_Ontwerp[[#This Row],[Product]],Database_Productkaarten[[Product]:[Levensduur]],14,FALSE),0) -> 0 | T38: =MAX(IFERROR($A$2/Invoer_Ontwerp[[#This Row],[Product levensduur '[jaar']]]-1,0),0) -> 0
H39: =_xlfn.IFNA(VLOOKUP(Invoer_Ontwerp[[#This Row],[Product]],Database_Productkaarten[[Product]:[Comment]],64,FALSE),0) -> 0 | I39: =_xlfn.IFNA(VLOOKUP(Invoer_Ontwerp[[#This Row],[Product]],Database_Productkaarten[[Product]:[Producttype]],3,FALSE),0) -> 0 | J39: 1 | K39: =_xlfn.IFNA(VLOOKUP(Invoer_Ontwerp[[#This Row],[Product]],Database_Productkaarten[[#All],[Product]:[Eenheid]],4,FALSE),0) -> 0 | O39: =Invoer_Ontwerp[[#This Row],[Lengte'[m']]]*Invoer_Ontwerp[[#This Row],[Breedte '[m']]] -> 0 | P39: =IFERROR(IF(Invoer_Ontwerp[[#This Row],[Oppervlakte '[m2']]]*Invoer_Ontwerp[[#This Row],[Dikte '[m']]]=0,Invoer_Ontwerp[[#This Row],[Gewicht '[ton']]]/Invoer_Ontwerp[[#This Row],[Soortelijk gewicht '[ton / m3']]],Invoer_Ontwerp[[#This Row],[Oppervlakte '[m2']]]*Invoer_Ontwerp[[#This Row],[Dikte '[m']]]),0) -> 0 | Q39: =_xlfn.IFNA(VLOOKUP(Invoer_Ontwerp[[#This Row],[Product]],Database_Productkaarten[[Product]:[Soortelijk Gewicht '[ton / m3']]],11,FALSE),0) -> 0 | R39: =_xlfn.IFNA(VLOOKUP(Invoer_Ontwerp[[#This Row],[Product]],Database_Productkaarten[[Product]:[Gewicht '[ton'] / Eenheid]],12,FALSE)*Invoer_Ontwerp[[#This Row],[Aantal Eenheden]],0) -> 0 | S39: =_xlfn.IFNA(VLOOKUP(Invoer_Ontwerp[[#This Row],[Product]],Database_Productkaarten[[Product]:[Levensduur]],14,FALSE),0) -> 0 | T39: =MAX(IFERROR($A$2/Invoer_Ontwerp[[#This Row],[Product levensduur '[jaar']]]-1,0),0) -> 0
H40: =_xlfn.IFNA(VLOOKUP(Invoer_Ontwerp[[#This Row],[Product]],Database_Productkaarten[[Product]:[Comment]],64,FALSE),0) -> 0 | I40: =_xlfn.IFNA(VLOOKUP(Invoer_Ontwerp[[#This Row],[Product]],Database_Productkaarten[[Product]:[Producttype]],3,FALSE),0) -> 0 | J40: 1 | K40: =_xlfn.IFNA(VLOOKUP(Invoer_Ontwerp[[#This Row],[Product]],Database_Productkaarten[[#All],[Product]:[Eenheid]],4,FALSE),0) -> 0 | O40: =Invoer_Ontwerp[[#This Row],[Lengte'[m']]]*Invoer_Ontwerp[[#This Row],[Breedte '[m']]] -> 0 | P40: =IFERROR(IF(Invoer_Ontwerp[[#This Row],[Oppervlakte '[m2']]]*Invoer_Ontwerp[[#This Row],[Dikte '[m']]]=0,Invoer_Ontwerp[[#This Row],[Gewicht '[ton']]]/Invoer_Ontwerp[[#This Row],[Soortelijk gewicht '[ton / m3']]],Invoer_Ontwerp[[#This Row],[Oppervlakte '[m2']]]*Invoer_Ontwerp[[#This Row],[Dikte '[m']]]),0) -> 0 | Q40: =_xlfn.IFNA(VLOOKUP(Invoer_Ontwerp[[#This Row],[Product]],Database_Productkaarten[[Product]:[Soortelijk Gewicht '[ton / m3']]],11,FALSE),0) -> 0 | R40: =_xlfn.IFNA(VLOOKUP(Invoer_Ontwerp[[#This Row],[Product]],Database_Productkaarten[[Product]:[Gewicht '[ton'] / Eenheid]],12,FALSE)*Invoer_Ontwerp[[#This Row],[Aantal Eenheden]],0) -> 0 | S40: =_xlfn.IFNA(VLOOKUP(Invoer_Ontwerp[[#This Row],[Product]],Database_Productkaarten[[Product]:[Levensduur]],14,FALSE),0) -> 0 | T40: =MAX(IFERROR($A$2/Invoer_Ontwerp[[#This Row],[Product levensduur '[jaar']]]-1,0),0) -> 0
H41: =_xlfn.IFNA(VLOOKUP(Invoer_Ontwerp[[#This Row],[Product]],Database_Productkaarten[[Product]:[Comment]],64,FALSE),0) -> 0 | I41: =_xlfn.IFNA(VLOOKUP(Invoer_Ontwerp[[#This Row],[Product]],Database_Productkaarten[[Product]:[Producttype]],3,FALSE),0) -> 0 | J41: 1 | K41: =_xlfn.IFNA(VLOOKUP(Invoer_Ontwerp[[#This Row],[Product]],Database_Productkaarten[[#All],[Product]:[Eenheid]],4,FALSE),0) -> 0 | O41: =Invoer_Ontwerp[[#This Row],[Lengte'[m']]]*Invoer_Ontwerp[[#This Row],[Breedte '[m']]] -> 0 | P41: =IFERROR(IF(Invoer_Ontwerp[[#This Row],[Oppervlakte '[m2']]]*Invoer_Ontwerp[[#This Row],[Dikte '[m']]]=0,Invoer_Ontwerp[[#This Row],[Gewicht '[ton']]]/Invoer_Ontwerp[[#This Row],[Soortelijk gewicht '[ton / m3']]],Invoer_Ontwerp[[#This Row],[Oppervlakte '[m2']]]*Invoer_Ontwerp[[#This Row],[Dikte '[m']]]),0) -> 0 | Q41: =_xlfn.IFNA(VLOOKUP(Invoer_Ontwerp[[#This Row],[Product]],Database_Productkaarten[[Product]:[Soortelijk Gewicht '[ton / m3']]],11,FALSE),0) -> 0 | R41: =_xlfn.IFNA(VLOOKUP(Invoer_Ontwerp[[#This Row],[Product]],Database_Productkaarten[[Product]:[Gewicht '[ton'] / Eenheid]],12,FALSE)*Invoer_Ontwerp[[#This Row],[Aantal Eenheden]],0) -> 0 | S41: =_xlfn.IFNA(VLOOKUP(Invoer_Ontwerp[[#This Row],[Product]],Database_Productkaarten[[Product]:[Levensduur]],14,FALSE),0) -> 0 | T41: =MAX(IFERROR($A$2/Invoer_Ontwerp[[#This Row],[Product levensduur '[jaar']]]-1,0),0) -> 0
AK50: =Ontwerp_Backlog!AC4 -> Open Menggranulaat | AL50: =SUM(Ontwerp_Backlog!AD4:AQ4) -> 3399.0552
AK51: =Ontwerp_Backlog!AC5 -> Plastic kratten | AL51: =SUM(Ontwerp_Backlog!AD5:AQ5) -> 5675.4435
AK52: =Ontwerp_Backlog!AC6 -> Rockwool | AL52: =SUM(Ontwerp_Backlog!AD6:AQ6) -> 2511.4815
AK53: =Ontwerp_Backlog!AC7 -> Grand Total | AL53: =SUM(Ontwerp_Backlog!AD7:AQ7) -> 11585.98
E67: CO2 project totaal (ton)
E68: =SUM(Referentie_CO2_Totaal[[#Totals],[A1]:[D2]])/1000 -> 884.0972
E70: Grondstoffengebruik (ton)
E77: =Referentie_Materiaal_Totaal[[#Totals],[Primair materiaalverbruik '[ton']]]+Referentie_Materiaal_Totaal[[#Totals],[Primair materiaalverbruik Vervangingen '[ton']]] -> 12406.896
E78: =Referentie_Materiaal_Totaal[[#Totals],[Secundair materiaalverbruik '[ton']]]+Referentie_Materiaal_Totaal[[#Totals],[Secundair materiaalverbruik Vervangingen '[ton']]] -> 94414.092
E79: =E77+E78 -> 106820.99
E85: Energiegebruik (GJ)
E86: =SUM(Referentie_Hernieuwbare_Energie_Totaal[[#Totals],[A1]:[D2]])/1000 -> 411.4248 | H86: Hernieuwbaar
E87: =SUM(Referentie_Fossiele_Energie_Totaal[[#Totals],[A1]:[D2]])/1000 -> 9648.9648 | H87: Fossiel
E88: =E86+E87 -> 10060.39 | H88: Totaal Energie

Sheet Ontwerp_Backlog
CH1: Variant | CI1: (Multiple Items)
B2: MKI project totaal (€) | BJ2: Product | BK2: (All)
B3: Variant | C3: Onderdeel | D3: Product | E3: A1 | F3: A2 | G3: A3 | H3: A1-A3 | I3: A4 | J3: A5 | K3: B1 | L3: B3 | M3: B4 | N3: C1 | O3: C2 | P3: C3 | Q3: C4 | R3: D1 | S3: D2 | T3: D | U3: Totaal | AC3: Row Labels | AD3: Sum of A1-A3 | AE3: Sum of A4 | AF3: Sum of A5 | AG3: Sum of B1 | AH3: Sum of B3 | AI3: Sum of B4 | AJ3: Sum of C1 | AK3: Sum of C2 | AL3: Sum of C3 | AM3: Sum of C4 | AN3: Sum of D | CH3: Row Labels | CI3: Sum of A1-A3 | CJ3: Sum of A4 | CK3: Sum of A5 | CL3: Sum of B1 | CM3: Sum of B3 | CN3: Sum of B4 | CO3: Sum of C1 | CP3: Sum of C2 | CQ3: Sum of C3 | CR3: Sum of C4 | CS3: Sum of D
B4: =Ontwerpberekening!B5 -> Open Menggranulaat | C4: =Ontwerpberekening!C5 -> Grondontgraving | D4: =Ontwerpberekening!G5 -> Ophoogmateriaal (Grond) | E4: =(IF(Ontwerpberekening!E5="Nieuwe Situatie",(_xlfn.IFNA(VLOOKUP(Ontwerp_MKI_Totaal[[#This Row],[Product]]&", "&Ontwerp_MKI_Totaal[[#Headers],[A1]],Database_Productkaarten[#All],14,FALSE),0)*Ontwerpberekening!J5),0))/Ontwerpberekening!$A$2 -> 0 | F4: =(IF(Ontwerpberekening!E5="Nieuwe Situatie",(_xlfn.IFNA(VLOOKUP(Ontwerp_MKI_Totaal[[#This Row],[Product]]&", "&Ontwerp_MKI_Totaal[[#Headers],[A2]],Database_Productkaarten[#All],14,FALSE),0)*Ontwerpberekening!J5),0))/Ontwerpberekening!$A$2 -> 0 | G4: =(IF(Ontwerpberekening!E5="Nieuwe Situatie",(_xlfn.IFNA(VLOOKUP(Ontwerp_MKI_Totaal[[#This Row],[Product]]&", "&Ontwerp_MKI_Totaal[[#Headers],[A3]],Database_Productkaarten[#All],14,FALSE),0)*Ontwerpberekening!J5),0))/Ontwerpberekening!$A$2 -> 0 | H4: =(IF(Ontwerpberekening!E5="Nieuwe Situatie",(_xlfn.IFNA(VLOOKUP(Ontwerp_MKI_Totaal[[#This Row],[Product]]&", "&Ontwerp_MKI_Totaal[[#Headers],[A1-A3]],Database_Productkaarten[#All],14,FALSE),0)*Ontwerpberekening!J5),0))/Ontwerpberekening!$A$2 -> 0 | I4: =(IF(Ontwerpberekening!E5="Nieuwe Situatie",(_xlfn.IFNA(VLOOKUP(Ontwerp_MKI_Totaal[[#This Row],[Product]]&", "&Ontwerp_MKI_Totaal[[#Headers],[A4]],Database_Productkaarten[#All],14,FALSE),0)*Ontwerpberekening!R5),0))/Ontwerpberekening!$A$2 -> 0 | J4: =(IF(Ontwerpberekening!E5="Nieuwe Situatie",(_xlfn.IFNA(VLOOKUP(Ontwerp_MKI_Totaal[[#This Row],[Product]]&", "&Ontwerp_MKI_Totaal[[#Headers],[A5]],Database_Productkaarten[#All],14,FALSE),0)*Ontwerpberekening!J5),0))/Ontwerpberekening!$A$2 -> 0 | K4: =(IF(Ontwerpberekening!E5="Nieuwe Situatie",(_xlfn.IFNA(VLOOKUP(Ontwerp_MKI_Totaal[[#This Row],[Product]]&", "&Ontwerp_MKI_Totaal[[#Headers],[B1]],Database_Productkaarten[#All],14,FALSE),0)*Ontwerpberekening!J5),0))/Ontwerpberekening!$A$2 -> 0 | L4: =(IF(Ontwerpberekening!E5="Nieuwe Situatie",(_xlfn.IFNA(VLOOKUP(Ontwerp_MKI_Totaal[[#This Row],[Product]]&", "&Ontwerp_MKI_Totaal[[#Headers],[B3]],Database_Productkaarten[#All],14,FALSE),0)*Ontwerpberekening!J5),0))/Ontwerpberekening!$A$2 -> 0 | M4: =(IF(Ontwerpberekening!E5="Nieuwe Situatie",(SUM(Ontwerp_MKI_Totaal[[#This Row],[A1]:[B1]],Ontwerp_MKI_Totaal[[#This Row],[C1]:[D2]])*Ontwerpberekening!T5),0)) -> 0 | N4: =(IF(Ontwerpberekening!E5="Bestaande Situatie",(_xlfn.IFNA(VLOOKUP(Ontwerp_MKI_Totaal[[#This Row],[Product]]&", "&Ontwerp_MKI_Totaal[[#Headers],[C1]],Database_Productkaarten[#All],14,FALSE),0)*Ontwerpberekening!J5),0))/Ontwerpberekening!$A$2 -> 31.6448 | O4: =(IF(Ontwerpberekening!E5="Bestaande Situatie",(_xlfn.IFNA(VLOOKUP(Ontwerp_MKI_Totaal[[#This Row],[Product]]&", "&Ontwerp_MKI_Totaal[[#Headers],[C2]],Database_Productkaarten[#All],14,FALSE),0)*Ontwerpberekening!R5),0))/Ontwerpberekening!$A$2 -> 556.21995 | P4: =(IF(Ontwerpberekening!E5="Bestaande Situatie",(_xlfn.IFNA(VLOOKUP(Ontwerp_MKI_Totaal[[#This Row],[Product]]&", "&Ontwerp_MKI_Totaal[[#Headers],[C3]],Database_Productkaarten[#All],14,FALSE),0)*Ontwerpberekening!J5),0))/Ontwerpberekening!$A$2 -> 0 | Q4: =(IF(Ontwerpberekening!E5="Bestaande Situatie",(_xlfn.IFNA(VLOOKUP(Ontwerp_MKI_Totaal[[#This Row],[Product]]&", "&Ontwerp_MKI_Totaal[[#Headers],[C4]],Database_Productkaarten[#All],14,FALSE),0)*Ontwerpberekening!J5),0))/Ontwerpberekening!$A$2 -> 5.3152 | R4: =(IF(Ontwerpberekening!E5="Bestaande Situatie",(_xlfn.IFNA(VLOOKUP(Ontwerp_MKI_Totaal[[#This Row],[Product]]&", "&Ontwerp_MKI_Totaal[[#Headers],[D1]],Database_Productkaarten[#All],14,FALSE),0)*Ontwerpberekening!J5),0))/Ontwerpberekening!$A$2 -> 0 | S4: =(IF(Ontwerpberekening!E5="Bestaande Situatie",(_xlfn.IFNA(VLOOKUP(Ontwerp_MKI_Totaal[[#This Row],[Product]]&", "&Ontwerp_MKI_Totaal[[#Headers],[D2]],Database_Productkaarten[#All],14,FALSE),0)*Ontwerpberekening!J5),0))/Ontwerpberekening!$A$2 -> 0 | T4: =(IF(Ontwerpberekening!E5="Bestaande Situatie",(_xlfn.IFNA(VLOOKUP(Ontwerp_MKI_Totaal[[#This Row],[Product]]&", "&Ontwerp_MKI_Totaal[[#Headers],[D]],Database_Productkaarten[#All],14,FALSE),0)*Ontwerpberekening!J5),0))/Ontwerpberekening!$A$2 -> 0 | U4: =SUM(Ontwerp_MKI_Totaal[[#This Row],[A1-A3]:[C4]])+Ontwerp_MKI_Totaal[[#This Row],[D]] -> 593.17995 | AC4: Open Menggranulaat | AD4: 1372.0571 | AE4: 323.80387 | AF4: 538.82961 | AG4: 27.49 | AH4: 269.37365 | AI4: 0 | AJ4: 244.8644 | AK4: 785.84752 | AL4: 21.417488 | AM4: 24.013711 | AN4: -208.64211 | BJ4: Sum of Totaal | BK4: Column Labels | CH4: Funderingswapening | CI4: 32.073077 | CJ4: 0.078413553 | CK4: 232.69064 | CL4: 0 | CM4: 0 | CN4: 0 | CO4: 104.18983 | CP4: 0.056196379 | CQ4: 7.0133439 | CR4: 12.911591 | CS4: -7.8846214
B5: =Ontwerpberekening!B6 -> Open Menggranulaat | C5: =Ontwerpberekening!C6 -> Zandbed | D5: =Ontwerpberekening!G6 -> Ophoogmateriaal (Zand) | E5: =(IF(Ontwerpberekening!E6="Nieuwe Situatie",(_xlfn.IFNA(VLOOKUP(Ontwerp_MKI_Totaal[[#This Row],[Product]]&", "&Ontwerp_MKI_Totaal[[#Headers],[A1]],Database_Productkaarten[#All],14,FALSE),0)*Ontwerpberekening!J6),0))/Ontwerpberekening!$A$2 -> 0 | F5: =(IF(Ontwerpberekening!E6="Nieuwe Situatie",(_xlfn.IFNA(VLOOKUP(Ontwerp_MKI_Totaal[[#This Row],[Product]]&", "&Ontwerp_MKI_Totaal[[#Headers],[A2]],Database_Productkaarten[#All],14,FALSE),0)*Ontwerpberekening!J6),0))/Ontwerpberekening!$A$2 -> 0 | G5: =(IF(Ontwerpberekening!E6="Nieuwe Situatie",(_xlfn.IFNA(VLOOKUP(Ontwerp_MKI_Totaal[[#This Row],[Product]]&", "&Ontwerp_MKI_Totaal[[#Headers],[A3]],Database_Productkaarten[#All],14,FALSE),0)*Ontwerpberekening!J6),0))/Ontwerpberekening!$A$2 -> 0 | H5: =(IF(Ontwerpberekening!E6="Nieuwe Situatie",(_xlfn.IFNA(VLOOKUP(Ontwerp_MKI_Totaal[[#This Row],[Product]]&", "&Ontwerp_MKI_Totaal[[#Headers],[A1-A3]],Database_Productkaarten[#All],14,FALSE),0)*Ontwerpberekening!J6),0))/Ontwerpberekening!$A$2 -> 392.4235 | I5: =(IF(Ontwerpberekening!E6="Nieuwe Situatie",(_xlfn.IFNA(VLOOKUP(Ontwerp_MKI_Totaal[[#This Row],[Product]]&", "&Ontwerp_MKI_Totaal[[#Headers],[A4]],Database_Productkaarten[#All],14,FALSE),0)*Ontwerpberekening!R6),0))/Ontwerpberekening!$A$2 -> 186.63225 | J5: =(IF(Ontwerpberekening!E6="Nieuwe Situatie",(_xlfn.IFNA(VLOOKUP(Ontwerp_MKI_Totaal[[#This Row],[Product]]&", "&Ontwerp_MKI_Totaal[[#Headers],[A5]],Database_Productkaarten[#All],14,FALSE),0)*Ontwerpberekening!J6),0))/Ontwerpberekening!$A$2 -> 38.9795 | K5: =(IF(Ontwerpberekening!E6="Nieuwe Situatie",(_xlfn.IFNA(VLOOKUP(Ontwerp_MKI_Totaal[[#This Row],[Product]]&", "&Ontwerp_MKI_Totaal[[#Headers],[B1]],Database_Productkaarten[#All],14,FALSE),0)*Ontwerpberekening!J6),0))/Ontwerpberekening!$A$2 -> 0 | L5: =(IF(Ontwerpberekening!E6="Nieuwe Situatie",(_xlfn.IFNA(VLOOKUP(Ontwerp_MKI_Totaal[[#This Row],[Product]]&", "&Ontwerp_MKI_Totaal[[#Headers],[B3]],Database_Productkaarten[#All],14,FALSE),0)*Ontwerpberekening!J6),0))/Ontwerpberekening!$A$2 -> 0 | M5: =(IF(Ontwerpberekening!E6="Nieuwe Situatie",(SUM(Ontwerp_MKI_Totaal[[#This Row],[A1]:[B1]],Ontwerp_MKI_Totaal[[#This Row],[C1]:[D2]])*Ontwerpberekening!T6),0)) -> 0 | N5: =(IF(Ontwerpberekening!E6="Bestaande Situatie",(_xlfn.IFNA(VLOOKUP(Ontwerp_MKI_Totaal[[#This Row],[Product]]&", "&Ontwerp_MKI_Totaal[[#Headers],[C1]],Database_Productkaarten[#All],14,FALSE),0)*Ontwerpberekening!J6),0))/Ontwerpberekening!$A$2 -> 0 | O5: =(IF(Ontwerpberekening!E6="Bestaande Situatie",(_xlfn.IFNA(VLOOKUP(Ontwerp_MKI_Totaal[[#This Row],[Product]]&", "&Ontwerp_MKI_Totaal[[#Headers],[C2]],Database_Productkaarten[#All],14,FALSE),0)*Ontwerpberekening!R6),0))/Ontwerpberekening!$A$2 -> 0 | P5: =(IF(Ontwerpberekening!E6="Bestaande Situatie",(_xlfn.IFNA(VLOOKUP(Ontwerp_MKI_Totaal[[#This Row],[Product]]&", "&Ontwerp_MKI_Totaal[[#Headers],[C3]],Database_Productkaarten[#All],14,FALSE),0)*Ontwerpberekening!J6),0))/Ontwerpberekening!$A$2 -> 0 | Q5: =(IF(Ontwerpberekening!E6="Bestaande Situatie",(_xlfn.IFNA(VLOOKUP(Ontwerp_MKI_Totaal[[#This Row],[Product]]&", "&Ontwerp_MKI_Totaal[[#Headers],[C4]],Database_Productkaarten[#All],14,FALSE),0)*Ontwerpberekening!J6),0))/Ontwerpberekening!$A$2 -> 0 | R5: =(IF(Ontwerpberekening!E6="Bestaande Situatie",(_xlfn.IFNA(VLOOKUP(Ontwerp_MKI_Totaal[[#This Row],[Product]]&", "&Ontwerp_MKI_Totaal[[#Headers],[D1]],Database_Productkaarten[#All],14,FALSE),0)*Ontwerpberekening!J6),0))/Ontwerpberekening!$A$2 -> 0 | S5: =(IF(Ontwerpberekening!E6="Bestaande Situatie",(_xlfn.IFNA(VLOOKUP(Ontwerp_MKI_Totaal[[#This Row],[Product]]&", "&Ontwerp_MKI_Totaal[[#Headers],[D2]],Database_Productkaarten[#All],14,FALSE),0)*Ontwerpberekening!J6),0))/Ontwerpberekening!$A$2 -> 0 | T5: =(IF(Ontwerpberekening!E6="Bestaande Situatie",(_xlfn.IFNA(VLOOKUP(Ontwerp_MKI_Totaal[[#This Row],[Product]]&", "&Ontwerp_MKI_Totaal[[#Headers],[D]],Database_Productkaarten[#All],14,FALSE),0)*Ontwerpberekening!J6),0))/Ontwerpberekening!$A$2 -> 0 | U5: =SUM(Ontwerp_MKI_Totaal[[#This Row],[A1-A3]:[C4]])+Ontwerp_MKI_Totaal[[#This Row],[D]] -> 618.03525 | AC5: Plastic kratten | AD5: 3360.121 | AE5: 173.09263 | AF5: 510.71297 | AG5: 20.62 | AH5: 269.37365 | AI5: 0 | AJ5: 223.56757 | AK5: 768.88596 | AL5: 1012.9441 | AM5: 15.80862 | AN5: -679.68299 | BJ5: Row Labels | BK5: Funderingswapening | BL5: Grondverbetering | BM5: Menggranulaat | BN5: Straatlaag | BO5: Toplaag | BP5: Waterbergendelaag | BQ5: Zandbed | BR5: Grondontgraving | BS5: Grand Total | CH5: Grondverbetering | CI5: 112.121 | CJ5: 53.3235 | CK5: 11.137 | CL5: 0 | CM5: 0 | CN5: 0 | CO5: 1.876 | CP5: 53.85675 | CQ5: 0 | CR5: 0.5575 | CS5: -39.8465
B6: =Ontwerpberekening!B7 -> Open Menggranulaat | C6: =Ontwerpberekening!C7 -> Funderingswapening | D6: =Ontwerpberekening!G7 -> Geogrid | E6: =(IF(Ontwerpberekening!E7="Nieuwe Situatie",(_xlfn.IFNA(VLOOKUP(Ontwerp_MKI_Totaal[[#This Row],[Product]]&", "&Ontwerp_MKI_Totaal[[#Headers],[A1]],Database_Productkaarten[#All],14,FALSE),0)*Ontwerpberekening!J7),0))/Ontwerpberekening!$A$2 -> 0 | F6: =(IF(Ontwerpberekening!E7="Nieuwe Situatie",(_xlfn.IFNA(VLOOKUP(Ontwerp_MKI_Totaal[[#This Row],[Product]]&", "&Ontwerp_MKI_Totaal[[#Headers],[A2]],Database_Productkaarten[#All],14,FALSE),0)*Ontwerpberekening!J7),0))/Ontwerpberekening!$A$2 -> 0 | G6: =(IF(Ontwerpberekening!E7="Nieuwe Situatie",(_xlfn.IFNA(VLOOKUP(Ontwerp_MKI_Totaal[[#This Row],[Product]]&", "&Ontwerp_MKI_Totaal[[#Headers],[A3]],Database_Productkaarten[#All],14,FALSE),0)*Ontwerpberekening!J7),0))/Ontwerpberekening!$A$2 -> 0 | H6: =(IF(Ontwerpberekening!E7="Nieuwe Situatie",(_xlfn.IFNA(VLOOKUP(Ontwerp_MKI_Totaal[[#This Row],[Product]]&", "&Ontwerp_MKI_Totaal[[#Headers],[A1-A3]],Database_Productkaarten[#All],14,FALSE),0)*Ontwerpberekening!J7),0))/Ontwerpberekening!$A$2 -> 32.073077 | I6: =(IF(Ontwerpberekening!E7="Nieuwe Situatie",(_xlfn.IFNA(VLOOKUP(Ontwerp_MKI_Totaal[[#This Row],[Product]]&", "&Ontwerp_MKI_Totaal[[#Headers],[A4]],Database_Productkaarten[#All],14,FALSE),0)*Ontwerpberekening!R7),0))/Ontwerpberekening!$A$2 -> 0.078413553 | J6: =(IF(Ontwerpberekening!E7="Nieuwe Situatie",(_xlfn.IFNA(VLOOKUP(Ontwerp_MKI_Totaal[[#This Row],[Product]]&", "&Ontwerp_MKI_Totaal[[#Headers],[A5]],Database_Productkaarten[#All],14,FALSE),0)*Ontwerpberekening!J7),0))/Ontwerpberekening!$A$2 -> 232.69064 | K6: =(IF(Ontwerpberekening!E7="Nieuwe Situatie",(_xlfn.IFNA(VLOOKUP(Ontwerp_MKI_Totaal[[#This Row],[Product]]&", "&Ontwerp_MKI_Totaal[[#Headers],[B1]],Database_Productkaarten[#All],14,FALSE),0)*Ontwerpberekening!J7),0))/Ontwerpberekening!$A$2 -> 0 | L6: =(IF(Ontwerpberekening!E7="Nieuwe Situatie",(_xlfn.IFNA(VLOOKUP(Ontwerp_MKI_Totaal[[#This Row],[Product]]&", "&Ontwerp_MKI_Totaal[[#Headers],[B3]],Database_Productkaarten[#All],14,FALSE),0)*Ontwerpberekening!J7),0))/Ontwerpberekening!$A$2 -> 0 | M6: =(IF(Ontwerpberekening!E7="Nieuwe Situatie",(SUM(Ontwerp_MKI_Totaal[[#This Row],[A1]:[B1]],Ontwerp_MKI_Totaal[[#This Row],[C1]:[D2]])*Ontwerpberekening!T7),0)) -> 0 | N6: =(IF(Ontwerpberekening!E7="Bestaande Situatie",(_xlfn.IFNA(VLOOKUP(Ontwerp_MKI_Totaal[[#This Row],[Product]]&", "&Ontwerp_MKI_Totaal[[#Headers],[C1]],Database_Productkaarten[#All],14,FALSE),0)*Ontwerpberekening!J7),0))/Ontwerpberekening!$A$2 -> 0 | O6: =(IF(Ontwerpberekening!E7="Bestaande Situatie",(_xlfn.IFNA(VLOOKUP(Ontwerp_MKI_Totaal[[#This Row],[Product]]&", "&Ontwerp_MKI_Totaal[[#Headers],[C2]],Database_Productkaarten[#All],14,FALSE),0)*Ontwerpberekening!R7),0))/Ontwerpberekening!$A$2 -> 0 | P6: =(IF(Ontwerpberekening!E7="Bestaande Situatie",(_xlfn.IFNA(VLOOKUP(Ontwerp_MKI_Totaal[[#This Row],[Product]]&", "&Ontwerp_MKI_Totaal[[#Headers],[C3]],Database_Productkaarten[#All],14,FALSE),0)*Ontwerpberekening!J7),0))/Ontwerpberekening!$A$2 -> 0 | Q6: =(IF(Ontwerpberekening!E7="Bestaande Situatie",(_xlfn.IFNA(VLOOKUP(Ontwerp_MKI_Totaal[[#This Row],[Product]]&", "&Ontwerp_MKI_Totaal[[#Headers],[C4]],Database_Productkaarten[#All],14,FALSE),0)*Ontwerpberekening!J7),0))/Ontwerpberekening!$A$2 -> 0 | R6: =(IF(Ontwerpberekening!E7="Bestaande Situatie",(_xlfn.IFNA(VLOOKUP(Ontwerp_MKI_Totaal[[#This Row],[Product]]&", "&Ontwerp_MKI_Totaal[[#Headers],[D1]],Database_Productkaarten[#All],14,FALSE),0)*Ontwerpberekening!J7),0))/Ontwerpberekening!$A$2 -> 0 | S6: =(IF(Ontwerpberekening!E7="Bestaande Situatie",(_xlfn.IFNA(VLOOKUP(Ontwerp_MKI_Totaal[[#This Row],[Product]]&", "&Ontwerp_MKI_Totaal[[#Headers],[D2]],Database_Productkaarten[#All],14,FALSE),0)*Ontwerpberekening!J7),0))/Ontwerpberekening!$A$2 -> 0 | T6: =(IF(Ontwerpberekening!E7="Bestaande Situatie",(_xlfn.IFNA(VLOOKUP(Ontwerp_MKI_Totaal[[#This Row],[Product]]&", "&Ontwerp_MKI_Totaal[[#Headers],[D]],Database_Productkaarten[#All],14,FALSE),0)*Ontwerpberekening!J7),0))/Ontwerpberekening!$A$2 -> 0 | U6: =SUM(Ontwerp_MKI_Totaal[[#This Row],[A1-A3]:[C4]])+Ontwerp_MKI_Totaal[[#This Row],[D]] -> 264.84213 | AC6: Rockwool | AD6: 1003.621 | AE6: 172.85463 | AF6: 178.71297 | AG6: 20.62 | AH6: 269.37365 | AI6: 0 | AJ6: 107.56757 | AK6: 768.66196 | AL6: 63.444145 | AM6: 9.3086195 | AN6: -82.68299 | BJ6: Open Menggranulaat | BK6: 381.12847 | BM6: 360.686 | BN6: 96.512625 | BO6: 1291.9598 | BQ6: 675.58838 | BR6: 593.17995 | BS6: 3399.0552 | CH6: Menggranulaat | CI6: 0 | CJ6: 236.55645 | CK6: 376.06 | CL6: 68.73 | CM6: 0 | CN6: 0 | CO6: 124.3 | CP6: 166.87905 | CQ6: 98.08 | CR6: 7.25 | CS6: 14.65
B7: =Ontwerpberekening!B8 -> Open Menggranulaat | C7: =Ontwerpberekening!C8 -> Menggranulaat | D7: =Ontwerpberekening!G8 -> Menggranulaat 200mm | E7: =(IF(Ontwerpberekening!E8="Nieuwe Situatie",(_xlfn.IFNA(VLOOKUP(Ontwerp_MKI_Totaal[[#This Row],[Product]]&", "&Ontwerp_MKI_Totaal[[#Headers],[A1]],Database_Productkaarten[#All],14,FALSE),0)*Ontwerpberekening!J8),0))/Ontwerpberekening!$A$2 -> 0 | F7: =(IF(Ontwerpberekening!E8="Nieuwe Situatie",(_xlfn.IFNA(VLOOKUP(Ontwerp_MKI_Totaal[[#This Row],[Product]]&", "&Ontwerp_MKI_Totaal[[#Headers],[A2]],Database_Productkaarten[#All],14,FALSE),0)*Ontwerpberekening!J8),0))/Ontwerpberekening!$A$2 -> 0 | G7: =(IF(Ontwerpberekening!E8="Nieuwe Situatie",(_xlfn.IFNA(VLOOKUP(Ontwerp_MKI_Totaal[[#This Row],[Product]]&", "&Ontwerp_MKI_Totaal[[#Headers],[A3]],Database_Productkaarten[#All],14,FALSE),0)*Ontwerpberekening!J8),0))/Ontwerpberekening!$A$2 -> 0 | H7: =(IF(Ontwerpberekening!E8="Nieuwe Situatie",(_xlfn.IFNA(VLOOKUP(Ontwerp_MKI_Totaal[[#This Row],[Product]]&", "&Ontwerp_MKI_Totaal[[#Headers],[A1-A3]],Database_Productkaarten[#All],14,FALSE),0)*Ontwerpberekening!J8),0))/Ontwerpberekening!$A$2 -> 0 | I7: =(IF(Ontwerpberekening!E8="Nieuwe Situatie",(_xlfn.IFNA(VLOOKUP(Ontwerp_MKI_Totaal[[#This Row],[Product]]&", "&Ontwerp_MKI_Totaal[[#Headers],[A4]],Database_Productkaarten[#All],14,FALSE),0)*Ontwerpberekening!R8),0))/Ontwerpberekening!$A$2 -> 72.7857 | J7: =(IF(Ontwerpberekening!E8="Nieuwe Situatie",(_xlfn.IFNA(VLOOKUP(Ontwerp_MKI_Totaal[[#This Row],[Product]]&", "&Ontwerp_MKI_Totaal[[#Headers],[A5]],Database_Productkaarten[#All],14,FALSE),0)*Ontwerpberekening!J8),0))/Ontwerpberekening!$A$2 -> 188.03 | K7: =(IF(Ontwerpberekening!E8="Nieuwe Situatie",(_xlfn.IFNA(VLOOKUP(Ontwerp_MKI_Totaal[[#This Row],[Product]]&", "&Ontwerp_MKI_Totaal[[#Headers],[B1]],Database_Productkaarten[#All],14,FALSE),0)*Ontwerpberekening!J8),0))/Ontwerpberekening!$A$2 -> 27.49 | L7: =(IF(Ontwerpberekening!E8="Nieuwe Situatie",(_xlfn.IFNA(VLOOKUP(Ontwerp_MKI_Totaal[[#This Row],[Product]]&", "&Ontwerp_MKI_Totaal[[#Headers],[B3]],Database_Productkaarten[#All],14,FALSE),0)*Ontwerpberekening!J8),0))/Ontwerpberekening!$A$2 -> 0 | M7: =(IF(Ontwerpberekening!E8="Nieuwe Situatie",(SUM(Ontwerp_MKI_Totaal[[#This Row],[A1]:[B1]],Ontwerp_MKI_Totaal[[#This Row],[C1]:[D2]])*Ontwerpberekening!T8),0)) -> 0 | N7: =(IF(Ontwerpberekening!E8="Bestaande Situatie",(_xlfn.IFNA(VLOOKUP(Ontwerp_MKI_Totaal[[#This Row],[Product]]&", "&Ontwerp_MKI_Totaal[[#Headers],[C1]],Database_Productkaarten[#All],14,FALSE),0)*Ontwerpberekening!J8),0))/Ontwerpberekening!$A$2 -> 0 | O7: =(IF(Ontwerpberekening!E8="Bestaande Situatie",(_xlfn.IFNA(VLOOKUP(Ontwerp_MKI_Totaal[[#This Row],[Product]]&", "&Ontwerp_MKI_Totaal[[#Headers],[C2]],Database_Productkaarten[#All],14,FALSE),0)*Ontwerpberekening!R8),0))/Ontwerpberekening!$A$2 -> 0 | P7: =(IF(Ontwerpberekening!E8="Bestaande Situatie",(_xlfn.IFNA(VLOOKUP(Ontwerp_MKI_Totaal[[#This Row],[Product]]&", "&Ontwerp_MKI_Totaal[[#Headers],[C3]],Database_Productkaarten[#All],14,FALSE),0)*Ontwerpberekening!J8),0))/Ontwerpberekening!$A$2 -> 0 | Q7: =(IF(Ontwerpberekening!E8="Bestaande Situatie",(_xlfn.IFNA(VLOOKUP(Ontwerp_MKI_Totaal[[#This Row],[Product]]&", "&Ontwerp_MKI_Totaal[[#Headers],[C4]],Database_Productkaarten[#All],14,FALSE),0)*Ontwerpberekening!J8),0))/Ontwerpberekening!$A$2 -> 0 | R7: =(IF(Ontwerpberekening!E8="Bestaande Situatie",(_xlfn.IFNA(VLOOKUP(Ontwerp_MKI_Totaal[[#This Row],[Product]]&", "&Ontwerp_MKI_Totaal[[#Headers],[D1]],Database_Productkaarten[#All],14,FALSE),0)*Ontwerpberekening!J8),0))/Ontwerpberekening!$A$2 -> 0 | S7: =(IF(Ontwerpberekening!E8="Bestaande Situatie",(_xlfn.IFNA(VLOOKUP(Ontwerp_MKI_Totaal[[#This Row],[Product]]&", "&Ontwerp_MKI_Totaal[[#Headers],[D2]],Database_Productkaarten[#All],14,FALSE),0)*Ontwerpberekening!J8),0))/Ontwerpberekening!$A$2 -> 0 | T7: =(IF(Ontwerpberekening!E8="Bestaande Situatie",(_xlfn.IFNA(VLOOKUP(Ontwerp_MKI_Totaal[[#This Row],[Product]]&", "&Ontwerp_MKI_Totaal[[#Headers],[D]],Database_Productkaarten[#All],14,FALSE),0)*Ontwerpberekening!J8),0))/Ontwerpberekening!$A$2 -> 0 | U7: =SUM(Ontwerp_MKI_Totaal[[#This Row],[A1-A3]:[C4]])+Ontwerp_MKI_Totaal[[#This Row],[D]] -> 288.3057 | AC7: Grand Total | AD7: 5735.7991 | AE7: 669.75114 | AF7: 1228.2555 | AG7: 68.73 | AH7: 808.12094 | AI7: 0 | AJ7: 575.99954 | AK7: 2323.3954 | AL7: 1097.8058 | AM7: 49.13095 | AN7: -971.00809 | BJ7: Plastic kratten | BL7: 96.512625 | BM7: 365.90975 | BN7: 96.512625 | BO7: 1291.9598 | BP7: 3163.962 | BR7: 660.58676 | BS7: 5675.4435 | CH7: Straatlaag | CI7: 168.1815 | CJ7: 79.98525 | CK7: 16.7055 | CL7: 0 | CM7: 0 | CN7: 0 | CO7: 2.814 | CP7: 80.785125 | CQ7: 0 | CR7: 0.83625 | CS7: -59.76975
B8: =Ontwerpberekening!B9 -> Open Menggranulaat | C8: =Ontwerpberekening!C9 -> Straatlaag | D8: =Ontwerpberekening!G9 -> Ophoogmateriaal (Zand) | E8: =(IF(Ontwerpberekening!E9="Nieuwe Situatie",(_xlfn.IFNA(VLOOKUP(Ontwerp_MKI_Totaal[[#This Row],[Product]]&", "&Ontwerp_MKI_Totaal[[#Headers],[A1]],Database_Productkaarten[#All],14,FALSE),0)*Ontwerpberekening!J9),0))/Ontwerpberekening!$A$2 -> 0 | F8: =(IF(Ontwerpberekening!E9="Nieuwe Situatie",(_xlfn.IFNA(VLOOKUP(Ontwerp_MKI_Totaal[[#This Row],[Product]]&", "&Ontwerp_MKI_Totaal[[#Headers],[A2]],Database_Productkaarten[#All],14,FALSE),0)*Ontwerpberekening!J9),0))/Ontwerpberekening!$A$2 -> 0 | G8: =(IF(Ontwerpberekening!E9="Nieuwe Situatie",(_xlfn.IFNA(VLOOKUP(Ontwerp_MKI_Totaal[[#This Row],[Product]]&", "&Ontwerp_MKI_Totaal[[#Headers],[A3]],Database_Productkaarten[#All],14,FALSE),0)*Ontwerpberekening!J9),0))/Ontwerpberekening!$A$2 -> 0 | H8: =(IF(Ontwerpberekening!E9="Nieuwe Situatie",(_xlfn.IFNA(VLOOKUP(Ontwerp_MKI_Totaal[[#This Row],[Product]]&", "&Ontwerp_MKI_Totaal[[#Headers],[A1-A3]],Database_Productkaarten[#All],14,FALSE),0)*Ontwerpberekening!J9),0))/Ontwerpberekening!$A$2 -> 56.0605 | I8: =(IF(Ontwerpberekening!E9="Nieuwe Situatie",(_xlfn.IFNA(VLOOKUP(Ontwerp_MKI_Totaal[[#This Row],[Product]]&", "&Ontwerp_MKI_Totaal[[#Headers],[A4]],Database_Productkaarten[#All],14,FALSE),0)*Ontwerpberekening!R9),0))/Ontwerpberekening!$A$2 -> 26.66175 | J8: =(IF(Ontwerpberekening!E9="Nieuwe Situatie",(_xlfn.IFNA(VLOOKUP(Ontwerp_MKI_Totaal[[#This Row],[Product]]&", "&Ontwerp_MKI_Totaal[[#Headers],[A5]],Database_Productkaarten[#All],14,FALSE),0)*Ontwerpberekening!J9),0))/Ontwerpberekening!$A$2 -> 5.5685 | K8: =(IF(Ontwerpberekening!E9="Nieuwe Situatie",(_xlfn.IFNA(VLOOKUP(Ontwerp_MKI_Totaal[[#This Row],[Product]]&", "&Ontwerp_MKI_Totaal[[#Headers],[B1]],Database_Productkaarten[#All],14,FALSE),0)*Ontwerpberekening!J9),0))/Ontwerpberekening!$A$2 -> 0 | L8: =(IF(Ontwerpberekening!E9="Nieuwe Situatie",(_xlfn.IFNA(VLOOKUP(Ontwerp_MKI_Totaal[[#This Row],[Product]]&", "&Ontwerp_MKI_Totaal[[#Headers],[B3]],Database_Productkaarten[#All],14,FALSE),0)*Ontwerpberekening!J9),0))/Ontwerpberekening!$A$2 -> 0 | M8: =(IF(Ontwerpberekening!E9="Nieuwe Situatie",(SUM(Ontwerp_MKI_Totaal[[#This Row],[A1]:[B1]],Ontwerp_MKI_Totaal[[#This Row],[C1]:[D2]])*Ontwerpberekening!T9),0)) -> 0 | N8: =(IF(Ontwerpberekening!E9="Bestaande Situatie",(_xlfn.IFNA(VLOOKUP(Ontwerp_MKI_Totaal[[#This Row],[Product]]&", "&Ontwerp_MKI_Totaal[[#Headers],[C1]],Database_Productkaarten[#All],14,FALSE),0)*Ontwerpberekening!J9),0))/Ontwerpberekening!$A$2 -> 0 | O8: =(IF(Ontwerpberekening!E9="Bestaande Situatie",(_xlfn.IFNA(VLOOKUP(Ontwerp_MKI_Totaal[[#This Row],[Product]]&", "&Ontwerp_MKI_Totaal[[#Headers],[C2]],Database_Productkaarten[#All],14,FALSE),0)*Ontwerpberekening!R9),0))/Ontwerpberekening!$A$2 -> 0 | P8: =(IF(Ontwerpberekening!E9="Bestaande Situatie",(_xlfn.IFNA(VLOOKUP(Ontwerp_MKI_Totaal[[#This Row],[Product]]&", "&Ontwerp_MKI_Totaal[[#Headers],[C3]],Database_Productkaarten[#All],14,FALSE),0)*Ontwerpberekening!J9),0))/Ontwerpberekening!$A$2 -> 0 | Q8: =(IF(Ontwerpberekening!E9="Bestaande Situatie",(_xlfn.IFNA(VLOOKUP(Ontwerp_MKI_Totaal[[#This Row],[Product]]&", "&Ontwerp_MKI_Totaal[[#Headers],[C4]],Database_Productkaarten[#All],14,FALSE),0)*Ontwerpberekening!J9),0))/Ontwerpberekening!$A$2 -> 0 | R8: =(IF(Ontwerpberekening!E9="Bestaande Situatie",(_xlfn.IFNA(VLOOKUP(Ontwerp_MKI_Totaal[[#This Row],[Product]]&", "&Ontwerp_MKI_Totaal[[#Headers],[D1]],Database_Productkaarten[#All],14,FALSE),0)*Ontwerpberekening!J9),0))/Ontwerpberekening!$A$2 -> 0 | S8: =(IF(Ontwerpberekening!E9="Bestaande Situatie",(_xlfn.IFNA(VLOOKUP(Ontwerp_MKI_Totaal[[#This Row],[Product]]&", "&Ontwerp_MKI_Totaal[[#Headers],[D2]],Database_Productkaarten[#All],14,FALSE),0)*Ontwerpberekening!J9),0))/Ontwerpberekening!$A$2 -> 0 | T8: =(IF(Ontwerpberekening!E9="Bestaande Situatie",(_xlfn.IFNA(VLOOKUP(Ontwerp_MKI_Totaal[[#This Row],[Product]]&", "&Ontwerp_MKI_Totaal[[#Headers],[D]],Database_Productkaarten[#All],14,FALSE),0)*Ontwerpberekening!J9),0))/Ontwerpberekening!$A$2 -> 0 | U8: =SUM(Ontwerp_MKI_Totaal[[#This Row],[A1-A3]:[C4]])+Ontwerp_MKI_Totaal[[#This Row],[D]] -> 88.29075 | BJ8: Rockwool | BL8: 96.512625 | BM8: 365.90975 | BN8: 96.512625 | BO8: 1291.9598 | BP8: 0 | BR8: 660.58676 | BS8: 2511.4815 | CH8: Toplaag | CI8: 2674.5 | CJ8: 112.93727 | CK8: 220.68291 | CL8: 0 | CM8: 808.12094 | CN8: 0 | CO8: 118.12731 | CP8: 38.022214 | CQ8: 43.212434 | CR8: 1.9707587 | CS8: -141.69447
B9: =Ontwerpberekening!B10 -> Open Menggranulaat | C9: =Ontwerpberekening!C10 -> Toplaag | D9: =Ontwerpberekening!G10 -> Betonstraatsteen 210x105x80 | E9: =(IF(Ontwerpberekening!E10="Nieuwe Situatie",(_xlfn.IFNA(VLOOKUP(Ontwerp_MKI_Totaal[[#This Row],[Product]]&", "&Ontwerp_MKI_Totaal[[#Headers],[A1]],Database_Productkaarten[#All],14,FALSE),0)*Ontwerpberekening!J10),0))/Ontwerpberekening!$A$2 -> 792.97525 | F9: =(IF(Ontwerpberekening!E10="Nieuwe Situatie",(_xlfn.IFNA(VLOOKUP(Ontwerp_MKI_Totaal[[#This Row],[Product]]&", "&Ontwerp_MKI_Totaal[[#Headers],[A2]],Database_Productkaarten[#All],14,FALSE),0)*Ontwerpberekening!J10),0))/Ontwerpberekening!$A$2 -> 56.953865 | G9: =(IF(Ontwerpberekening!E10="Nieuwe Situatie",(_xlfn.IFNA(VLOOKUP(Ontwerp_MKI_Totaal[[#This Row],[Product]]&", "&Ontwerp_MKI_Totaal[[#Headers],[A3]],Database_Productkaarten[#All],14,FALSE),0)*Ontwerpberekening!J10),0))/Ontwerpberekening!$A$2 -> 41.570879 | H9: =(IF(Ontwerpberekening!E10="Nieuwe Situatie",(_xlfn.IFNA(VLOOKUP(Ontwerp_MKI_Totaal[[#This Row],[Product]]&", "&Ontwerp_MKI_Totaal[[#Headers],[A1-A3]],Database_Productkaarten[#All],14,FALSE),0)*Ontwerpberekening!J10),0))/Ontwerpberekening!$A$2 -> 891.49999 | I9: =(IF(Ontwerpberekening!E10="Nieuwe Situatie",(_xlfn.IFNA(VLOOKUP(Ontwerp_MKI_Totaal[[#This Row],[Product]]&", "&Ontwerp_MKI_Totaal[[#Headers],[A4]],Database_Productkaarten[#All],14,FALSE),0)*Ontwerpberekening!R10),0))/Ontwerpberekening!$A$2 -> 37.645758 | J9: =(IF(Ontwerpberekening!E10="Nieuwe Situatie",(_xlfn.IFNA(VLOOKUP(Ontwerp_MKI_Totaal[[#This Row],[Product]]&", "&Ontwerp_MKI_Totaal[[#Headers],[A5]],Database_Productkaarten[#All],14,FALSE),0)*Ontwerpberekening!J10),0))/Ontwerpberekening!$A$2 -> 73.56097 | K9: =(IF(Ontwerpberekening!E10="Nieuwe Situatie",(_xlfn.IFNA(VLOOKUP(Ontwerp_MKI_Totaal[[#This Row],[Product]]&", "&Ontwerp_MKI_Totaal[[#Headers],[B1]],Database_Productkaarten[#All],14,FALSE),0)*Ontwerpberekening!J10),0))/Ontwerpberekening!$A$2 -> 0 | L9: =(IF(Ontwerpberekening!E10="Nieuwe Situatie",(_xlfn.IFNA(VLOOKUP(Ontwerp_MKI_Totaal[[#This Row],[Product]]&", "&Ontwerp_MKI_Totaal[[#Headers],[B3]],Database_Productkaarten[#All],14,FALSE),0)*Ontwerpberekening!J10),0))/Ontwerpberekening!$A$2 -> 269.37365 | M9: =(IF(Ontwerpberekening!E10="Nieuwe Situatie",(SUM(Ontwerp_MKI_Totaal[[#This Row],[A1]:[B1]],Ontwerp_MKI_Totaal[[#This Row],[C1]:[D2]])*Ontwerpberekening!T10),0)) -> 0 | N9: =(IF(Ontwerpberekening!E10="Bestaande Situatie",(_xlfn.IFNA(VLOOKUP(Ontwerp_MKI_Totaal[[#This Row],[Product]]&", "&Ontwerp_MKI_Totaal[[#Headers],[C1]],Database_Productkaarten[#All],14,FALSE),0)*Ontwerpberekening!J10),0))/Ontwerpberekening!$A$2 -> 0 | O9: =(IF(Ontwerpberekening!E10="Bestaande Situatie",(_xlfn.IFNA(VLOOKUP(Ontwerp_MKI_Totaal[[#This Row],[Product]]&", "&Ontwerp_MKI_Totaal[[#Headers],[C2]],Database_Productkaarten[#All],14,FALSE),0)*Ontwerpberekening!R10),0))/Ontwerpberekening!$A$2 -> 0 | P9: =(IF(Ontwerpberekening!E10="Bestaande Situatie",(_xlfn.IFNA(VLOOKUP(Ontwerp_MKI_Totaal[[#This Row],[Product]]&", "&Ontwerp_MKI_Totaal[[#Headers],[C3]],Database_Productkaarten[#All],14,FALSE),0)*Ontwerpberekening!J10),0))/Ontwerpberekening!$A$2 -> 0 | Q9: =(IF(Ontwerpberekening!E10="Bestaande Situatie",(_xlfn.IFNA(VLOOKUP(Ontwerp_MKI_Totaal[[#This Row],[Product]]&", "&Ontwerp_MKI_Totaal[[#Headers],[C4]],Database_Productkaarten[#All],14,FALSE),0)*Ontwerpberekening!J10),0))/Ontwerpberekening!$A$2 -> 0 | R9: =(IF(Ontwerpberekening!E10="Bestaande Situatie",(_xlfn.IFNA(VLOOKUP(Ontwerp_MKI_Totaal[[#This Row],[Product]]&", "&Ontwerp_MKI_Totaal[[#Headers],[D1]],Database_Productkaarten[#All],14,FALSE),0)*Ontwerpberekening!J10),0))/Ontwerpberekening!$A$2 -> 0 | S9: =(IF(Ontwerpberekening!E10="Bestaande Situatie",(_xlfn.IFNA(VLOOKUP(Ontwerp_MKI_Totaal[[#This Row],[Product]]&", "&Ontwerp_MKI_Totaal[[#Headers],[D2]],Database_Productkaarten[#All],14,FALSE),0)*Ontwerpberekening!J10),0))/Ontwerpberekening!$A$2 -> 0 | T9: =(IF(Ontwerpberekening!E10="Bestaande Situatie",(_xlfn.IFNA(VLOOKUP(Ontwerp_MKI_Totaal[[#This Row],[Product]]&", "&Ontwerp_MKI_Totaal[[#Headers],[D]],Database_Productkaarten[#All],14,FALSE),0)*Ontwerpberekening!J10),0))/Ontwerpberekening!$A$2 -> 0 | U9: =SUM(Ontwerp_MKI_Totaal[[#This Row],[A1-A3]:[C4]])+Ontwerp_MKI_Totaal[[#This Row],[D]] -> 1272.0804 | BJ9: Grand Total | BK9: 381.12847 | BL9: 193.02525 | BM9: 1092.5055 | BN9: 289.53787 | BO9: 3875.8794 | BP9: 3163.962 | BQ9: 675.58838 | BR9: 1914.3535 | BS9: 11585.98 | CH9: Waterbergendelaag | CI9: 2356.5 | CJ9: 0.238 | CK9: 332 | CL9: 0 | CM9: 0 | CN9: 0 | CO9: 116 | CP9: 0.224 | CQ9: 949.5 | CR9: 6.5 | CS9: -597
B10: =Ontwerpberekening!B11 -> Open Menggranulaat | C10: =Ontwerpberekening!C11 -> Zandbed | D10: =Ontwerpberekening!G11 -> Ophoogmateriaal (Zand) | E10: =(IF(Ontwerpberekening!E11="Nieuwe Situatie",(_xlfn.IFNA(VLOOKUP(Ontwerp_MKI_Totaal[[#This Row],[Product]]&", "&Ontwerp_MKI_Totaal[[#Headers],[A1]],Database_Productkaarten[#All],14,FALSE),0)*Ontwerpberekening!J11),0))/Ontwerpberekening!$A$2 -> 0 | F10: =(IF(Ontwerpberekening!E11="Nieuwe Situatie",(_xlfn.IFNA(VLOOKUP(Ontwerp_MKI_Totaal[[#This Row],[Product]]&", "&Ontwerp_MKI_Totaal[[#Headers],[A2]],Database_Productkaarten[#All],14,FALSE),0)*Ontwerpberekening!J11),0))/Ontwerpberekening!$A$2 -> 0 | G10: =(IF(Ontwerpberekening!E11="Nieuwe Situatie",(_xlfn.IFNA(VLOOKUP(Ontwerp_MKI_Totaal[[#This Row],[Product]]&", "&Ontwerp_MKI_Totaal[[#Headers],[A3]],Database_Productkaarten[#All],14,FALSE),0)*Ontwerpberekening!J11),0))/Ontwerpberekening!$A$2 -> 0 | H10: =(IF(Ontwerpberekening!E11="Nieuwe Situatie",(_xlfn.IFNA(VLOOKUP(Ontwerp_MKI_Totaal[[#This Row],[Product]]&", "&Ontwerp_MKI_Totaal[[#Headers],[A1-A3]],Database_Productkaarten[#All],14,FALSE),0)*Ontwerpberekening!J11),0))/Ontwerpberekening!$A$2 -> 0 | I10: =(IF(Ontwerpberekening!E11="Nieuwe Situatie",(_xlfn.IFNA(VLOOKUP(Ontwerp_MKI_Totaal[[#This Row],[Product]]&", "&Ontwerp_MKI_Totaal[[#Headers],[A4]],Database_Productkaarten[#All],14,FALSE),0)*Ontwerpberekening!R11),0))/Ontwerpberekening!$A$2 -> 0 | J10: =(IF(Ontwerpberekening!E11="Nieuwe Situatie",(_xlfn.IFNA(VLOOKUP(Ontwerp_MKI_Totaal[[#This Row],[Product]]&", "&Ontwerp_MKI_Totaal[[#Headers],[A5]],Database_Productkaarten[#All],14,FALSE),0)*Ontwerpberekening!J11),0))/Ontwerpberekening!$A$2 -> 0 | K10: =(IF(Ontwerpberekening!E11="Nieuwe Situatie",(_xlfn.IFNA(VLOOKUP(Ontwerp_MKI_Totaal[[#This Row],[Product]]&", "&Ontwerp_MKI_Totaal[[#Headers],[B1]],Database_Productkaarten[#All],14,FALSE),0)*Ontwerpberekening!J11),0))/Ontwerpberekening!$A$2 -> 0 | L10: =(IF(Ontwerpberekening!E11="Nieuwe Situatie",(_xlfn.IFNA(VLOOKUP(Ontwerp_MKI_Totaal[[#This Row],[Product]]&", "&Ontwerp_MKI_Totaal[[#Headers],[B3]],Database_Productkaarten[#All],14,FALSE),0)*Ontwerpberekening!J11),0))/Ontwerpberekening!$A$2 -> 0 | M10: =(IF(Ontwerpberekening!E11="Nieuwe Situatie",(SUM(Ontwerp_MKI_Totaal[[#This Row],[A1]:[B1]],Ontwerp_MKI_Totaal[[#This Row],[C1]:[D2]])*Ontwerpberekening!T11),0)) -> 0 | N10: =(IF(Ontwerpberekening!E11="Bestaande Situatie",(_xlfn.IFNA(VLOOKUP(Ontwerp_MKI_Totaal[[#This Row],[Product]]&", "&Ontwerp_MKI_Totaal[[#Headers],[C1]],Database_Productkaarten[#All],14,FALSE),0)*Ontwerpberekening!J11),0))/Ontwerpberekening!$A$2 -> 6.566 | O10: =(IF(Ontwerpberekening!E11="Bestaande Situatie",(_xlfn.IFNA(VLOOKUP(Ontwerp_MKI_Totaal[[#This Row],[Product]]&", "&Ontwerp_MKI_Totaal[[#Headers],[C2]],Database_Productkaarten[#All],14,FALSE),0)*Ontwerpberekening!R11),0))/Ontwerpberekening!$A$2 -> 188.49863 | P10: =(IF(Ontwerpberekening!E11="Bestaande Situatie",(_xlfn.IFNA(VLOOKUP(Ontwerp_MKI_Totaal[[#This Row],[Product]]&", "&Ontwerp_MKI_Totaal[[#Headers],[C3]],Database_Productkaarten[#All],14,FALSE),0)*Ontwerpberekening!J11),0))/Ontwerpberekening!$A$2 -> 0 | Q10: =(IF(Ontwerpberekening!E11="Bestaande Situatie",(_xlfn.IFNA(VLOOKUP(Ontwerp_MKI_Totaal[[#This Row],[Product]]&", "&Ontwerp_MKI_Totaal[[#Headers],[C4]],Database_Productkaarten[#All],14,FALSE),0)*Ontwerpberekening!J11),0))/Ontwerpberekening!$A$2 -> 1.95125 | R10: =(IF(Ontwerpberekening!E11="Bestaande Situatie",(_xlfn.IFNA(VLOOKUP(Ontwerp_MKI_Totaal[[#This Row],[Product]]&", "&Ontwerp_MKI_Totaal[[#Headers],[D1]],Database_Productkaarten[#All],14,FALSE),0)*Ontwerpberekening!J11),0))/Ontwerpberekening!$A$2 -> 0 | S10: =(IF(Ontwerpberekening!E11="Bestaande Situatie",(_xlfn.IFNA(VLOOKUP(Ontwerp_MKI_Totaal[[#This Row],[Product]]&", "&Ontwerp_MKI_Totaal[[#Headers],[D2]],Database_Productkaarten[#All],14,FALSE),0)*Ontwerpberekening!J11),0))/Ontwerpberekening!$A$2 -> 0 | T10: =(IF(Ontwerpberekening!E11="Bestaande Situatie",(_xlfn.IFNA(VLOOKUP(Ontwerp_MKI_Totaal[[#This Row],[Product]]&", "&Ontwerp_MKI_Totaal[[#Headers],[D]],Database_Productkaarten[#All],14,FALSE),0)*Ontwerpberekening!J11),0))/Ontwerpberekening!$A$2 -> -139.46275 | U10: =SUM(Ontwerp_MKI_Totaal[[#This Row],[A1-A3]:[C4]])+Ontwerp_MKI_Totaal[[#This Row],[D]] -> 57.553125 | CH10: Zandbed | CI10: 392.4235 | CJ10: 186.63225 | CK10: 38.9795 | CL10: 0 | CM10: 0 | CN10: 0 | CO10: 6.566 | CP10: 188.49863 | CQ10: 0 | CR10: 1.95125 | CS10: -139.46275
B11: =Ontwerpberekening!B12 -> Open Menggranulaat | C11: =Ontwerpberekening!C12 -> Funderingswapening | D11: =Ontwerpberekening!G12 -> Geogrid | E11: =(IF(Ontwerpberekening!E12="Nieuwe Situatie",(_xlfn.IFNA(VLOOKUP(Ontwerp_MKI_Totaal[[#This Row],[Product]]&", "&Ontwerp_MKI_Totaal[[#Headers],[A1]],Database_Productkaarten[#All],14,FALSE),0)*Ontwerpberekening!J12),0))/Ontwerpberekening!$A$2 -> 0 | F11: =(IF(Ontwerpberekening!E12="Nieuwe Situatie",(_xlfn.IFNA(VLOOKUP(Ontwerp_MKI_Totaal[[#This Row],[Product]]&", "&Ontwerp_MKI_Totaal[[#Headers],[A2]],Database_Productkaarten[#All],14,FALSE),0)*Ontwerpberekening!J12),0))/Ontwerpberekening!$A$2 -> 0 | G11: =(IF(Ontwerpberekening!E12="Nieuwe Situatie",(_xlfn.IFNA(VLOOKUP(Ontwerp_MKI_Totaal[[#This Row],[Product]]&", "&Ontwerp_MKI_Totaal[[#Headers],[A3]],Database_Productkaarten[#All],14,FALSE),0)*Ontwerpberekening!J12),0))/Ontwerpberekening!$A$2 -> 0 | H11: =(IF(Ontwerpberekening!E12="Nieuwe Situatie",(_xlfn.IFNA(VLOOKUP(Ontwerp_MKI_Totaal[[#This Row],[Product]]&", "&Ontwerp_MKI_Totaal[[#Headers],[A1-A3]],Database_Productkaarten[#All],14,FALSE),0)*Ontwerpberekening!J12),0))/Ontwerpberekening!$A$2 -> 0 | I11: =(IF(Ontwerpberekening!E12="Nieuwe Situatie",(_xlfn.IFNA(VLOOKUP(Ontwerp_MKI_Totaal[[#This Row],[Product]]&", "&Ontwerp_MKI_Totaal[[#Headers],[A4]],Database_Productkaarten[#All],14,FALSE),0)*Ontwerpberekening!R12),0))/Ontwerpberekening!$A$2 -> 0 | J11: =(IF(Ontwerpberekening!E12="Nieuwe Situatie",(_xlfn.IFNA(VLOOKUP(Ontwerp_MKI_Totaal[[#This Row],[Product]]&", "&Ontwerp_MKI_Totaal[[#Headers],[A5]],Database_Productkaarten[#All],14,FALSE),0)*Ontwerpberekening!J12),0))/Ontwerpberekening!$A$2 -> 0 | K11: =(IF(Ontwerpberekening!E12="Nieuwe Situatie",(_xlfn.IFNA(VLOOKUP(Ontwerp_MKI_Totaal[[#This Row],[Product]]&", "&Ontwerp_MKI_Totaal[[#Headers],[B1]],Database_Productkaarten[#All],14,FALSE),0)*Ontwerpberekening!J12),0))/Ontwerpberekening!$A$2 -> 0 | L11: =(IF(Ontwerpberekening!E12="Nieuwe Situatie",(_xlfn.IFNA(VLOOKUP(Ontwerp_MKI_Totaal[[#This Row],[Product]]&", "&Ontwerp_MKI_Totaal[[#Headers],[B3]],Database_Productkaarten[#All],14,FALSE),0)*Ontwerpberekening!J12),0))/Ontwerpberekening!$A$2 -> 0 | M11: =(IF(Ontwerpberekening!E12="Nieuwe Situatie",(SUM(Ontwerp_MKI_Totaal[[#This Row],[A1]:[B1]],Ontwerp_MKI_Totaal[[#This Row],[C1]:[D2]])*Ontwerpberekening!T12),0)) -> 0 | N11: =(IF(Ontwerpberekening!E12="Bestaande Situatie",(_xlfn.IFNA(VLOOKUP(Ontwerp_MKI_Totaal[[#This Row],[Product]]&", "&Ontwerp_MKI_Totaal[[#Headers],[C1]],Database_Productkaarten[#All],14,FALSE),0)*Ontwerpberekening!J12),0))/Ontwerpberekening!$A$2 -> 104.18983 | O11: =(IF(Ontwerpberekening!E12="Bestaande Situatie",(_xlfn.IFNA(VLOOKUP(Ontwerp_MKI_Totaal[[#This Row],[Product]]&", "&Ontwerp_MKI_Totaal[[#Headers],[C2]],Database_Productkaarten[#All],14,FALSE),0)*Ontwerpberekening!R12),0))/Ontwerpberekening!$A$2 -> 0.056196379 | P11: =(IF(Ontwerpberekening!E12="Bestaande Situatie",(_xlfn.IFNA(VLOOKUP(Ontwerp_MKI_Totaal[[#This Row],[Product]]&", "&Ontwerp_MKI_Totaal[[#Headers],[C3]],Database_Productkaarten[#All],14,FALSE),0)*Ontwerpberekening!J12),0))/Ontwerpberekening!$A$2 -> 7.0133439 | Q11: =(IF(Ontwerpberekening!E12="Bestaande Situatie",(_xlfn.IFNA(VLOOKUP(Ontwerp_MKI_Totaal[[#This Row],[Product]]&", "&Ontwerp_MKI_Totaal[[#Headers],[C4]],Database_Productkaarten[#All],14,FALSE),0)*Ontwerpberekening!J12),0))/Ontwerpberekening!$A$2 -> 12.911591 | R11: =(IF(Ontwerpberekening!E12="Bestaande Situatie",(_xlfn.IFNA(VLOOKUP(Ontwerp_MKI_Totaal[[#This Row],[Product]]&", "&Ontwerp_MKI_Totaal[[#Headers],[D1]],Database_Productkaarten[#All],14,FALSE),0)*Ontwerpberekening!J12),0))/Ontwerpberekening!$A$2 -> 0 | S11: =(IF(Ontwerpberekening!E12="Bestaande Situatie",(_xlfn.IFNA(VLOOKUP(Ontwerp_MKI_Totaal[[#This Row],[Product]]&", "&Ontwerp_MKI_Totaal[[#Headers],[D2]],Database_Productkaarten[#All],14,FALSE),0)*Ontwerpberekening!J12),0))/Ontwerpberekening!$A$2 -> 0 | T11: =(IF(Ontwerpberekening!E12="Bestaande Situatie",(_xlfn.IFNA(VLOOKUP(Ontwerp_MKI_Totaal[[#This Row],[Product]]&", "&Ontwerp_MKI_Totaal[[#Headers],[D]],Database_Productkaarten[#All],14,FALSE),0)*Ontwerpberekening!J12),0))/Ontwerpberekening!$A$2 -> -7.8846214 | U11: =SUM(Ontwerp_MKI_Totaal[[#This Row],[A1-A3]:[C4]])+Ontwerp_MKI_Totaal[[#This Row],[D]] -> 116.28635 | CH11: Grondontgraving | CI11: 0 | CJ11: 0 | CK11: 0 | CL11: 0 | CM11: 0 | CN11: 0 | CO11: 102.1264 | CP11: 1795.0735 | CQ11: 0 | CR11: 17.1536 | CS11: 0
B12: =Ontwerpberekening!B13 -> Open Menggranulaat | C12: =Ontwerpberekening!C13 -> Menggranulaat | D12: =Ontwerpberekening!G13 -> Menggranulaat 200mm | E12: =(IF(Ontwerpberekening!E13="Nieuwe Situatie",(_xlfn.IFNA(VLOOKUP(Ontwerp_MKI_Totaal[[#This Row],[Product]]&", "&Ontwerp_MKI_Totaal[[#Headers],[A1]],Database_Productkaarten[#All],14,FALSE),0)*Ontwerpberekening!J13),0))/Ontwerpberekening!$A$2 -> 0 | F12: =(IF(Ontwerpberekening!E13="Nieuwe Situatie",(_xlfn.IFNA(VLOOKUP(Ontwerp_MKI_Totaal[[#This Row],[Product]]&", "&Ontwerp_MKI_Totaal[[#Headers],[A2]],Database_Productkaarten[#All],14,FALSE),0)*Ontwerpberekening!J13),0))/Ontwerpberekening!$A$2 -> 0 | G12: =(IF(Ontwerpberekening!E13="Nieuwe Situatie",(_xlfn.IFNA(VLOOKUP(Ontwerp_MKI_Totaal[[#This Row],[Product]]&", "&Ontwerp_MKI_Totaal[[#Headers],[A3]],Database_Productkaarten[#All],14,FALSE),0)*Ontwerpberekening!J13),0))/Ontwerpberekening!$A$2 -> 0 | H12: =(IF(Ontwerpberekening!E13="Nieuwe Situatie",(_xlfn.IFNA(VLOOKUP(Ontwerp_MKI_Totaal[[#This Row],[Product]]&", "&Ontwerp_MKI_Totaal[[#Headers],[A1-A3]],Database_Productkaarten[#All],14,FALSE),0)*Ontwerpberekening!J13),0))/Ontwerpberekening!$A$2 -> 0 | I12: =(IF(Ontwerpberekening!E13="Nieuwe Situatie",(_xlfn.IFNA(VLOOKUP(Ontwerp_MKI_Totaal[[#This Row],[Product]]&", "&Ontwerp_MKI_Totaal[[#Headers],[A4]],Database_Productkaarten[#All],14,FALSE),0)*Ontwerpberekening!R13),0))/Ontwerpberekening!$A$2 -> 0 | J12: =(IF(Ontwerpberekening!E13="Nieuwe Situatie",(_xlfn.IFNA(VLOOKUP(Ontwerp_MKI_Totaal[[#This Row],[Product]]&", "&Ontwerp_MKI_Totaal[[#Headers],[A5]],Database_Productkaarten[#All],14,FALSE),0)*Ontwerpberekening!J13),0))/Ontwerpberekening!$A$2 -> 0 | K12: =(IF(Ontwerpberekening!E13="Nieuwe Situatie",(_xlfn.IFNA(VLOOKUP(Ontwerp_MKI_Totaal[[#This Row],[Product]]&", "&Ontwerp_MKI_Totaal[[#Headers],[B1]],Database_Productkaarten[#All],14,FALSE),0)*Ontwerpberekening!J13),0))/Ontwerpberekening!$A$2 -> 0 | L12: =(IF(Ontwerpberekening!E13="Nieuwe Situatie",(_xlfn.IFNA(VLOOKUP(Ontwerp_MKI_Totaal[[#This Row],[Product]]&", "&Ontwerp_MKI_Totaal[[#Headers],[B3]],Database_Productkaarten[#All],14,FALSE),0)*Ontwerpberekening!J13),0))/Ontwerpberekening!$A$2 -> 0 | M12: =(IF(Ontwerpberekening!E13="Nieuwe Situatie",(SUM(Ontwerp_MKI_Totaal[[#This Row],[A1]:[B1]],Ontwerp_MKI_Totaal[[#This Row],[C1]:[D2]])*Ontwerpberekening!T13),0)) -> 0 | N12: =(IF(Ontwerpberekening!E13="Bestaande Situatie",(_xlfn.IFNA(VLOOKUP(Ontwerp_MKI_Totaal[[#This Row],[Product]]&", "&Ontwerp_MKI_Totaal[[#Headers],[C1]],Database_Productkaarten[#All],14,FALSE),0)*Ontwerpberekening!J13),0))/Ontwerpberekening!$A$2 -> 62.15 | O12: =(IF(Ontwerpberekening!E13="Bestaande Situatie",(_xlfn.IFNA(VLOOKUP(Ontwerp_MKI_Totaal[[#This Row],[Product]]&", "&Ontwerp_MKI_Totaal[[#Headers],[C2]],Database_Productkaarten[#All],14,FALSE),0)*Ontwerpberekening!R13),0))/Ontwerpberekening!$A$2 -> 1.4703 | P12: =(IF(Ontwerpberekening!E13="Bestaande Situatie",(_xlfn.IFNA(VLOOKUP(Ontwerp_MKI_Totaal[[#This Row],[Product]]&", "&Ontwerp_MKI_Totaal[[#Headers],[C3]],Database_Productkaarten[#All],14,FALSE),0)*Ontwerpberekening!J13),0))/Ontwerpberekening!$A$2 -> 0 | Q12: =(IF(Ontwerpberekening!E13="Bestaande Situatie",(_xlfn.IFNA(VLOOKUP(Ontwerp_MKI_Totaal[[#This Row],[Product]]&", "&Ontwerp_MKI_Totaal[[#Headers],[C4]],Database_Productkaarten[#All],14,FALSE),0)*Ontwerpberekening!J13),0))/Ontwerpberekening!$A$2 -> 2.9 | R12: =(IF(Ontwerpberekening!E13="Bestaande Situatie",(_xlfn.IFNA(VLOOKUP(Ontwerp_MKI_Totaal[[#This Row],[Product]]&", "&Ontwerp_MKI_Totaal[[#Headers],[D1]],Database_Productkaarten[#All],14,FALSE),0)*Ontwerpberekening!J13),0))/Ontwerpberekening!$A$2 -> 0 | S12: =(IF(Ontwerpberekening!E13="Bestaande Situatie",(_xlfn.IFNA(VLOOKUP(Ontwerp_MKI_Totaal[[#This Row],[Product]]&", "&Ontwerp_MKI_Totaal[[#Headers],[D2]],Database_Productkaarten[#All],14,FALSE),0)*Ontwerpberekening!J13),0))/Ontwerpberekening!$A$2 -> 0 | T12: =(IF(Ontwerpberekening!E13="Bestaande Situatie",(_xlfn.IFNA(VLOOKUP(Ontwerp_MKI_Totaal[[#This Row],[Product]]&", "&Ontwerp_MKI_Totaal[[#Headers],[D]],Database_Productkaarten[#All],14,FALSE),0)*Ontwerpberekening!J13),0))/Ontwerpberekening!$A$2 -> 5.86 | U12: =SUM(Ontwerp_MKI_Totaal[[#This Row],[A1-A3]:[C4]])+Ontwerp_MKI_Totaal[[#This Row],[D]] -> 72.3803 | CH12: Grand Total | CI12: 5735.7991 | CJ12: 669.75114 | CK12: 1228.2555 | CL12: 68.73 | CM12: 808.12094 | CN12: 0 | CO12: 575.99954 | CP12: 2323.3954 | CQ12: 1097.8058 | CR12: 49.13095 | CS12: -971.00809
B13: =Ontwerpberekening!B14 -> Open Menggranulaat | C13: =Ontwerpberekening!C14 -> Straatlaag | D13: =Ontwerpberekening!G14 -> Ophoogmateriaal (Zand) | E13: =(IF(Ontwerpberekening!E14="Nieuwe Situatie",(_xlfn.IFNA(VLOOKUP(Ontwerp_MKI_Totaal[[#This Row],[Product]]&", "&Ontwerp_MKI_Totaal[[#Headers],[A1]],Database_Productkaarten[#All],14,FALSE),0)*Ontwerpberekening!J14),0))/Ontwerpberekening!$A$2 -> 0 | F13: =(IF(Ontwerpberekening!E14="Nieuwe Situatie",(_xlfn.IFNA(VLOOKUP(Ontwerp_MKI_Totaal[[#This Row],[Product]]&", "&Ontwerp_MKI_Totaal[[#Headers],[A2]],Database_Productkaarten[#All],14,FALSE),0)*Ontwerpberekening!J14),0))/Ontwerpberekening!$A$2 -> 0 | G13: =(IF(Ontwerpberekening!E14="Nieuwe Situatie",(_xlfn.IFNA(VLOOKUP(Ontwerp_MKI_Totaal[[#This Row],[Product]]&", "&Ontwerp_MKI_Totaal[[#Headers],[A3]],Database_Productkaarten[#All],14,FALSE),0)*Ontwerpberekening!J14),0))/Ontwerpberekening!$A$2 -> 0 | H13: =(IF(Ontwerpberekening!E14="Nieuwe Situatie",(_xlfn.IFNA(VLOOKUP(Ontwerp_MKI_Totaal[[#This Row],[Product]]&", "&Ontwerp_MKI_Totaal[[#Headers],[A1-A3]],Database_Productkaarten[#All],14,FALSE),0)*Ontwerpberekening!J14),0))/Ontwerpberekening!$A$2 -> 0 | I13: =(IF(Ontwerpberekening!E14="Nieuwe Situatie",(_xlfn.IFNA(VLOOKUP(Ontwerp_MKI_Totaal[[#This Row],[Product]]&", "&Ontwerp_MKI_Totaal[[#Headers],[A4]],Database_Productkaarten[#All],14,FALSE),0)*Ontwerpberekening!R14),0))/Ontwerpberekening!$A$2 -> 0 | J13: =(IF(Ontwerpberekening!E14="Nieuwe Situatie",(_xlfn.IFNA(VLOOKUP(Ontwerp_MKI_Totaal[[#This Row],[Product]]&", "&Ontwerp_MKI_Totaal[[#Headers],[A5]],Database_Productkaarten[#All],14,FALSE),0)*Ontwerpberekening!J14),0))/Ontwerpberekening!$A$2 -> 0 | K13: =(IF(Ontwerpberekening!E14="Nieuwe Situatie",(_xlfn.IFNA(VLOOKUP(Ontwerp_MKI_Totaal[[#This Row],[Product]]&", "&Ontwerp_MKI_Totaal[[#Headers],[B1]],Database_Productkaarten[#All],14,FALSE),0)*Ontwerpberekening!J14),0))/Ontwerpberekening!$A$2 -> 0 | L13: =(IF(Ontwerpberekening!E14="Nieuwe Situatie",(_xlfn.IFNA(VLOOKUP(Ontwerp_MKI_Totaal[[#This Row],[Product]]&", "&Ontwerp_MKI_Totaal[[#Headers],[B3]],Database_Productkaarten[#All],14,FALSE),0)*Ontwerpberekening!J14),0))/Ontwerpberekening!$A$2 -> 0 | M13: =(IF(Ontwerpberekening!E14="Nieuwe Situatie",(SUM(Ontwerp_MKI_Totaal[[#This Row],[A1]:[B1]],Ontwerp_MKI_Totaal[[#This Row],[C1]:[D2]])*Ontwerpberekening!T14),0)) -> 0 | N13: =(IF(Ontwerpberekening!E14="Bestaande Situatie",(_xlfn.IFNA(VLOOKUP(Ontwerp_MKI_Totaal[[#This Row],[Product]]&", "&Ontwerp_MKI_Totaal[[#Headers],[C1]],Database_Productkaarten[#All],14,FALSE),0)*Ontwerpberekening!J14),0))/Ontwerpberekening!$A$2 -> 0.938 | O13: =(IF(Ontwerpberekening!E14="Bestaande Situatie",(_xlfn.IFNA(VLOOKUP(Ontwerp_MKI_Totaal[[#This Row],[Product]]&", "&Ontwerp_MKI_Totaal[[#Headers],[C2]],Database_Productkaarten[#All],14,FALSE),0)*Ontwerpberekening!R14),0))/Ontwerpberekening!$A$2 -> 26.928375 | P13: =(IF(Ontwerpberekening!E14="Bestaande Situatie",(_xlfn.IFNA(VLOOKUP(Ontwerp_MKI_Totaal[[#This Row],[Product]]&", "&Ontwerp_MKI_Totaal[[#Headers],[C3]],Database_Productkaarten[#All],14,FALSE),0)*Ontwerpberekening!J14),0))/Ontwerpberekening!$A$2 -> 0 | Q13: =(IF(Ontwerpberekening!E14="Bestaande Situatie",(_xlfn.IFNA(VLOOKUP(Ontwerp_MKI_Totaal[[#This Row],[Product]]&", "&Ontwerp_MKI_Totaal[[#Headers],[C4]],Database_Productkaarten[#All],14,FALSE),0)*Ontwerpberekening!J14),0))/Ontwerpberekening!$A$2 -> 0.27875 | R13: =(IF(Ontwerpberekening!E14="Bestaande Situatie",(_xlfn.IFNA(VLOOKUP(Ontwerp_MKI_Totaal[[#This Row],[Product]]&", "&Ontwerp_MKI_Totaal[[#Headers],[D1]],Database_Productkaarten[#All],14,FALSE),0)*Ontwerpberekening!J14),0))/Ontwerpberekening!$A$2 -> 0 | S13: =(IF(Ontwerpberekening!E14="Bestaande Situatie",(_xlfn.IFNA(VLOOKUP(Ontwerp_MKI_Totaal[[#This Row],[Product]]&", "&Ontwerp_MKI_Totaal[[#Headers],[D2]],Database_Productkaarten[#All],14,FALSE),0)*Ontwerpberekening!J14),0))/Ontwerpberekening!$A$2 -> 0 | T13: =(IF(Ontwerpberekening!E14="Bestaande Situatie",(_xlfn.IFNA(VLOOKUP(Ontwerp_MKI_Totaal[[#This Row],[Product]]&", "&Ontwerp_MKI_Totaal[[#Headers],[D]],Database_Productkaarten[#All],14,FALSE),0)*Ontwerpberekening!J14),0))/Ontwerpberekening!$A$2 -> -19.92325 | U13: =SUM(Ontwerp_MKI_Totaal[[#This Row],[A1-A3]:[C4]])+Ontwerp_MKI_Totaal[[#This Row],[D]] -> 8.221875
B14: =Ontwerpberekening!B15 -> Open Menggranulaat | C14: =Ontwerpberekening!C15 -> Toplaag | D14: =Ontwerpberekening!G15 -> Betonstraatsteen 210x105x80 | E14: =(IF(Ontwerpberekening!E15="Nieuwe Situatie",(_xlfn.IFNA(VLOOKUP(Ontwerp_MKI_Totaal[[#This Row],[Product]]&", "&Ontwerp_MKI_Totaal[[#Headers],[A1]],Database_Productkaarten[#All],14,FALSE),0)*Ontwerpberekening!J15),0))/Ontwerpberekening!$A$2 -> 0 | F14: =(IF(Ontwerpberekening!E15="Nieuwe Situatie",(_xlfn.IFNA(VLOOKUP(Ontwerp_MKI_Totaal[[#This Row],[Product]]&", "&Ontwerp_MKI_Totaal[[#Headers],[A2]],Database_Productkaarten[#All],14,FALSE),0)*Ontwerpberekening!J15),0))/Ontwerpberekening!$A$2 -> 0 | G14: =(IF(Ontwerpberekening!E15="Nieuwe Situatie",(_xlfn.IFNA(VLOOKUP(Ontwerp_MKI_Totaal[[#This Row],[Product]]&", "&Ontwerp_MKI_Totaal[[#Headers],[A3]],Database_Productkaarten[#All],14,FALSE),0)*Ontwerpberekening!J15),0))/Ontwerpberekening!$A$2 -> 0 | H14: =(IF(Ontwerpberekening!E15="Nieuwe Situatie",(_xlfn.IFNA(VLOOKUP(Ontwerp_MKI_Totaal[[#This Row],[Product]]&", "&Ontwerp_MKI_Totaal[[#Headers],[A1-A3]],Database_Productkaarten[#All],14,FALSE),0)*Ontwerpberekening!J15),0))/Ontwerpberekening!$A$2 -> 0 | I14: =(IF(Ontwerpberekening!E15="Nieuwe Situatie",(_xlfn.IFNA(VLOOKUP(Ontwerp_MKI_Totaal[[#This Row],[Product]]&", "&Ontwerp_MKI_Totaal[[#Headers],[A4]],Database_Productkaarten[#All],14,FALSE),0)*Ontwerpberekening!R15),0))/Ontwerpberekening!$A$2 -> 0 | J14: =(IF(Ontwerpberekening!E15="Nieuwe Situatie",(_xlfn.IFNA(VLOOKUP(Ontwerp_MKI_Totaal[[#This Row],[Product]]&", "&Ontwerp_MKI_Totaal[[#Headers],[A5]],Database_Productkaarten[#All],14,FALSE),0)*Ontwerpberekening!J15),0))/Ontwerpberekening!$A$2 -> 0 | K14: =(IF(Ontwerpberekening!E15="Nieuwe Situatie",(_xlfn.IFNA(VLOOKUP(Ontwerp_MKI_Totaal[[#This Row],[Product]]&", "&Ontwerp_MKI_Totaal[[#Headers],[B1]],Database_Productkaarten[#All],14,FALSE),0)*Ontwerpberekening!J15),0))/Ontwerpberekening!$A$2 -> 0 | L14: =(IF(Ontwerpberekening!E15="Nieuwe Situatie",(_xlfn.IFNA(VLOOKUP(Ontwerp_MKI_Totaal[[#This Row],[Product]]&", "&Ontwerp_MKI_Totaal[[#Headers],[B3]],Database_Productkaarten[#All],14,FALSE),0)*Ontwerpberekening!J15),0))/Ontwerpberekening!$A$2 -> 0 | M14: =(IF(Ontwerpberekening!E15="Nieuwe Situatie",(SUM(Ontwerp_MKI_Totaal[[#This Row],[A1]:[B1]],Ontwerp_MKI_Totaal[[#This Row],[C1]:[D2]])*Ontwerpberekening!T15),0)) -> 0 | N14: =(IF(Ontwerpberekening!E15="Bestaande Situatie",(_xlfn.IFNA(VLOOKUP(Ontwerp_MKI_Totaal[[#This Row],[Product]]&", "&Ontwerp_MKI_Totaal[[#Headers],[C1]],Database_Productkaarten[#All],14,FALSE),0)*Ontwerpberekening!J15),0))/Ontwerpberekening!$A$2 -> 39.375769 | O14: =(IF(Ontwerpberekening!E15="Bestaande Situatie",(_xlfn.IFNA(VLOOKUP(Ontwerp_MKI_Totaal[[#This Row],[Product]]&", "&Ontwerp_MKI_Totaal[[#Headers],[C2]],Database_Productkaarten[#All],14,FALSE),0)*Ontwerpberekening!R15),0))/Ontwerpberekening!$A$2 -> 12.674071 | P14: =(IF(Ontwerpberekening!E15="Bestaande Situatie",(_xlfn.IFNA(VLOOKUP(Ontwerp_MKI_Totaal[[#This Row],[Product]]&", "&Ontwerp_MKI_Totaal[[#Headers],[C3]],Database_Productkaarten[#All],14,FALSE),0)*Ontwerpberekening!J15),0))/Ontwerpberekening!$A$2 -> 14.404145 | Q14: =(IF(Ontwerpberekening!E15="Bestaande Situatie",(_xlfn.IFNA(VLOOKUP(Ontwerp_MKI_Totaal[[#This Row],[Product]]&", "&Ontwerp_MKI_Totaal[[#Headers],[C4]],Database_Productkaarten[#All],14,FALSE),0)*Ontwerpberekening!J15),0))/Ontwerpberekening!$A$2 -> 0.65691955 | R14: =(IF(Ontwerpberekening!E15="Bestaande Situatie",(_xlfn.IFNA(VLOOKUP(Ontwerp_MKI_Totaal[[#This Row],[Product]]&", "&Ontwerp_MKI_Totaal[[#Headers],[D1]],Database_Productkaarten[#All],14,FALSE),0)*Ontwerpberekening!J15),0))/Ontwerpberekening!$A$2 -> 0 | S14: =(IF(Ontwerpberekening!E15="Bestaande Situatie",(_xlfn.IFNA(VLOOKUP(Ontwerp_MKI_Totaal[[#This Row],[Product]]&", "&Ontwerp_MKI_Totaal[[#Headers],[D2]],Database_Productkaarten[#All],14,FALSE),0)*Ontwerpberekening!J15),0))/Ontwerpberekening!$A$2 -> 0 | T14: =(IF(Ontwerpberekening!E15="Bestaande Situatie",(_xlfn.IFNA(VLOOKUP(Ontwerp_MKI_Totaal[[#This Row],[Product]]&", "&Ontwerp_MKI_Totaal[[#Headers],[D]],Database_Productkaarten[#All],14,FALSE),0)*Ontwerpberekening!J15),0))/Ontwerpberekening!$A$2 -> -47.23149 | U14: =SUM(Ontwerp_MKI_Totaal[[#This Row],[A1-A3]:[C4]])+Ontwerp_MKI_Totaal[[#This Row],[D]] -> 19.879414
B15: =Ontwerpberekening!B16 -> Plastic kratten | C15: =Ontwerpberekening!C16 -> Grondontgraving | D15: =Ontwerpberekening!G16 -> Ophoogmateriaal (Grond) | E15: =(IF(Ontwerpberekening!E16="Nieuwe Situatie",(_xlfn.IFNA(VLOOKUP(Ontwerp_MKI_Totaal[[#This Row],[Product]]&", "&Ontwerp_MKI_Totaal[[#Headers],[A1]],Database_Productkaarten[#All],14,FALSE),0)*Ontwerpberekening!J16),0))/Ontwerpberekening!$A$2 -> 0 | F15: =(IF(Ontwerpberekening!E16="Nieuwe Situatie",(_xlfn.IFNA(VLOOKUP(Ontwerp_MKI_Totaal[[#This Row],[Product]]&", "&Ontwerp_MKI_Totaal[[#Headers],[A2]],Database_Productkaarten[#All],14,FALSE),0)*Ontwerpberekening!J16),0))/Ontwerpberekening!$A$2 -> 0 | G15: =(IF(Ontwerpberekening!E16="Nieuwe Situatie",(_xlfn.IFNA(VLOOKUP(Ontwerp_MKI_Totaal[[#This Row],[Product]]&", "&Ontwerp_MKI_Totaal[[#Headers],[A3]],Database_Productkaarten[#All],14,FALSE),0)*Ontwerpberekening!J16),0))/Ontwerpberekening!$A$2 -> 0 | H15: =(IF(Ontwerpberekening!E16="Nieuwe Situatie",(_xlfn.IFNA(VLOOKUP(Ontwerp_MKI_Totaal[[#This Row],[Product]]&", "&Ontwerp_MKI_Totaal[[#Headers],[A1-A3]],Database_Productkaarten[#All],14,FALSE),0)*Ontwerpberekening!J16),0))/Ontwerpberekening!$A$2 -> 0 | I15: =(IF(Ontwerpberekening!E16="Nieuwe Situatie",(_xlfn.IFNA(VLOOKUP(Ontwerp_MKI_Totaal[[#This Row],[Product]]&", "&Ontwerp_MKI_Totaal[[#Headers],[A4]],Database_Productkaarten[#All],14,FALSE),0)*Ontwerpberekening!R16),0))/Ontwerpberekening!$A$2 -> 0 | J15: =(IF(Ontwerpberekening!E16="Nieuwe Situatie",(_xlfn.IFNA(VLOOKUP(Ontwerp_MKI_Totaal[[#This Row],[Product]]&", "&Ontwerp_MKI_Totaal[[#Headers],[A5]],Database_Productkaarten[#All],14,FALSE),0)*Ontwerpberekening!J16),0))/Ontwerpberekening!$A$2 -> 0 | K15: =(IF(Ontwerpberekening!E16="Nieuwe Situatie",(_xlfn.IFNA(VLOOKUP(Ontwerp_MKI_Totaal[[#This Row],[Product]]&", "&Ontwerp_MKI_Totaal[[#Headers],[B1]],Database_Productkaarten[#All],14,FALSE),0)*Ontwerpberekening!J16),0))/Ontwerpberekening!$A$2 -> 0 | L15: =(IF(Ontwerpberekening!E16="Nieuwe Situatie",(_xlfn.IFNA(VLOOKUP(Ontwerp_MKI_Totaal[[#This Row],[Product]]&", "&Ontwerp_MKI_Totaal[[#Headers],[B3]],Database_Productkaarten[#All],14,FALSE),0)*Ontwerpberekening!J16),0))/Ontwerpberekening!$A$2 -> 0 | M15: =(IF(Ontwerpberekening!E16="Nieuwe Situatie",(SUM(Ontwerp_MKI_Totaal[[#This Row],[A1]:[B1]],Ontwerp_MKI_Totaal[[#This Row],[C1]:[D2]])*Ontwerpberekening!T16),0)) -> 0 | N15: =(IF(Ontwerpberekening!E16="Bestaande Situatie",(_xlfn.IFNA(VLOOKUP(Ontwerp_MKI_Totaal[[#This Row],[Product]]&", "&Ontwerp_MKI_Totaal[[#Headers],[C1]],Database_Productkaarten[#All],14,FALSE),0)*Ontwerpberekening!J16),0))/Ontwerpberekening!$A$2 -> 35.2408 | O15: =(IF(Ontwerpberekening!E16="Bestaande Situatie",(_xlfn.IFNA(VLOOKUP(Ontwerp_MKI_Totaal[[#This Row],[Product]]&", "&Ontwerp_MKI_Totaal[[#Headers],[C2]],Database_Productkaarten[#All],14,FALSE),0)*Ontwerpberekening!R16),0))/Ontwerpberekening!$A$2 -> 619.42676 | P15: =(IF(Ontwerpberekening!E16="Bestaande Situatie",(_xlfn.IFNA(VLOOKUP(Ontwerp_MKI_Totaal[[#This Row],[Product]]&", "&Ontwerp_MKI_Totaal[[#Headers],[C3]],Database_Productkaarten[#All],14,FALSE),0)*Ontwerpberekening!J16),0))/Ontwerpberekening!$A$2 -> 0 | Q15: =(IF(Ontwerpberekening!E16="Bestaande Situatie",(_xlfn.IFNA(VLOOKUP(Ontwerp_MKI_Totaal[[#This Row],[Product]]&", "&Ontwerp_MKI_Totaal[[#Headers],[C4]],Database_Productkaarten[#All],14,FALSE),0)*Ontwerpberekening!J16),0))/Ontwerpberekening!$A$2 -> 5.9192 | R15: =(IF(Ontwerpberekening!E16="Bestaande Situatie",(_xlfn.IFNA(VLOOKUP(Ontwerp_MKI_Totaal[[#This Row],[Product]]&", "&Ontwerp_MKI_Totaal[[#Headers],[D1]],Database_Productkaarten[#All],14,FALSE),0)*Ontwerpberekening!J16),0))/Ontwerpberekening!$A$2 -> 0 | S15: =(IF(Ontwerpberekening!E16="Bestaande Situatie",(_xlfn.IFNA(VLOOKUP(Ontwerp_MKI_Totaal[[#This Row],[Product]]&", "&Ontwerp_MKI_Totaal[[#Headers],[D2]],Database_Productkaarten[#All],14,FALSE),0)*Ontwerpberekening!J16),0))/Ontwerpberekening!$A$2 -> 0 | T15: =(IF(Ontwerpberekening!E16="Bestaande Situatie",(_xlfn.IFNA(VLOOKUP(Ontwerp_MKI_Totaal[[#This Row],[Product]]&", "&Ontwerp_MKI_Totaal[[#Headers],[D]],Database_Productkaarten[#All],14,FALSE),0)*Ontwerpberekening!J16),0))/Ontwerpberekening!$A$2 -> 0 | U15: =SUM(Ontwerp_MKI_Totaal[[#This Row],[A1-A3]:[C4]])+Ontwerp_MKI_Totaal[[#This Row],[D]] -> 660.58676
B16: =Ontwerpberekening!B17 -> Plastic kratten | C16: =Ontwerpberekening!C17 -> Grondverbetering | D16: =Ontwerpberekening!G17 -> Ophoogmateriaal (Zand) | E16: =(IF(Ontwerpberekening!E17="Nieuwe Situatie",(_xlfn.IFNA(VLOOKUP(Ontwerp_MKI_Totaal[[#This Row],[Product]]&", "&Ontwerp_MKI_Totaal[[#Headers],[A1]],Database_Productkaarten[#All],14,FALSE),0)*Ontwerpberekening!J17),0))/Ontwerpberekening!$A$2 -> 0 | F16: =(IF(Ontwerpberekening!E17="Nieuwe Situatie",(_xlfn.IFNA(VLOOKUP(Ontwerp_MKI_Totaal[[#This Row],[Product]]&", "&Ontwerp_MKI_Totaal[[#Headers],[A2]],Database_Productkaarten[#All],14,FALSE),0)*Ontwerpberekening!J17),0))/Ontwerpberekening!$A$2 -> 0 | G16: =(IF(Ontwerpberekening!E17="Nieuwe Situatie",(_xlfn.IFNA(VLOOKUP(Ontwerp_MKI_Totaal[[#This Row],[Product]]&", "&Ontwerp_MKI_Totaal[[#Headers],[A3]],Database_Productkaarten[#All],14,FALSE),0)*Ontwerpberekening!J17),0))/Ontwerpberekening!$A$2 -> 0 | H16: =(IF(Ontwerpberekening!E17="Nieuwe Situatie",(_xlfn.IFNA(VLOOKUP(Ontwerp_MKI_Totaal[[#This Row],[Product]]&", "&Ontwerp_MKI_Totaal[[#Headers],[A1-A3]],Database_Productkaarten[#All],14,FALSE),0)*Ontwerpberekening!J17),0))/Ontwerpberekening!$A$2 -> 56.0605 | I16: =(IF(Ontwerpberekening!E17="Nieuwe Situatie",(_xlfn.IFNA(VLOOKUP(Ontwerp_MKI_Totaal[[#This Row],[Product]]&", "&Ontwerp_MKI_Totaal[[#Headers],[A4]],Database_Productkaarten[#All],14,FALSE),0)*Ontwerpberekening!R17),0))/Ontwerpberekening!$A$2 -> 26.66175 | J16: =(IF(Ontwerpberekening!E17="Nieuwe Situatie",(_xlfn.IFNA(VLOOKUP(Ontwerp_MKI_Totaal[[#This Row],[Product]]&", "&Ontwerp_MKI_Totaal[[#Headers],[A5]],Database_Productkaarten[#All],14,FALSE),0)*Ontwerpberekening!J17),0))/Ontwerpberekening!$A$2 -> 5.5685 | K16: =(IF(Ontwerpberekening!E17="Nieuwe Situatie",(_xlfn.IFNA(VLOOKUP(Ontwerp_MKI_Totaal[[#This Row],[Product]]&", "&Ontwerp_MKI_Totaal[[#Headers],[B1]],Database_Productkaarten[#All],14,FALSE),0)*Ontwerpberekening!J17),0))/Ontwerpberekening!$A$2 -> 0 | L16: =(IF(Ontwerpberekening!E17="Nieuwe Situatie",(_xlfn.IFNA(VLOOKUP(Ontwerp_MKI_Totaal[[#This Row],[Product]]&", "&Ontwerp_MKI_Totaal[[#Headers],[B3]],Database_Productkaarten[#All],14,FALSE),0)*Ontwerpberekening!J17),0))/Ontwerpberekening!$A$2 -> 0 | M16: =(IF(Ontwerpberekening!E17="Nieuwe Situatie",(SUM(Ontwerp_MKI_Totaal[[#This Row],[A1]:[B1]],Ontwerp_MKI_Totaal[[#This Row],[C1]:[D2]])*Ontwerpberekening!T17),0)) -> 0 | N16: =(IF(Ontwerpberekening!E17="Bestaande Situatie",(_xlfn.IFNA(VLOOKUP(Ontwerp_MKI_Totaal[[#This Row],[Product]]&", "&Ontwerp_MKI_Totaal[[#Headers],[C1]],Database_Productkaarten[#All],14,FALSE),0)*Ontwerpberekening!J17),0))/Ontwerpberekening!$A$2 -> 0 | O16: =(IF(Ontwerpberekening!E17="Bestaande Situatie",(_xlfn.IFNA(VLOOKUP(Ontwerp_MKI_Totaal[[#This Row],[Product]]&", "&Ontwerp_MKI_Totaal[[#Headers],[C2]],Database_Productkaarten[#All],14,FALSE),0)*Ontwerpberekening!R17),0))/Ontwerpberekening!$A$2 -> 0 | P16: =(IF(Ontwerpberekening!E17="Bestaande Situatie",(_xlfn.IFNA(VLOOKUP(Ontwerp_MKI_Totaal[[#This Row],[Product]]&", "&Ontwerp_MKI_Totaal[[#Headers],[C3]],Database_Productkaarten[#All],14,FALSE),0)*Ontwerpberekening!J17),0))/Ontwerpberekening!$A$2 -> 0 | Q16: =(IF(Ontwerpberekening!E17="Bestaande Situatie",(_xlfn.IFNA(VLOOKUP(Ontwerp_MKI_Totaal[[#This Row],[Product]]&", "&Ontwerp_MKI_Totaal[[#Headers],[C4]],Database_Productkaarten[#All],14,FALSE),0)*Ontwerpberekening!J17),0))/Ontwerpberekening!$A$2 -> 0 | R16: =(IF(Ontwerpberekening!E17="Bestaande Situatie",(_xlfn.IFNA(VLOOKUP(Ontwerp_MKI_Totaal[[#This Row],[Product]]&", "&Ontwerp_MKI_Totaal[[#Headers],[D1]],Database_Productkaarten[#All],14,FALSE),0)*Ontwerpberekening!J17),0))/Ontwerpberekening!$A$2 -> 0 | S16: =(IF(Ontwerpberekening!E17="Bestaande Situatie",(_xlfn.IFNA(VLOOKUP(Ontwerp_MKI_Totaal[[#This Row],[Product]]&", "&Ontwerp_MKI_Totaal[[#Headers],[D2]],Database_Productkaarten[#All],14,FALSE),0)*Ontwerpberekening!J17),0))/Ontwerpberekening!$A$2 -> 0 | T16: =(IF(Ontwerpberekening!E17="Bestaande Situatie",(_xlfn.IFNA(VLOOKUP(Ontwerp_MKI_Totaal[[#This Row],[Product]]&", "&Ontwerp_MKI_Totaal[[#Headers],[D]],Database_Productkaarten[#All],14,FALSE),0)*Ontwerpberekening!J17),0))/Ontwerpberekening!$A$2 -> 0 | U16: =SUM(Ontwerp_MKI_Totaal[[#This Row],[A1-A3]:[C4]])+Ontwerp_MKI_Totaal[[#This Row],[D]] -> 88.29075
B17: =Ontwerpberekening!B18 -> Plastic kratten | C17: =Ontwerpberekening!C18 -> Waterbergendelaag | D17: =Ontwerpberekening!G18 -> Kunststof Inflitratiekrat | E17: =(IF(Ontwerpberekening!E18="Nieuwe Situatie",(_xlfn.IFNA(VLOOKUP(Ontwerp_MKI_Totaal[[#This Row],[Product]]&", "&Ontwerp_MKI_Totaal[[#Headers],[A1]],Database_Productkaarten[#All],14,FALSE),0)*Ontwerpberekening!J18),0))/Ontwerpberekening!$A$2 -> 0 | F17: =(IF(Ontwerpberekening!E18="Nieuwe Situatie",(_xlfn.IFNA(VLOOKUP(Ontwerp_MKI_Totaal[[#This Row],[Product]]&", "&Ontwerp_MKI_Totaal[[#Headers],[A2]],Database_Productkaarten[#All],14,FALSE),0)*Ontwerpberekening!J18),0))/Ontwerpberekening!$A$2 -> 0 | G17: =(IF(Ontwerpberekening!E18="Nieuwe Situatie",(_xlfn.IFNA(VLOOKUP(Ontwerp_MKI_Totaal[[#This Row],[Product]]&", "&Ontwerp_MKI_Totaal[[#Headers],[A3]],Database_Productkaarten[#All],14,FALSE),0)*Ontwerpberekening!J18),0))/Ontwerpberekening!$A$2 -> 0 | H17: =(IF(Ontwerpberekening!E18="Nieuwe Situatie",(_xlfn.IFNA(VLOOKUP(Ontwerp_MKI_Totaal[[#This Row],[Product]]&", "&Ontwerp_MKI_Totaal[[#Headers],[A1-A3]],Database_Productkaarten[#All],14,FALSE),0)*Ontwerpberekening!J18),0))/Ontwerpberekening!$A$2 -> 2356.5 | I17: =(IF(Ontwerpberekening!E18="Nieuwe Situatie",(_xlfn.IFNA(VLOOKUP(Ontwerp_MKI_Totaal[[#This Row],[Product]]&", "&Ontwerp_MKI_Totaal[[#Headers],[A4]],Database_Productkaarten[#All],14,FALSE),0)*Ontwerpberekening!R18),0))/Ontwerpberekening!$A$2 -> 0.238 | J17: =(IF(Ontwerpberekening!E18="Nieuwe Situatie",(_xlfn.IFNA(VLOOKUP(Ontwerp_MKI_Totaal[[#This Row],[Product]]&", "&Ontwerp_MKI_Totaal[[#Headers],[A5]],Database_Productkaarten[#All],14,FALSE),0)*Ontwerpberekening!J18),0))/Ontwerpberekening!$A$2 -> 332 | K17: =(IF(Ontwerpberekening!E18="Nieuwe Situatie",(_xlfn.IFNA(VLOOKUP(Ontwerp_MKI_Totaal[[#This Row],[Product]]&", "&Ontwerp_MKI_Totaal[[#Headers],[B1]],Database_Productkaarten[#All],14,FALSE),0)*Ontwerpberekening!J18),0))/Ontwerpberekening!$A$2 -> 0 | L17: =(IF(Ontwerpberekening!E18="Nieuwe Situatie",(_xlfn.IFNA(VLOOKUP(Ontwerp_MKI_Totaal[[#This Row],[Product]]&", "&Ontwerp_MKI_Totaal[[#Headers],[B3]],Database_Productkaarten[#All],14,FALSE),0)*Ontwerpberekening!J18),0))/Ontwerpberekening!$A$2 -> 0 | M17: =(IF(Ontwerpberekening!E18="Nieuwe Situatie",(SUM(Ontwerp_MKI_Totaal[[#This Row],[A1]:[B1]],Ontwerp_MKI_Totaal[[#This Row],[C1]:[D2]])*Ontwerpberekening!T18),0)) -> 0 | N17: =(IF(Ontwerpberekening!E18="Bestaande Situatie",(_xlfn.IFNA(VLOOKUP(Ontwerp_MKI_Totaal[[#This Row],[Product]]&", "&Ontwerp_MKI_Totaal[[#Headers],[C1]],Database_Productkaarten[#All],14,FALSE),0)*Ontwerpberekening!J18),0))/Ontwerpberekening!$A$2 -> 0 | O17: =(IF(Ontwerpberekening!E18="Bestaande Situatie",(_xlfn.IFNA(VLOOKUP(Ontwerp_MKI_Totaal[[#This Row],[Product]]&", "&Ontwerp_MKI_Totaal[[#Headers],[C2]],Database_Productkaarten[#All],14,FALSE),0)*Ontwerpberekening!R18),0))/Ontwerpberekening!$A$2 -> 0 | P17: =(IF(Ontwerpberekening!E18="Bestaande Situatie",(_xlfn.IFNA(VLOOKUP(Ontwerp_MKI_Totaal[[#This Row],[Product]]&", "&Ontwerp_MKI_Totaal[[#Headers],[C3]],Database_Productkaarten[#All],14,FALSE),0)*Ontwerpberekening!J18),0))/Ontwerpberekening!$A$2 -> 0 | Q17: =(IF(Ontwerpberekening!E18="Bestaande Situatie",(_xlfn.IFNA(VLOOKUP(Ontwerp_MKI_Totaal[[#This Row],[Product]]&", "&Ontwerp_MKI_Totaal[[#Headers],[C4]],Database_Productkaarten[#All],14,FALSE),0)*Ontwerpberekening!J18),0))/Ontwerpberekening!$A$2 -> 0 | R17: =(IF(Ontwerpberekening!E18="Bestaande Situatie",(_xlfn.IFNA(VLOOKUP(Ontwerp_MKI_Totaal[[#This Row],[Product]]&", "&Ontwerp_MKI_Totaal[[#Headers],[D1]],Database_Productkaarten[#All],14,FALSE),0)*Ontwerpberekening!J18),0))/Ontwerpberekening!$A$2 -> 0 | S17: =(IF(Ontwerpberekening!E18="Bestaande Situatie",(_xlfn.IFNA(VLOOKUP(Ontwerp_MKI_Totaal[[#This Row],[Product]]&", "&Ontwerp_MKI_Totaal[[#Headers],[D2]],Database_Productkaarten[#All],14,FALSE),0)*Ontwerpberekening!J18),0))/Ontwerpberekening!$A$2 -> 0 | T17: =(IF(Ontwerpberekening!E18="Bestaande Situatie",(_xlfn.IFNA(VLOOKUP(Ontwerp_MKI_Totaal[[#This Row],[Product]]&", "&Ontwerp_MKI_Totaal[[#Headers],[D]],Database_Productkaarten[#All],14,FALSE),0)*Ontwerpberekening!J18),0))/Ontwerpberekening!$A$2 -> 0 | U17: =SUM(Ontwerp_MKI_Totaal[[#This Row],[A1-A3]:[C4]])+Ontwerp_MKI_Totaal[[#This Row],[D]] -> 2688.738
B18: =Ontwerpberekening!B19 -> Plastic kratten | C18: =Ontwerpberekening!C19 -> Menggranulaat | D18: =Ontwerpberekening!G19 -> Menggranulaat 300mm | E18: =(IF(Ontwerpberekening!E19="Nieuwe Situatie",(_xlfn.IFNA(VLOOKUP(Ontwerp_MKI_Totaal[[#This Row],[Product]]&", "&Ontwerp_MKI_Totaal[[#Headers],[A1]],Database_Productkaarten[#All],14,FALSE),0)*Ontwerpberekening!J19),0))/Ontwerpberekening!$A$2 -> 0 | F18: =(IF(Ontwerpberekening!E19="Nieuwe Situatie",(_xlfn.IFNA(VLOOKUP(Ontwerp_MKI_Totaal[[#This Row],[Product]]&", "&Ontwerp_MKI_Totaal[[#Headers],[A2]],Database_Productkaarten[#All],14,FALSE),0)*Ontwerpberekening!J19),0))/Ontwerpberekening!$A$2 -> 0 | G18: =(IF(Ontwerpberekening!E19="Nieuwe Situatie",(_xlfn.IFNA(VLOOKUP(Ontwerp_MKI_Totaal[[#This Row],[Product]]&", "&Ontwerp_MKI_Totaal[[#Headers],[A3]],Database_Productkaarten[#All],14,FALSE),0)*Ontwerpberekening!J19),0))/Ontwerpberekening!$A$2 -> 0 | H18: =(IF(Ontwerpberekening!E19="Nieuwe Situatie",(_xlfn.IFNA(VLOOKUP(Ontwerp_MKI_Totaal[[#This Row],[Product]]&", "&Ontwerp_MKI_Totaal[[#Headers],[A1-A3]],Database_Productkaarten[#All],14,FALSE),0)*Ontwerpberekening!J19),0))/Ontwerpberekening!$A$2 -> 0 | I18: =(IF(Ontwerpberekening!E19="Nieuwe Situatie",(_xlfn.IFNA(VLOOKUP(Ontwerp_MKI_Totaal[[#This Row],[Product]]&", "&Ontwerp_MKI_Totaal[[#Headers],[A4]],Database_Productkaarten[#All],14,FALSE),0)*Ontwerpberekening!R19),0))/Ontwerpberekening!$A$2 -> 81.885375 | J18: =(IF(Ontwerpberekening!E19="Nieuwe Situatie",(_xlfn.IFNA(VLOOKUP(Ontwerp_MKI_Totaal[[#This Row],[Product]]&", "&Ontwerp_MKI_Totaal[[#Headers],[A5]],Database_Productkaarten[#All],14,FALSE),0)*Ontwerpberekening!J19),0))/Ontwerpberekening!$A$2 -> 94.015 | K18: =(IF(Ontwerpberekening!E19="Nieuwe Situatie",(_xlfn.IFNA(VLOOKUP(Ontwerp_MKI_Totaal[[#This Row],[Product]]&", "&Ontwerp_MKI_Totaal[[#Headers],[B1]],Database_Productkaarten[#All],14,FALSE),0)*Ontwerpberekening!J19),0))/Ontwerpberekening!$A$2 -> 20.62 | L18: =(IF(Ontwerpberekening!E19="Nieuwe Situatie",(_xlfn.IFNA(VLOOKUP(Ontwerp_MKI_Totaal[[#This Row],[Product]]&", "&Ontwerp_MKI_Totaal[[#Headers],[B3]],Database_Productkaarten[#All],14,FALSE),0)*Ontwerpberekening!J19),0))/Ontwerpberekening!$A$2 -> 0 | M18: =(IF(Ontwerpberekening!E19="Nieuwe Situatie",(SUM(Ontwerp_MKI_Totaal[[#This Row],[A1]:[B1]],Ontwerp_MKI_Totaal[[#This Row],[C1]:[D2]])*Ontwerpberekening!T19),0)) -> 0 | N18: =(IF(Ontwerpberekening!E19="Bestaande Situatie",(_xlfn.IFNA(VLOOKUP(Ontwerp_MKI_Totaal[[#This Row],[Product]]&", "&Ontwerp_MKI_Totaal[[#Headers],[C1]],Database_Productkaarten[#All],14,FALSE),0)*Ontwerpberekening!J19),0))/Ontwerpberekening!$A$2 -> 0 | O18: =(IF(Ontwerpberekening!E19="Bestaande Situatie",(_xlfn.IFNA(VLOOKUP(Ontwerp_MKI_Totaal[[#This Row],[Product]]&", "&Ontwerp_MKI_Totaal[[#Headers],[C2]],Database_Productkaarten[#All],14,FALSE),0)*Ontwerpberekening!R19),0))/Ontwerpberekening!$A$2 -> 0 | P18: =(IF(Ontwerpberekening!E19="Bestaande Situatie",(_xlfn.IFNA(VLOOKUP(Ontwerp_MKI_Totaal[[#This Row],[Product]]&", "&Ontwerp_MKI_Totaal[[#Headers],[C3]],Database_Productkaarten[#All],14,FALSE),0)*Ontwerpberekening!J19),0))/Ontwerpberekening!$A$2 -> 0 | Q18: =(IF(Ontwerpberekening!E19="Bestaande Situatie",(_xlfn.IFNA(VLOOKUP(Ontwerp_MKI_Totaal[[#This Row],[Product]]&", "&Ontwerp_MKI_Totaal[[#Headers],[C4]],Database_Productkaarten[#All],14,FALSE),0)*Ontwerpberekening!J19),0))/Ontwerpberekening!$A$2 -> 0 | R18: =(IF(Ontwerpberekening!E19="Bestaande Situatie",(_xlfn.IFNA(VLOOKUP(Ontwerp_MKI_Totaal[[#This Row],[Product]]&", "&Ontwerp_MKI_Totaal[[#Headers],[D1]],Database_Productkaarten[#All],14,FALSE),0)*Ontwerpberekening!J19),0))/Ontwerpberekening!$A$2 -> 0 | S18: =(IF(Ontwerpberekening!E19="Bestaande Situatie",(_xlfn.IFNA(VLOOKUP(Ontwerp_MKI_Totaal[[#This Row],[Product]]&", "&Ontwerp_MKI_Totaal[[#Headers],[D2]],Database_Productkaarten[#All],14,FALSE),0)*Ontwerpberekening!J19),0))/Ontwerpberekening!$A$2 -> 0 | T18: =(IF(Ontwerpberekening!E19="Bestaande Situatie",(_xlfn.IFNA(VLOOKUP(Ontwerp_MKI_Totaal[[#This Row],[Product]]&", "&Ontwerp_MKI_Totaal[[#Headers],[D]],Database_Productkaarten[#All],14,FALSE),0)*Ontwerpberekening!J19),0))/Ontwerpberekening!$A$2 -> 0 | U18: =SUM(Ontwerp_MKI_Totaal[[#This Row],[A1-A3]:[C4]])+Ontwerp_MKI_Totaal[[#This Row],[D]] -> 196.52038
B19: =Ontwerpberekening!B20 -> Plastic kratten | C19: =Ontwerpberekening!C20 -> Straatlaag | D19: =Ontwerpberekening!G20 -> Ophoogmateriaal (Zand) | E19: =(IF(Ontwerpberekening!E20="Nieuwe Situatie",(_xlfn.IFNA(VLOOKUP(Ontwerp_MKI_Totaal[[#This Row],[Product]]&", "&Ontwerp_MKI_Totaal[[#Headers],[A1]],Database_Productkaarten[#All],14,FALSE),0)*Ontwerpberekening!J20),0))/Ontwerpberekening!$A$2 -> 0 | F19: =(IF(Ontwerpberekening!E20="Nieuwe Situatie",(_xlfn.IFNA(VLOOKUP(Ontwerp_MKI_Totaal[[#This Row],[Product]]&", "&Ontwerp_MKI_Totaal[[#Headers],[A2]],Database_Productkaarten[#All],14,FALSE),0)*Ontwerpberekening!J20),0))/Ontwerpberekening!$A$2 -> 0 | G19: =(IF(Ontwerpberekening!E20="Nieuwe Situatie",(_xlfn.IFNA(VLOOKUP(Ontwerp_MKI_Totaal[[#This Row],[Product]]&", "&Ontwerp_MKI_Totaal[[#Headers],[A3]],Database_Productkaarten[#All],14,FALSE),0)*Ontwerpberekening!J20),0))/Ontwerpberekening!$A$2 -> 0 | H19: =(IF(Ontwerpberekening!E20="Nieuwe Situatie",(_xlfn.IFNA(VLOOKUP(Ontwerp_MKI_Totaal[[#This Row],[Product]]&", "&Ontwerp_MKI_Totaal[[#Headers],[A1-A3]],Database_Productkaarten[#All],14,FALSE),0)*Ontwerpberekening!J20),0))/Ontwerpberekening!$A$2 -> 56.0605 | I19: =(IF(Ontwerpberekening!E20="Nieuwe Situatie",(_xlfn.IFNA(VLOOKUP(Ontwerp_MKI_Totaal[[#This Row],[Product]]&", "&Ontwerp_MKI_Totaal[[#Headers],[A4]],Database_Productkaarten[#All],14,FALSE),0)*Ontwerpberekening!R20),0))/Ontwerpberekening!$A$2 -> 26.66175 | J19: =(IF(Ontwerpberekening!E20="Nieuwe Situatie",(_xlfn.IFNA(VLOOKUP(Ontwerp_MKI_Totaal[[#This Row],[Product]]&", "&Ontwerp_MKI_Totaal[[#Headers],[A5]],Database_Productkaarten[#All],14,FALSE),0)*Ontwerpberekening!J20),0))/Ontwerpberekening!$A$2 -> 5.5685 | K19: =(IF(Ontwerpberekening!E20="Nieuwe Situatie",(_xlfn.IFNA(VLOOKUP(Ontwerp_MKI_Totaal[[#This Row],[Product]]&", "&Ontwerp_MKI_Totaal[[#Headers],[B1]],Database_Productkaarten[#All],14,FALSE),0)*Ontwerpberekening!J20),0))/Ontwerpberekening!$A$2 -> 0 | L19: =(IF(Ontwerpberekening!E20="Nieuwe Situatie",(_xlfn.IFNA(VLOOKUP(Ontwerp_MKI_Totaal[[#This Row],[Product]]&", "&Ontwerp_MKI_Totaal[[#Headers],[B3]],Database_Productkaarten[#All],14,FALSE),0)*Ontwerpberekening!J20),0))/Ontwerpberekening!$A$2 -> 0 | M19: =(IF(Ontwerpberekening!E20="Nieuwe Situatie",(SUM(Ontwerp_MKI_Totaal[[#This Row],[A1]:[B1]],Ontwerp_MKI_Totaal[[#This Row],[C1]:[D2]])*Ontwerpberekening!T20),0)) -> 0 | N19: =(IF(Ontwerpberekening!E20="Bestaande Situatie",(_xlfn.IFNA(VLOOKUP(Ontwerp_MKI_Totaal[[#This Row],[Product]]&", "&Ontwerp_MKI_Totaal[[#Headers],[C1]],Database_Productkaarten[#All],14,FALSE),0)*Ontwerpberekening!J20),0))/Ontwerpberekening!$A$2 -> 0 | O19: =(IF(Ontwerpberekening!E20="Bestaande Situatie",(_xlfn.IFNA(VLOOKUP(Ontwerp_MKI_Totaal[[#This Row],[Product]]&", "&Ontwerp_MKI_Totaal[[#Headers],[C2]],Database_Productkaarten[#All],14,FALSE),0)*Ontwerpberekening!R20),0))/Ontwerpberekening!$A$2 -> 0 | P19: =(IF(Ontwerpberekening!E20="Bestaande Situatie",(_xlfn.IFNA(VLOOKUP(Ontwerp_MKI_Totaal[[#This Row],[Product]]&", "&Ontwerp_MKI_Totaal[[#Headers],[C3]],Database_Productkaarten[#All],14,FALSE),0)*Ontwerpberekening!J20),0))/Ontwerpberekening!$A$2 -> 0 | Q19: =(IF(Ontwerpberekening!E20="Bestaande Situatie",(_xlfn.IFNA(VLOOKUP(Ontwerp_MKI_Totaal[[#This Row],[Product]]&", "&Ontwerp_MKI_Totaal[[#Headers],[C4]],Database_Productkaarten[#All],14,FALSE),0)*Ontwerpberekening!J20),0))/Ontwerpberekening!$A$2 -> 0 | R19: =(IF(Ontwerpberekening!E20="Bestaande Situatie",(_xlfn.IFNA(VLOOKUP(Ontwerp_MKI_Totaal[[#This Row],[Product]]&", "&Ontwerp_MKI_Totaal[[#Headers],[D1]],Database_Productkaarten[#All],14,FALSE),0)*Ontwerpberekening!J20),0))/Ontwerpberekening!$A$2 -> 0 | S19: =(IF(Ontwerpberekening!E20="Bestaande Situatie",(_xlfn.IFNA(VLOOKUP(Ontwerp_MKI_Totaal[[#This Row],[Product]]&", "&Ontwerp_MKI_Totaal[[#Headers],[D2]],Database_Productkaarten[#All],14,FALSE),0)*Ontwerpberekening!J20),0))/Ontwerpberekening!$A$2 -> 0 | T19: =(IF(Ontwerpberekening!E20="Bestaande Situatie",(_xlfn.IFNA(VLOOKUP(Ontwerp_MKI_Totaal[[#This Row],[Product]]&", "&Ontwerp_MKI_Totaal[[#Headers],[D]],Database_Productkaarten[#All],14,FALSE),0)*Ontwerpberekening!J20),0))/Ontwerpberekening!$A$2 -> 0 | U19: =SUM(Ontwerp_MKI_Totaal[[#This Row],[A1-A3]:[C4]])+Ontwerp_MKI_Totaal[[#This Row],[D]] -> 88.29075
B20: =Ontwerpberekening!B21 -> Plastic kratten | C20: =Ontwerpberekening!C21 -> Toplaag | D20: =Ontwerpberekening!G21 -> Betonstraatsteen 210x105x80 | E20: =(IF(Ontwerpberekening!E21="Nieuwe Situatie",(_xlfn.IFNA(VLOOKUP(Ontwerp_MKI_Totaal[[#This Row],[Product]]&", "&Ontwerp_MKI_Totaal[[#Headers],[A1]],Database_Productkaarten[#All],14,FALSE),0)*Ontwerpberekening!J21),0))/Ontwerpberekening!$A$2 -> 792.97525 | F20: =(IF(Ontwerpberekening!E21="Nieuwe Situatie",(_xlfn.IFNA(VLOOKUP(Ontwerp_MKI_Totaal[[#This Row],[Product]]&", "&Ontwerp_MKI_Totaal[[#Headers],[A2]],Database_Productkaarten[#All],14,FALSE),0)*Ontwerpberekening!J21),0))/Ontwerpberekening!$A$2 -> 56.953865 | G20: =(IF(Ontwerpberekening!E21="Nieuwe Situatie",(_xlfn.IFNA(VLOOKUP(Ontwerp_MKI_Totaal[[#This Row],[Product]]&", "&Ontwerp_MKI_Totaal[[#Headers],[A3]],Database_Productkaarten[#All],14,FALSE),0)*Ontwerpberekening!J21),0))/Ontwerpberekening!$A$2 -> 41.570879 | H20: =(IF(Ontwerpberekening!E21="Nieuwe Situatie",(_xlfn.IFNA(VLOOKUP(Ontwerp_MKI_Totaal[[#This Row],[Product]]&", "&Ontwerp_MKI_Totaal[[#Headers],[A1-A3]],Database_Productkaarten[#All],14,FALSE),0)*Ontwerpberekening!J21),0))/Ontwerpberekening!$A$2 -> 891.49999 | I20: =(IF(Ontwerpberekening!E21="Nieuwe Situatie",(_xlfn.IFNA(VLOOKUP(Ontwerp_MKI_Totaal[[#This Row],[Product]]&", "&Ontwerp_MKI_Totaal[[#Headers],[A4]],Database_Productkaarten[#All],14,FALSE),0)*Ontwerpberekening!R21),0))/Ontwerpberekening!$A$2 -> 37.645758 | J20: =(IF(Ontwerpberekening!E21="Nieuwe Situatie",(_xlfn.IFNA(VLOOKUP(Ontwerp_MKI_Totaal[[#This Row],[Product]]&", "&Ontwerp_MKI_Totaal[[#Headers],[A5]],Database_Productkaarten[#All],14,FALSE),0)*Ontwerpberekening!J21),0))/Ontwerpberekening!$A$2 -> 73.56097 | K20: =(IF(Ontwerpberekening!E21="Nieuwe Situatie",(_xlfn.IFNA(VLOOKUP(Ontwerp_MKI_Totaal[[#This Row],[Product]]&", "&Ontwerp_MKI_Totaal[[#Headers],[B1]],Database_Productkaarten[#All],14,FALSE),0)*Ontwerpberekening!J21),0))/Ontwerpberekening!$A$2 -> 0 | L20: =(IF(Ontwerpberekening!E21="Nieuwe Situatie",(_xlfn.IFNA(VLOOKUP(Ontwerp_MKI_Totaal[[#This Row],[Product]]&", "&Ontwerp_MKI_Totaal[[#Headers],[B3]],Database_Productkaarten[#All],14,FALSE),0)*Ontwerpberekening!J21),0))/Ontwerpberekening!$A$2 -> 269.37365 | M20: =(IF(Ontwerpberekening!E21="Nieuwe Situatie",(SUM(Ontwerp_MKI_Totaal[[#This Row],[A1]:[B1]],Ontwerp_MKI_Totaal[[#This Row],[C1]:[D2]])*Ontwerpberekening!T21),0)) -> 0 | N20: =(IF(Ontwerpberekening!E21="Bestaande Situatie",(_xlfn.IFNA(VLOOKUP(Ontwerp_MKI_Totaal[[#This Row],[Product]]&", "&Ontwerp_MKI_Totaal[[#Headers],[C1]],Database_Productkaarten[#All],14,FALSE),0)*Ontwerpberekening!J21),0))/Ontwerpberekening!$A$2 -> 0 | O20: =(IF(Ontwerpberekening!E21="Bestaande Situatie",(_xlfn.IFNA(VLOOKUP(Ontwerp_MKI_Totaal[[#This Row],[Product]]&", "&Ontwerp_MKI_Totaal[[#Headers],[C2]],Database_Productkaarten[#All],14,FALSE),0)*Ontwerpberekening!R21),0))/Ontwerpberekening!$A$2 -> 0 | P20: =(IF(Ontwerpberekening!E21="Bestaande Situatie",(_xlfn.IFNA(VLOOKUP(Ontwerp_MKI_Totaal[[#This Row],[Product]]&", "&Ontwerp_MKI_Totaal[[#Headers],[C3]],Database_Productkaarten[#All],14,FALSE),0)*Ontwerpberekening!J21),0))/Ontwerpberekening!$A$2 -> 0 | Q20: =(IF(Ontwerpberekening!E21="Bestaande Situatie",(_xlfn.IFNA(VLOOKUP(Ontwerp_MKI_Totaal[[#This Row],[Product]]&", "&Ontwerp_MKI_Totaal[[#Headers],[C4]],Database_Productkaarten[#All],14,FALSE),0)*Ontwerpberekening!J21),0))/Ontwerpberekening!$A$2 -> 0 | R20: =(IF(Ontwerpberekening!E21="Bestaande Situatie",(_xlfn.IFNA(VLOOKUP(Ontwerp_MKI_Totaal[[#This Row],[Product]]&", "&Ontwerp_MKI_Totaal[[#Headers],[D1]],Database_Productkaarten[#All],14,FALSE),0)*Ontwerpberekening!J21),0))/Ontwerpberekening!$A$2 -> 0 | S20: =(IF(Ontwerpberekening!E21="Bestaande Situatie",(_xlfn.IFNA(VLOOKUP(Ontwerp_MKI_Totaal[[#This Row],[Product]]&", "&Ontwerp_MKI_Totaal[[#Headers],[D2]],Database_Productkaarten[#All],14,FALSE),0)*Ontwerpberekening!J21),0))/Ontwerpberekening!$A$2 -> 0 | T20: =(IF(Ontwerpberekening!E21="Bestaande Situatie",(_xlfn.IFNA(VLOOKUP(Ontwerp_MKI_Totaal[[#This Row],[Product]]&", "&Ontwerp_MKI_Totaal[[#Headers],[D]],Database_Productkaarten[#All],14,FALSE),0)*Ontwerpberekening!J21),0))/Ontwerpberekening!$A$2 -> 0 | U20: =SUM(Ontwerp_MKI_Totaal[[#This Row],[A1-A3]:[C4]])+Ontwerp_MKI_Totaal[[#This Row],[D]] -> 1272.0804
B21: =Ontwerpberekening!B22 -> Plastic kratten | C21: =Ontwerpberekening!C22 -> Grondverbetering | D21: =Ontwerpberekening!G22 -> Ophoogmateriaal (Zand) | E21: =(IF(Ontwerpberekening!E22="Nieuwe Situatie",(_xlfn.IFNA(VLOOKUP(Ontwerp_MKI_Totaal[[#This Row],[Product]]&", "&Ontwerp_MKI_Totaal[[#Headers],[A1]],Database_Productkaarten[#All],14,FALSE),0)*Ontwerpberekening!J22),0))/Ontwerpberekening!$A$2 -> 0 | F21: =(IF(Ontwerpberekening!E22="Nieuwe Situatie",(_xlfn.IFNA(VLOOKUP(Ontwerp_MKI_Totaal[[#This Row],[Product]]&", "&Ontwerp_MKI_Totaal[[#Headers],[A2]],Database_Productkaarten[#All],14,FALSE),0)*Ontwerpberekening!J22),0))/Ontwerpberekening!$A$2 -> 0 | G21: =(IF(Ontwerpberekening!E22="Nieuwe Situatie",(_xlfn.IFNA(VLOOKUP(Ontwerp_MKI_Totaal[[#This Row],[Product]]&", "&Ontwerp_MKI_Totaal[[#Headers],[A3]],Database_Productkaarten[#All],14,FALSE),0)*Ontwerpberekening!J22),0))/Ontwerpberekening!$A$2 -> 0 | H21: =(IF(Ontwerpberekening!E22="Nieuwe Situatie",(_xlfn.IFNA(VLOOKUP(Ontwerp_MKI_Totaal[[#This Row],[Product]]&", "&Ontwerp_MKI_Totaal[[#Headers],[A1-A3]],Database_Productkaarten[#All],14,FALSE),0)*Ontwerpberekening!J22),0))/Ontwerpberekening!$A$2 -> 0 | I21: =(IF(Ontwerpberekening!E22="Nieuwe Situatie",(_xlfn.IFNA(VLOOKUP(Ontwerp_MKI_Totaal[[#This Row],[Product]]&", "&Ontwerp_MKI_Totaal[[#Headers],[A4]],Database_Productkaarten[#All],14,FALSE),0)*Ontwerpberekening!R22),0))/Ontwerpberekening!$A$2 -> 0 | J21: =(IF(Ontwerpberekening!E22="Nieuwe Situatie",(_xlfn.IFNA(VLOOKUP(Ontwerp_MKI_Totaal[[#This Row],[Product]]&", "&Ontwerp_MKI_Totaal[[#Headers],[A5]],Database_Productkaarten[#All],14,FALSE),0)*Ontwerpberekening!J22),0))/Ontwerpberekening!$A$2 -> 0 | K21: =(IF(Ontwerpberekening!E22="Nieuwe Situatie",(_xlfn.IFNA(VLOOKUP(Ontwerp_MKI_Totaal[[#This Row],[Product]]&", "&Ontwerp_MKI_Totaal[[#Headers],[B1]],Database_Productkaarten[#All],14,FALSE),0)*Ontwerpberekening!J22),0))/Ontwerpberekening!$A$2 -> 0 | L21: =(IF(Ontwerpberekening!E22="Nieuwe Situatie",(_xlfn.IFNA(VLOOKUP(Ontwerp_MKI_Totaal[[#This Row],[Product]]&", "&Ontwerp_MKI_Totaal[[#Headers],[B3]],Database_Productkaarten[#All],14,FALSE),0)*Ontwerpberekening!J22),0))/Ontwerpberekening!$A$2 -> 0 | M21: =(IF(Ontwerpberekening!E22="Nieuwe Situatie",(SUM(Ontwerp_MKI_Totaal[[#This Row],[A1]:[B1]],Ontwerp_MKI_Totaal[[#This Row],[C1]:[D2]])*Ontwerpberekening!T22),0)) -> 0 | N21: =(IF(Ontwerpberekening!E22="Bestaande Situatie",(_xlfn.IFNA(VLOOKUP(Ontwerp_MKI_Totaal[[#This Row],[Product]]&", "&Ontwerp_MKI_Totaal[[#Headers],[C1]],Database_Productkaarten[#All],14,FALSE),0)*Ontwerpberekening!J22),0))/Ontwerpberekening!$A$2 -> 0.938 | O21: =(IF(Ontwerpberekening!E22="Bestaande Situatie",(_xlfn.IFNA(VLOOKUP(Ontwerp_MKI_Totaal[[#This Row],[Product]]&", "&Ontwerp_MKI_Totaal[[#Headers],[C2]],Database_Productkaarten[#All],14,FALSE),0)*Ontwerpberekening!R22),0))/Ontwerpberekening!$A$2 -> 26.928375 | P21: =(IF(Ontwerpberekening!E22="Bestaande Situatie",(_xlfn.IFNA(VLOOKUP(Ontwerp_MKI_Totaal[[#This Row],[Product]]&", "&Ontwerp_MKI_Totaal[[#Headers],[C3]],Database_Productkaarten[#All],14,FALSE),0)*Ontwerpberekening!J22),0))/Ontwerpberekening!$A$2 -> 0 | Q21: =(IF(Ontwerpberekening!E22="Bestaande Situatie",(_xlfn.IFNA(VLOOKUP(Ontwerp_MKI_Totaal[[#This Row],[Product]]&", "&Ontwerp_MKI_Totaal[[#Headers],[C4]],Database_Productkaarten[#All],14,FALSE),0)*Ontwerpberekening!J22),0))/Ontwerpberekening!$A$2 -> 0.27875 | R21: =(IF(Ontwerpberekening!E22="Bestaande Situatie",(_xlfn.IFNA(VLOOKUP(Ontwerp_MKI_Totaal[[#This Row],[Product]]&", "&Ontwerp_MKI_Totaal[[#Headers],[D1]],Database_Productkaarten[#All],14,FALSE),0)*Ontwerpberekening!J22),0))/Ontwerpberekening!$A$2 -> 0 | S21: =(IF(Ontwerpberekening!E22="Bestaande Situatie",(_xlfn.IFNA(VLOOKUP(Ontwerp_MKI_Totaal[[#This Row],[Product]]&", "&Ontwerp_MKI_Totaal[[#Headers],[D2]],Database_Productkaarten[#All],14,FALSE),0)*Ontwerpberekening!J22),0))/Ontwerpberekening!$A$2 -> 0 | T21: =(IF(Ontwerpberekening!E22="Bestaande Situatie",(_xlfn.IFNA(VLOOKUP(Ontwerp_MKI_Totaal[[#This Row],[Product]]&", "&Ontwerp_MKI_Totaal[[#Headers],[D]],Database_Productkaarten[#All],14,FALSE),0)*Ontwerpberekening!J22),0))/Ontwerpberekening!$A$2 -> -19.92325 | U21: =SUM(Ontwerp_MKI_Totaal[[#This Row],[A1-A3]:[C4]])+Ontwerp_MKI_Totaal[[#This Row],[D]] -> 8.221875
B22: =Ontwerpberekening!B23 -> Plastic kratten | C22: =Ontwerpberekening!C23 -> Waterbergendelaag | D22: =Ontwerpberekening!G23 -> Kunststof Inflitratiekrat | E22: =(IF(Ontwerpberekening!E23="Nieuwe Situatie",(_xlfn.IFNA(VLOOKUP(Ontwerp_MKI_Totaal[[#This Row],[Product]]&", "&Ontwerp_MKI_Totaal[[#Headers],[A1]],Database_Productkaarten[#All],14,FALSE),0)*Ontwerpberekening!J23),0))/Ontwerpberekening!$A$2 -> 0 | F22: =(IF(Ontwerpberekening!E23="Nieuwe Situatie",(_xlfn.IFNA(VLOOKUP(Ontwerp_MKI_Totaal[[#This Row],[Product]]&", "&Ontwerp_MKI_Totaal[[#Headers],[A2]],Database_Productkaarten[#All],14,FALSE),0)*Ontwerpberekening!J23),0))/Ontwerpberekening!$A$2 -> 0 | G22: =(IF(Ontwerpberekening!E23="Nieuwe Situatie",(_xlfn.IFNA(VLOOKUP(Ontwerp_MKI_Totaal[[#This Row],[Product]]&", "&Ontwerp_MKI_Totaal[[#Headers],[A3]],Database_Productkaarten[#All],14,FALSE),0)*Ontwerpberekening!J23),0))/Ontwerpberekening!$A$2 -> 0 | H22: =(IF(Ontwerpberekening!E23="Nieuwe Situatie",(_xlfn.IFNA(VLOOKUP(Ontwerp_MKI_Totaal[[#This Row],[Product]]&", "&Ontwerp_MKI_Totaal[[#Headers],[A1-A3]],Database_Productkaarten[#All],14,FALSE),0)*Ontwerpberekening!J23),0))/Ontwerpberekening!$A$2 -> 0 | I22: =(IF(Ontwerpberekening!E23="Nieuwe Situatie",(_xlfn.IFNA(VLOOKUP(Ontwerp_MKI_Totaal[[#This Row],[Product]]&", "&Ontwerp_MKI_Totaal[[#Headers],[A4]],Database_Productkaarten[#All],14,FALSE),0)*Ontwerpberekening!R23),0))/Ontwerpberekening!$A$2 -> 0 | J22: =(IF(Ontwerpberekening!E23="Nieuwe Situatie",(_xlfn.IFNA(VLOOKUP(Ontwerp_MKI_Totaal[[#This Row],[Product]]&", "&Ontwerp_MKI_Totaal[[#Headers],[A5]],Database_Productkaarten[#All],14,FALSE),0)*Ontwerpberekening!J23),0))/Ontwerpberekening!$A$2 -> 0 | K22: =(IF(Ontwerpberekening!E23="Nieuwe Situatie",(_xlfn.IFNA(VLOOKUP(Ontwerp_MKI_Totaal[[#This Row],[Product]]&", "&Ontwerp_MKI_Totaal[[#Headers],[B1]],Database_Productkaarten[#All],14,FALSE),0)*Ontwerpberekening!J23),0))/Ontwerpberekening!$A$2 -> 0 | L22: =(IF(Ontwerpberekening!E23="Nieuwe Situatie",(_xlfn.IFNA(VLOOKUP(Ontwerp_MKI_Totaal[[#This Row],[Product]]&", "&Ontwerp_MKI_Totaal[[#Headers],[B3]],Database_Productkaarten[#All],14,FALSE),0)*Ontwerpberekening!J23),0))/Ontwerpberekening!$A$2 -> 0 | M22: =(IF(Ontwerpberekening!E23="Nieuwe Situatie",(SUM(Ontwerp_MKI_Totaal[[#This Row],[A1]:[B1]],Ontwerp_MKI_Totaal[[#This Row],[C1]:[D2]])*Ontwerpberekening!T23),0)) -> 0 | N22: =(IF(Ontwerpberekening!E23="Bestaande Situatie",(_xlfn.IFNA(VLOOKUP(Ontwerp_MKI_Totaal[[#This Row],[Product]]&", "&Ontwerp_MKI_Totaal[[#Headers],[C1]],Database_Productkaarten[#All],14,FALSE),0)*Ontwerpberekening!J23),0))/Ontwerpberekening!$A$2 -> 116 | O22: =(IF(Ontwerpberekening!E23="Bestaande Situatie",(_xlfn.IFNA(VLOOKUP(Ontwerp_MKI_Totaal[[#This Row],[Product]]&", "&Ontwerp_MKI_Totaal[[#Headers],[C2]],Database_Productkaarten[#All],14,FALSE),0)*Ontwerpberekening!R23),0))/Ontwerpberekening!$A$2 -> 0.224 | P22: =(IF(Ontwerpberekening!E23="Bestaande Situatie",(_xlfn.IFNA(VLOOKUP(Ontwerp_MKI_Totaal[[#This Row],[Product]]&", "&Ontwerp_MKI_Totaal[[#Headers],[C3]],Database_Productkaarten[#All],14,FALSE),0)*Ontwerpberekening!J23),0))/Ontwerpberekening!$A$2 -> 949.5 | Q22: =(IF(Ontwerpberekening!E23="Bestaande Situatie",(_xlfn.IFNA(VLOOKUP(Ontwerp_MKI_Totaal[[#This Row],[Product]]&", "&Ontwerp_MKI_Totaal[[#Headers],[C4]],Database_Productkaarten[#All],14,FALSE),0)*Ontwerpberekening!J23),0))/Ontwerpberekening!$A$2 -> 6.5 | R22: =(IF(Ontwerpberekening!E23="Bestaande Situatie",(_xlfn.IFNA(VLOOKUP(Ontwerp_MKI_Totaal[[#This Row],[Product]]&", "&Ontwerp_MKI_Totaal[[#Headers],[D1]],Database_Productkaarten[#All],14,FALSE),0)*Ontwerpberekening!J23),0))/Ontwerpberekening!$A$2 -> 0 | S22: =(IF(Ontwerpberekening!E23="Bestaande Situatie",(_xlfn.IFNA(VLOOKUP(Ontwerp_MKI_Totaal[[#This Row],[Product]]&", "&Ontwerp_MKI_Totaal[[#Headers],[D2]],Database_Productkaarten[#All],14,FALSE),0)*Ontwerpberekening!J23),0))/Ontwerpberekening!$A$2 -> 0 | T22: =(IF(Ontwerpberekening!E23="Bestaande Situatie",(_xlfn.IFNA(VLOOKUP(Ontwerp_MKI_Totaal[[#This Row],[Product]]&", "&Ontwerp_MKI_Totaal[[#Headers],[D]],Database_Productkaarten[#All],14,FALSE),0)*Ontwerpberekening!J23),0))/Ontwerpberekening!$A$2 -> -597 | U22: =SUM(Ontwerp_MKI_Totaal[[#This Row],[A1-A3]:[C4]])+Ontwerp_MKI_Totaal[[#This Row],[D]] -> 475.224
B23: =Ontwerpberekening!B24 -> Plastic kratten | C23: =Ontwerpberekening!C24 -> Menggranulaat | D23: =Ontwerpberekening!G24 -> Menggranulaat 300mm | E23: =(IF(Ontwerpberekening!E24="Nieuwe Situatie",(_xlfn.IFNA(VLOOKUP(Ontwerp_MKI_Totaal[[#This Row],[Product]]&", "&Ontwerp_MKI_Totaal[[#Headers],[A1]],Database_Productkaarten[#All],14,FALSE),0)*Ontwerpberekening!J24),0))/Ontwerpberekening!$A$2 -> 0 | F23: =(IF(Ontwerpberekening!E24="Nieuwe Situatie",(_xlfn.IFNA(VLOOKUP(Ontwerp_MKI_Totaal[[#This Row],[Product]]&", "&Ontwerp_MKI_Totaal[[#Headers],[A2]],Database_Productkaarten[#All],14,FALSE),0)*Ontwerpberekening!J24),0))/Ontwerpberekening!$A$2 -> 0 | G23: =(IF(Ontwerpberekening!E24="Nieuwe Situatie",(_xlfn.IFNA(VLOOKUP(Ontwerp_MKI_Totaal[[#This Row],[Product]]&", "&Ontwerp_MKI_Totaal[[#Headers],[A3]],Database_Productkaarten[#All],14,FALSE),0)*Ontwerpberekening!J24),0))/Ontwerpberekening!$A$2 -> 0 | H23: =(IF(Ontwerpberekening!E24="Nieuwe Situatie",(_xlfn.IFNA(VLOOKUP(Ontwerp_MKI_Totaal[[#This Row],[Product]]&", "&Ontwerp_MKI_Totaal[[#Headers],[A1-A3]],Database_Productkaarten[#All],14,FALSE),0)*Ontwerpberekening!J24),0))/Ontwerpberekening!$A$2 -> 0 | I23: =(IF(Ontwerpberekening!E24="Nieuwe Situatie",(_xlfn.IFNA(VLOOKUP(Ontwerp_MKI_Totaal[[#This Row],[Product]]&", "&Ontwerp_MKI_Totaal[[#Headers],[A4]],Database_Productkaarten[#All],14,FALSE),0)*Ontwerpberekening!R24),0))/Ontwerpberekening!$A$2 -> 0 | J23: =(IF(Ontwerpberekening!E24="Nieuwe Situatie",(_xlfn.IFNA(VLOOKUP(Ontwerp_MKI_Totaal[[#This Row],[Product]]&", "&Ontwerp_MKI_Totaal[[#Headers],[A5]],Database_Productkaarten[#All],14,FALSE),0)*Ontwerpberekening!J24),0))/Ontwerpberekening!$A$2 -> 0 | K23: =(IF(Ontwerpberekening!E24="Nieuwe Situatie",(_xlfn.IFNA(VLOOKUP(Ontwerp_MKI_Totaal[[#This Row],[Product]]&", "&Ontwerp_MKI_Totaal[[#Headers],[B1]],Database_Productkaarten[#All],14,FALSE),0)*Ontwerpberekening!J24),0))/Ontwerpberekening!$A$2 -> 0 | L23: =(IF(Ontwerpberekening!E24="Nieuwe Situatie",(_xlfn.IFNA(VLOOKUP(Ontwerp_MKI_Totaal[[#This Row],[Product]]&", "&Ontwerp_MKI_Totaal[[#Headers],[B3]],Database_Productkaarten[#All],14,FALSE),0)*Ontwerpberekening!J24),0))/Ontwerpberekening!$A$2 -> 0 | M23: =(IF(Ontwerpberekening!E24="Nieuwe Situatie",(SUM(Ontwerp_MKI_Totaal[[#This Row],[A1]:[B1]],Ontwerp_MKI_Totaal[[#This Row],[C1]:[D2]])*Ontwerpberekening!T24),0)) -> 0 | N23: =(IF(Ontwerpberekening!E24="Bestaande Situatie",(_xlfn.IFNA(VLOOKUP(Ontwerp_MKI_Totaal[[#This Row],[Product]]&", "&Ontwerp_MKI_Totaal[[#Headers],[C1]],Database_Productkaarten[#All],14,FALSE),0)*Ontwerpberekening!J24),0))/Ontwerpberekening!$A$2 -> 31.075 | O23: =(IF(Ontwerpberekening!E24="Bestaande Situatie",(_xlfn.IFNA(VLOOKUP(Ontwerp_MKI_Totaal[[#This Row],[Product]]&", "&Ontwerp_MKI_Totaal[[#Headers],[C2]],Database_Productkaarten[#All],14,FALSE),0)*Ontwerpberekening!R24),0))/Ontwerpberekening!$A$2 -> 82.704375 | P23: =(IF(Ontwerpberekening!E24="Bestaande Situatie",(_xlfn.IFNA(VLOOKUP(Ontwerp_MKI_Totaal[[#This Row],[Product]]&", "&Ontwerp_MKI_Totaal[[#Headers],[C3]],Database_Productkaarten[#All],14,FALSE),0)*Ontwerpberekening!J24),0))/Ontwerpberekening!$A$2 -> 49.04 | Q23: =(IF(Ontwerpberekening!E24="Bestaande Situatie",(_xlfn.IFNA(VLOOKUP(Ontwerp_MKI_Totaal[[#This Row],[Product]]&", "&Ontwerp_MKI_Totaal[[#Headers],[C4]],Database_Productkaarten[#All],14,FALSE),0)*Ontwerpberekening!J24),0))/Ontwerpberekening!$A$2 -> 2.175 | R23: =(IF(Ontwerpberekening!E24="Bestaande Situatie",(_xlfn.IFNA(VLOOKUP(Ontwerp_MKI_Totaal[[#This Row],[Product]]&", "&Ontwerp_MKI_Totaal[[#Headers],[D1]],Database_Productkaarten[#All],14,FALSE),0)*Ontwerpberekening!J24),0))/Ontwerpberekening!$A$2 -> 0 | S23: =(IF(Ontwerpberekening!E24="Bestaande Situatie",(_xlfn.IFNA(VLOOKUP(Ontwerp_MKI_Totaal[[#This Row],[Product]]&", "&Ontwerp_MKI_Totaal[[#Headers],[D2]],Database_Productkaarten[#All],14,FALSE),0)*Ontwerpberekening!J24),0))/Ontwerpberekening!$A$2 -> 0 | T23: =(IF(Ontwerpberekening!E24="Bestaande Situatie",(_xlfn.IFNA(VLOOKUP(Ontwerp_MKI_Totaal[[#This Row],[Product]]&", "&Ontwerp_MKI_Totaal[[#Headers],[D]],Database_Productkaarten[#All],14,FALSE),0)*Ontwerpberekening!J24),0))/Ontwerpberekening!$A$2 -> 4.395 | U23: =SUM(Ontwerp_MKI_Totaal[[#This Row],[A1-A3]:[C4]])+Ontwerp_MKI_Totaal[[#This Row],[D]] -> 169.38938
B24: =Ontwerpberekening!B25 -> Plastic kratten | C24: =Ontwerpberekening!C25 -> Straatlaag | D24: =Ontwerpberekening!G25 -> Ophoogmateriaal (Zand) | E24: =(IF(Ontwerpberekening!E25="Nieuwe Situatie",(_xlfn.IFNA(VLOOKUP(Ontwerp_MKI_Totaal[[#This Row],[Product]]&", "&Ontwerp_MKI_Totaal[[#Headers],[A1]],Database_Productkaarten[#All],14,FALSE),0)*Ontwerpberekening!J25),0))/Ontwerpberekening!$A$2 -> 0 | F24: =(IF(Ontwerpberekening!E25="Nieuwe Situatie",(_xlfn.IFNA(VLOOKUP(Ontwerp_MKI_Totaal[[#This Row],[Product]]&", "&Ontwerp_MKI_Totaal[[#Headers],[A2]],Database_Productkaarten[#All],14,FALSE),0)*Ontwerpberekening!J25),0))/Ontwerpberekening!$A$2 -> 0 | G24: =(IF(Ontwerpberekening!E25="Nieuwe Situatie",(_xlfn.IFNA(VLOOKUP(Ontwerp_MKI_Totaal[[#This Row],[Product]]&", "&Ontwerp_MKI_Totaal[[#Headers],[A3]],Database_Productkaarten[#All],14,FALSE),0)*Ontwerpberekening!J25),0))/Ontwerpberekening!$A$2 -> 0 | H24: =(IF(Ontwerpberekening!E25="Nieuwe Situatie",(_xlfn.IFNA(VLOOKUP(Ontwerp_MKI_Totaal[[#This Row],[Product]]&", "&Ontwerp_MKI_Totaal[[#Headers],[A1-A3]],Database_Productkaarten[#All],14,FALSE),0)*Ontwerpberekening!J25),0))/Ontwerpberekening!$A$2 -> 0 | I24: =(IF(Ontwerpberekening!E25="Nieuwe Situatie",(_xlfn.IFNA(VLOOKUP(Ontwerp_MKI_Totaal[[#This Row],[Product]]&", "&Ontwerp_MKI_Totaal[[#Headers],[A4]],Database_Productkaarten[#All],14,FALSE),0)*Ontwerpberekening!R25),0))/Ontwerpberekening!$A$2 -> 0 | J24: =(IF(Ontwerpberekening!E25="Nieuwe Situatie",(_xlfn.IFNA(VLOOKUP(Ontwerp_MKI_Totaal[[#This Row],[Product]]&", "&Ontwerp_MKI_Totaal[[#Headers],[A5]],Database_Productkaarten[#All],14,FALSE),0)*Ontwerpberekening!J25),0))/Ontwerpberekening!$A$2 -> 0 | K24: =(IF(Ontwerpberekening!E25="Nieuwe Situatie",(_xlfn.IFNA(VLOOKUP(Ontwerp_MKI_Totaal[[#This Row],[Product]]&", "&Ontwerp_MKI_Totaal[[#Headers],[B1]],Database_Productkaarten[#All],14,FALSE),0)*Ontwerpberekening!J25),0))/Ontwerpberekening!$A$2 -> 0 | L24: =(IF(Ontwerpberekening!E25="Nieuwe Situatie",(_xlfn.IFNA(VLOOKUP(Ontwerp_MKI_Totaal[[#This Row],[Product]]&", "&Ontwerp_MKI_Totaal[[#Headers],[B3]],Database_Productkaarten[#All],14,FALSE),0)*Ontwerpberekening!J25),0))/Ontwerpberekening!$A$2 -> 0 | M24: =(IF(Ontwerpberekening!E25="Nieuwe Situatie",(SUM(Ontwerp_MKI_Totaal[[#This Row],[A1]:[B1]],Ontwerp_MKI_Totaal[[#This Row],[C1]:[D2]])*Ontwerpberekening!T25),0)) -> 0 | N24: =(IF(Ontwerpberekening!E25="Bestaande Situatie",(_xlfn.IFNA(VLOOKUP(Ontwerp_MKI_Totaal[[#This Row],[Product]]&", "&Ontwerp_MKI_Totaal[[#Headers],[C1]],Database_Productkaarten[#All],14,FALSE),0)*Ontwerpberekening!J25),0))/Ontwerpberekening!$A$2 -> 0.938 | O24: =(IF(Ontwerpberekening!E25="Bestaande Situatie",(_xlfn.IFNA(VLOOKUP(Ontwerp_MKI_Totaal[[#This Row],[Product]]&", "&Ontwerp_MKI_Totaal[[#Headers],[C2]],Database_Productkaarten[#All],14,FALSE),0)*Ontwerpberekening!R25),0))/Ontwerpberekening!$A$2 -> 26.928375 | P24: =(IF(Ontwerpberekening!E25="Bestaande Situatie",(_xlfn.IFNA(VLOOKUP(Ontwerp_MKI_Totaal[[#This Row],[Product]]&", "&Ontwerp_MKI_Totaal[[#Headers],[C3]],Database_Productkaarten[#All],14,FALSE),0)*Ontwerpberekening!J25),0))/Ontwerpberekening!$A$2 -> 0 | Q24: =(IF(Ontwerpberekening!E25="Bestaande Situatie",(_xlfn.IFNA(VLOOKUP(Ontwerp_MKI_Totaal[[#This Row],[Product]]&", "&Ontwerp_MKI_Totaal[[#Headers],[C4]],Database_Productkaarten[#All],14,FALSE),0)*Ontwerpberekening!J25),0))/Ontwerpberekening!$A$2 -> 0.27875 | R24: =(IF(Ontwerpberekening!E25="Bestaande Situatie",(_xlfn.IFNA(VLOOKUP(Ontwerp_MKI_Totaal[[#This Row],[Product]]&", "&Ontwerp_MKI_Totaal[[#Headers],[D1]],Database_Productkaarten[#All],14,FALSE),0)*Ontwerpberekening!J25),0))/Ontwerpberekening!$A$2 -> 0 | S24: =(IF(Ontwerpberekening!E25="Bestaande Situatie",(_xlfn.IFNA(VLOOKUP(Ontwerp_MKI_Totaal[[#This Row],[Product]]&", "&Ontwerp_MKI_Totaal[[#Headers],[D2]],Database_Productkaarten[#All],14,FALSE),0)*Ontwerpberekening!J25),0))/Ontwerpberekening!$A$2 -> 0 | T24: =(IF(Ontwerpberekening!E25="Bestaande Situatie",(_xlfn.IFNA(VLOOKUP(Ontwerp_MKI_Totaal[[#This Row],[Product]]&", "&Ontwerp_MKI_Totaal[[#Headers],[D]],Database_Productkaarten[#All],14,FALSE),0)*Ontwerpberekening!J25),0))/Ontwerpberekening!$A$2 -> -19.92325 | U24: =SUM(Ontwerp_MKI_Totaal[[#This Row],[A1-A3]:[C4]])+Ontwerp_MKI_Totaal[[#This Row],[D]] -> 8.221875
... B40: =Ontwerpberekening!B41 -> 0 | C40: =Ontwerpberekening!C41 -> 0 | D40: =Ontwerpberekening!G41 -> 0 | E40: =(IF(Ontwerpberekening!E41="Nieuwe Situatie",(_xlfn.IFNA(VLOOKUP(Ontwerp_MKI_Totaal[[#This Row],[Product]]&", "&Ontwerp_MKI_Totaal[[#Headers],[A1]],Database_Productkaarten[#All],14,FALSE),0)*Ontwerpberekening!J41),0))/Ontwerpberekening!$A$2 -> 0 | F40: =(IF(Ontwerpberekening!E41="Nieuwe Situatie",(_xlfn.IFNA(VLOOKUP(Ontwerp_MKI_Totaal[[#This Row],[Product]]&", "&Ontwerp_MKI_Totaal[[#Headers],[A2]],Database_Productkaarten[#All],14,FALSE),0)*Ontwerpberekening!J41),0))/Ontwerpberekening!$A$2 -> 0 | G40: =(IF(Ontwerpberekening!E41="Nieuwe Situatie",(_xlfn.IFNA(VLOOKUP(Ontwerp_MKI_Totaal[[#This Row],[Product]]&", "&Ontwerp_MKI_Totaal[[#Headers],[A3]],Database_Productkaarten[#All],14,FALSE),0)*Ontwerpberekening!J41),0))/Ontwerpberekening!$A$2 -> 0 | H40: =(IF(Ontwerpberekening!E41="Nieuwe Situatie",(_xlfn.IFNA(VLOOKUP(Ontwerp_MKI_Totaal[[#This Row],[Product]]&", "&Ontwerp_MKI_Totaal[[#Headers],[A1-A3]],Database_Productkaarten[#All],14,FALSE),0)*Ontwerpberekening!J41),0))/Ontwerpberekening!$A$2 -> 0 | I40: =(IF(Ontwerpberekening!E41="Nieuwe Situatie",(_xlfn.IFNA(VLOOKUP(Ontwerp_MKI_Totaal[[#This Row],[Product]]&", "&Ontwerp_MKI_Totaal[[#Headers],[A4]],Database_Productkaarten[#All],14,FALSE),0)*Ontwerpberekening!R41),0))/Ontwerpberekening!$A$2 -> 0 | J40: =(IF(Ontwerpberekening!E41="Nieuwe Situatie",(_xlfn.IFNA(VLOOKUP(Ontwerp_MKI_Totaal[[#This Row],[Product]]&", "&Ontwerp_MKI_Totaal[[#Headers],[A5]],Database_Productkaarten[#All],14,FALSE),0)*Ontwerpberekening!J41),0))/Ontwerpberekening!$A$2 -> 0 | K40: =(IF(Ontwerpberekening!E41="Nieuwe Situatie",(_xlfn.IFNA(VLOOKUP(Ontwerp_MKI_Totaal[[#This Row],[Product]]&", "&Ontwerp_MKI_Totaal[[#Headers],[B1]],Database_Productkaarten[#All],14,FALSE),0)*Ontwerpberekening!J41),0))/Ontwerpberekening!$A$2 -> 0 | L40: =(IF(Ontwerpberekening!E41="Nieuwe Situatie",(_xlfn.IFNA(VLOOKUP(Ontwerp_MKI_Totaal[[#This Row],[Product]]&", "&Ontwerp_MKI_Totaal[[#Headers],[B3]],Database_Productkaarten[#All],14,FALSE),0)*Ontwerpberekening!J41),0))/Ontwerpberekening!$A$2 -> 0 | M40: =(IF(Ontwerpberekening!E41="Nieuwe Situatie",(SUM(Ontwerp_MKI_Totaal[[#This Row],[A1]:[B1]],Ontwerp_MKI_Totaal[[#This Row],[C1]:[D2]])*Ontwerpberekening!T41),0)) -> 0 | N40: =(IF(Ontwerpberekening!E41="Bestaande Situatie",(_xlfn.IFNA(VLOOKUP(Ontwerp_MKI_Totaal[[#This Row],[Product]]&", "&Ontwerp_MKI_Totaal[[#Headers],[C1]],Database_Productkaarten[#All],14,FALSE),0)*Ontwerpberekening!J41),0))/Ontwerpberekening!$A$2 -> 0 | O40: =(IF(Ontwerpberekening!E41="Bestaande Situatie",(_xlfn.IFNA(VLOOKUP(Ontwerp_MKI_Totaal[[#This Row],[Product]]&", "&Ontwerp_MKI_Totaal[[#Headers],[C2]],Database_Productkaarten[#All],14,FALSE),0)*Ontwerpberekening!R41),0))/Ontwerpberekening!$A$2 -> 0 | P40: =(IF(Ontwerpberekening!E41="Bestaande Situatie",(_xlfn.IFNA(VLOOKUP(Ontwerp_MKI_Totaal[[#This Row],[Product]]&", "&Ontwerp_MKI_Totaal[[#Headers],[C3]],Database_Productkaarten[#All],14,FALSE),0)*Ontwerpberekening!J41),0))/Ontwerpberekening!$A$2 -> 0 | Q40: =(IF(Ontwerpberekening!E41="Bestaande Situatie",(_xlfn.IFNA(VLOOKUP(Ontwerp_MKI_Totaal[[#This Row],[Product]]&", "&Ontwerp_MKI_Totaal[[#Headers],[C4]],Database_Productkaarten[#All],14,FALSE),0)*Ontwerpberekening!J41),0))/Ontwerpberekening!$A$2 -> 0 | R40: =(IF(Ontwerpberekening!E41="Bestaande Situatie",(_xlfn.IFNA(VLOOKUP(Ontwerp_MKI_Totaal[[#This Row],[Product]]&", "&Ontwerp_MKI_Totaal[[#Headers],[D1]],Database_Productkaarten[#All],14,FALSE),0)*Ontwerpberekening!J41),0))/Ontwerpberekening!$A$2 -> 0 | S40: =(IF(Ontwerpberekening!E41="Bestaande Situatie",(_xlfn.IFNA(VLOOKUP(Ontwerp_MKI_Totaal[[#This Row],[Product]]&", "&Ontwerp_MKI_Totaal[[#Headers],[D2]],Database_Productkaarten[#All],14,FALSE),0)*Ontwerpberekening!J41),0))/Ontwerpberekening!$A$2 -> 0 | T40: =(IF(Ontwerpberekening!E41="Bestaande Situatie",(_xlfn.IFNA(VLOOKUP(Ontwerp_MKI_Totaal[[#This Row],[Product]]&", "&Ontwerp_MKI_Totaal[[#Headers],[D]],Database_Productkaarten[#All],14,FALSE),0)*Ontwerpberekening!J41),0))/Ontwerpberekening!$A$2 -> 0 | U40: =SUM(Ontwerp_MKI_Totaal[[#This Row],[A1-A3]:[C4]])+Ontwerp_MKI_Totaal[[#This Row],[D]] -> 0
B41: Totaal | E41: =SUBTOTAL(109,Ontwerp_MKI_Totaal[A1]) -> 2378.9258 | F41: =SUBTOTAL(109,Ontwerp_MKI_Totaal[A2]) -> 170.86159 | G41: =SUBTOTAL(109,Ontwerp_MKI_Totaal[A3]) -> 124.71264 | H41: =SUBTOTAL(109,Ontwerp_MKI_Totaal[A1-A3]) -> 5735.7991 | I41: =SUBTOTAL(109,Ontwerp_MKI_Totaal[A4]) -> 669.75114 | J41: =SUBTOTAL(109,Ontwerp_MKI_Totaal[A5]) -> 1228.2555 | K41: =SUBTOTAL(109,Ontwerp_MKI_Totaal[B1]) -> 68.73 | L41: =SUBTOTAL(109,Ontwerp_MKI_Totaal[B3]) -> 808.12094 | M41: =SUBTOTAL(109,Ontwerp_MKI_Totaal[B4]) -> 0 | N41: =SUBTOTAL(109,Ontwerp_MKI_Totaal[C1]) -> 575.99954 | O41: =SUBTOTAL(109,Ontwerp_MKI_Totaal[C2]) -> 2323.3954 | P41: =SUBTOTAL(109,Ontwerp_MKI_Totaal[C3]) -> 1097.8058 | Q41: =SUBTOTAL(109,Ontwerp_MKI_Totaal[C4]) -> 49.13095 | R41: =SUBTOTAL(109,Ontwerp_MKI_Totaal[D1]) -> 0 | S41: =SUBTOTAL(109,Ontwerp_MKI_Totaal[D2]) -> 0 | T41: =SUBTOTAL(109,Ontwerp_MKI_Totaal[D]) -> -971.00809 | U41: =SUBTOTAL(109,Ontwerp_MKI_Totaal[Totaal]) -> 11585.98
B44: CO2 project totaal (kg)
B45: Variant | C45: Onderdeel | D45: Product | E45: A1 | F45: A2 | G45: A3 | H45: A1-A3 | I45: A4 | J45: A5 | K45: B1 | L45: B3 | M45: B4 | N45: C1 | O45: C2 | P45: C3 | Q45: C4 | R45: D1 | S45: D2 | T45: D | U45: Totaal | AC45: Row Labels | AD45: Som van Totaal
B46: =Ontwerpberekening!B5 -> Open Menggranulaat | C46: =Ontwerpberekening!C5 -> Grondontgraving | D46: =Ontwerpberekening!G5 -> Ophoogmateriaal (Grond) | E46: =(IF(Ontwerpberekening!E5="Nieuwe Situatie",(_xlfn.IFNA(VLOOKUP(Ontwerp_CO2_Totaal[[#This Row],[Product]]&", "&Ontwerp_CO2_Totaal[[#Headers],[A1]],Database_Productkaarten[#All],18,FALSE),0)*Ontwerpberekening!J5),0))/Ontwerpberekening!$A$2 -> 0 | F46: =(IF(Ontwerpberekening!E5="Nieuwe Situatie",(_xlfn.IFNA(VLOOKUP(Ontwerp_CO2_Totaal[[#This Row],[Product]]&", "&Ontwerp_CO2_Totaal[[#Headers],[A2]],Database_Productkaarten[#All],18,FALSE),0)*Ontwerpberekening!J5),0))/Ontwerpberekening!$A$2 -> 0 | G46: =(IF(Ontwerpberekening!E5="Nieuwe Situatie",(_xlfn.IFNA(VLOOKUP(Ontwerp_CO2_Totaal[[#This Row],[Product]]&", "&Ontwerp_CO2_Totaal[[#Headers],[A3]],Database_Productkaarten[#All],18,FALSE),0)*Ontwerpberekening!J5),0))/Ontwerpberekening!$A$2 -> 0 | H46: =(IF(Ontwerpberekening!E5="Nieuwe Situatie",(_xlfn.IFNA(VLOOKUP(Ontwerp_CO2_Totaal[[#This Row],[Product]]&", "&Ontwerp_CO2_Totaal[[#Headers],[A1-A3]],Database_Productkaarten[#All],18,FALSE),0)*Ontwerpberekening!J5),0))/Ontwerpberekening!$A$2 -> 0 | I46: =(IF(Ontwerpberekening!E5="Nieuwe Situatie",(_xlfn.IFNA(VLOOKUP(Ontwerp_CO2_Totaal[[#This Row],[Product]]&", "&Ontwerp_CO2_Totaal[[#Headers],[A4]],Database_Productkaarten[#All],18,FALSE),0)*Ontwerpberekening!R5),0))/Ontwerpberekening!$A$2 -> 0 | J46: =(IF(Ontwerpberekening!E5="Nieuwe Situatie",(_xlfn.IFNA(VLOOKUP(Ontwerp_CO2_Totaal[[#This Row],[Product]]&", "&Ontwerp_CO2_Totaal[[#Headers],[A5]],Database_Productkaarten[#All],18,FALSE),0)*Ontwerpberekening!J5),0))/Ontwerpberekening!$A$2 -> 0 | K46: =(IF(Ontwerpberekening!E5="Nieuwe Situatie",(_xlfn.IFNA(VLOOKUP(Ontwerp_CO2_Totaal[[#This Row],[Product]]&", "&Ontwerp_CO2_Totaal[[#Headers],[B1]],Database_Productkaarten[#All],18,FALSE),0)*Ontwerpberekening!J5),0))/Ontwerpberekening!$A$2 -> 0 | L46: =(IF(Ontwerpberekening!E5="Nieuwe Situatie",(_xlfn.IFNA(VLOOKUP(Ontwerp_CO2_Totaal[[#This Row],[Product]]&", "&Ontwerp_CO2_Totaal[[#Headers],[B3]],Database_Productkaarten[#All],18,FALSE),0)*Ontwerpberekening!J5),0))/Ontwerpberekening!$A$2 -> 0 | M46: =(IF(Ontwerpberekening!E5="Nieuwe Situatie",(SUM(Ontwerp_CO2_Totaal[[#This Row],[A1]:[B1]],Ontwerp_CO2_Totaal[[#This Row],[C1]:[D2]])*Ontwerpberekening!T5),0)) -> 0 | N46: =(IF(Ontwerpberekening!E5="Bestaande Situatie",(_xlfn.IFNA(VLOOKUP(Ontwerp_CO2_Totaal[[#This Row],[Product]]&", "&Ontwerp_CO2_Totaal[[#Headers],[C1]],Database_Productkaarten[#All],18,FALSE),0)*Ontwerpberekening!J5),0))/Ontwerpberekening!$A$2 -> 341.51402 | O46: =(IF(Ontwerpberekening!E5="Bestaande Situatie",(_xlfn.IFNA(VLOOKUP(Ontwerp_CO2_Totaal[[#This Row],[Product]]&", "&Ontwerp_CO2_Totaal[[#Headers],[C2]],Database_Productkaarten[#All],18,FALSE),0)*Ontwerpberekening!R5),0))/Ontwerpberekening!$A$2 -> 4954.95 | P46: =(IF(Ontwerpberekening!E5="Bestaande Situatie",(_xlfn.IFNA(VLOOKUP(Ontwerp_CO2_Totaal[[#This Row],[Product]]&", "&Ontwerp_CO2_Totaal[[#Headers],[C3]],Database_Productkaarten[#All],18,FALSE),0)*Ontwerpberekening!J5),0))/Ontwerpberekening!$A$2 -> 0 | Q46: =(IF(Ontwerpberekening!E5="Bestaande Situatie",(_xlfn.IFNA(VLOOKUP(Ontwerp_CO2_Totaal[[#This Row],[Product]]&", "&Ontwerp_CO2_Totaal[[#Headers],[C4]],Database_Productkaarten[#All],18,FALSE),0)*Ontwerpberekening!J5),0))/Ontwerpberekening!$A$2 -> 39.6 | R46: =(IF(Ontwerpberekening!E5="Bestaande Situatie",(_xlfn.IFNA(VLOOKUP(Ontwerp_CO2_Totaal[[#This Row],[Product]]&", "&Ontwerp_CO2_Totaal[[#Headers],[D1]],Database_Productkaarten[#All],18,FALSE),0)*Ontwerpberekening!J5),0))/Ontwerpberekening!$A$2 -> 0 | S46: =(IF(Ontwerpberekening!E5="Bestaande Situatie",(_xlfn.IFNA(VLOOKUP(Ontwerp_CO2_Totaal[[#This Row],[Product]]&", "&Ontwerp_CO2_Totaal[[#Headers],[D2]],Database_Productkaarten[#All],18,FALSE),0)*Ontwerpberekening!J5),0))/Ontwerpberekening!$A$2 -> 0 | T46: =(IF(Ontwerpberekening!E5="Bestaande Situatie",(_xlfn.IFNA(VLOOKUP(Ontwerp_CO2_Totaal[[#This Row],[Product]]&", "&Ontwerp_CO2_Totaal[[#Headers],[D]],Database_Productkaarten[#All],18,FALSE),0)*Ontwerpberekening!J5),0))/Ontwerpberekening!$A$2 -> 0 | U46: =SUM(Ontwerp_CO2_Totaal[[#This Row],[A1-A3]:[C4]])+Ontwerp_CO2_Totaal[[#This Row],[D]] -> 5336.064 | AC46: Open Menggranulaat | AD46: 32302.477
B47: =Ontwerpberekening!B6 -> Open Menggranulaat | C47: =Ontwerpberekening!C6 -> Zandbed | D47: =Ontwerpberekening!G6 -> Ophoogmateriaal (Zand) | E47: =(IF(Ontwerpberekening!E6="Nieuwe Situatie",(_xlfn.IFNA(VLOOKUP(Ontwerp_CO2_Totaal[[#This Row],[Product]]&", "&Ontwerp_CO2_Totaal[[#Headers],[A1]],Database_Productkaarten[#All],18,FALSE),0)*Ontwerpberekening!J6),0))/Ontwerpberekening!$A$2 -> 0 | F47: =(IF(Ontwerpberekening!E6="Nieuwe Situatie",(_xlfn.IFNA(VLOOKUP(Ontwerp_CO2_Totaal[[#This Row],[Product]]&", "&Ontwerp_CO2_Totaal[[#Headers],[A2]],Database_Productkaarten[#All],18,FALSE),0)*Ontwerpberekening!J6),0))/Ontwerpberekening!$A$2 -> 0 | G47: =(IF(Ontwerpberekening!E6="Nieuwe Situatie",(_xlfn.IFNA(VLOOKUP(Ontwerp_CO2_Totaal[[#This Row],[Product]]&", "&Ontwerp_CO2_Totaal[[#Headers],[A3]],Database_Productkaarten[#All],18,FALSE),0)*Ontwerpberekening!J6),0))/Ontwerpberekening!$A$2 -> 0 | H47: =(IF(Ontwerpberekening!E6="Nieuwe Situatie",(_xlfn.IFNA(VLOOKUP(Ontwerp_CO2_Totaal[[#This Row],[Product]]&", "&Ontwerp_CO2_Totaal[[#Headers],[A1-A3]],Database_Productkaarten[#All],18,FALSE),0)*Ontwerpberekening!J6),0))/Ontwerpberekening!$A$2 -> 3080 | I47: =(IF(Ontwerpberekening!E6="Nieuwe Situatie",(_xlfn.IFNA(VLOOKUP(Ontwerp_CO2_Totaal[[#This Row],[Product]]&", "&Ontwerp_CO2_Totaal[[#Headers],[A4]],Database_Productkaarten[#All],18,FALSE),0)*Ontwerpberekening!R6),0))/Ontwerpberekening!$A$2 -> 1664.25 | J47: =(IF(Ontwerpberekening!E6="Nieuwe Situatie",(_xlfn.IFNA(VLOOKUP(Ontwerp_CO2_Totaal[[#This Row],[Product]]&", "&Ontwerp_CO2_Totaal[[#Headers],[A5]],Database_Productkaarten[#All],18,FALSE),0)*Ontwerpberekening!J6),0))/Ontwerpberekening!$A$2 -> 435.47875 | K47: =(IF(Ontwerpberekening!E6="Nieuwe Situatie",(_xlfn.IFNA(VLOOKUP(Ontwerp_CO2_Totaal[[#This Row],[Product]]&", "&Ontwerp_CO2_Totaal[[#Headers],[B1]],Database_Productkaarten[#All],18,FALSE),0)*Ontwerpberekening!J6),0))/Ontwerpberekening!$A$2 -> 0 | L47: =(IF(Ontwerpberekening!E6="Nieuwe Situatie",(_xlfn.IFNA(VLOOKUP(Ontwerp_CO2_Totaal[[#This Row],[Product]]&", "&Ontwerp_CO2_Totaal[[#Headers],[B3]],Database_Productkaarten[#All],18,FALSE),0)*Ontwerpberekening!J6),0))/Ontwerpberekening!$A$2 -> 0 | M47: =(IF(Ontwerpberekening!E6="Nieuwe Situatie",(SUM(Ontwerp_CO2_Totaal[[#This Row],[A1]:[B1]],Ontwerp_CO2_Totaal[[#This Row],[C1]:[D2]])*Ontwerpberekening!T6),0)) -> 0 | N47: =(IF(Ontwerpberekening!E6="Bestaande Situatie",(_xlfn.IFNA(VLOOKUP(Ontwerp_CO2_Totaal[[#This Row],[Product]]&", "&Ontwerp_CO2_Totaal[[#Headers],[C1]],Database_Productkaarten[#All],18,FALSE),0)*Ontwerpberekening!J6),0))/Ontwerpberekening!$A$2 -> 0 | O47: =(IF(Ontwerpberekening!E6="Bestaande Situatie",(_xlfn.IFNA(VLOOKUP(Ontwerp_CO2_Totaal[[#This Row],[Product]]&", "&Ontwerp_CO2_Totaal[[#Headers],[C2]],Database_Productkaarten[#All],18,FALSE),0)*Ontwerpberekening!R6),0))/Ontwerpberekening!$A$2 -> 0 | P47: =(IF(Ontwerpberekening!E6="Bestaande Situatie",(_xlfn.IFNA(VLOOKUP(Ontwerp_CO2_Totaal[[#This Row],[Product]]&", "&Ontwerp_CO2_Totaal[[#Headers],[C3]],Database_Productkaarten[#All],18,FALSE),0)*Ontwerpberekening!J6),0))/Ontwerpberekening!$A$2 -> 0 | Q47: =(IF(Ontwerpberekening!E6="Bestaande Situatie",(_xlfn.IFNA(VLOOKUP(Ontwerp_CO2_Totaal[[#This Row],[Product]]&", "&Ontwerp_CO2_Totaal[[#Headers],[C4]],Database_Productkaarten[#All],18,FALSE),0)*Ontwerpberekening!J6),0))/Ontwerpberekening!$A$2 -> 0 | R47: =(IF(Ontwerpberekening!E6="Bestaande Situatie",(_xlfn.IFNA(VLOOKUP(Ontwerp_CO2_Totaal[[#This Row],[Product]]&", "&Ontwerp_CO2_Totaal[[#Headers],[D1]],Database_Productkaarten[#All],18,FALSE),0)*Ontwerpberekening!J6),0))/Ontwerpberekening!$A$2 -> 0 | S47: =(IF(Ontwerpberekening!E6="Bestaande Situatie",(_xlfn.IFNA(VLOOKUP(Ontwerp_CO2_Totaal[[#This Row],[Product]]&", "&Ontwerp_CO2_Totaal[[#Headers],[D2]],Database_Productkaarten[#All],18,FALSE),0)*Ontwerpberekening!J6),0))/Ontwerpberekening!$A$2 -> 0 | T47: =(IF(Ontwerpberekening!E6="Bestaande Situatie",(_xlfn.IFNA(VLOOKUP(Ontwerp_CO2_Totaal[[#This Row],[Product]]&", "&Ontwerp_CO2_Totaal[[#Headers],[D]],Database_Productkaarten[#All],18,FALSE),0)*Ontwerpberekening!J6),0))/Ontwerpberekening!$A$2 -> 0 | U47: =SUM(Ontwerp_CO2_Totaal[[#This Row],[A1-A3]:[C4]])+Ontwerp_CO2_Totaal[[#This Row],[D]] -> 5179.7288 | AC47: Rockwool | AD47: 23718.921
B48: =Ontwerpberekening!B7 -> Open Menggranulaat | C48: =Ontwerpberekening!C7 -> Funderingswapening | D48: =Ontwerpberekening!G7 -> Geogrid | E48: =(IF(Ontwerpberekening!E7="Nieuwe Situatie",(_xlfn.IFNA(VLOOKUP(Ontwerp_CO2_Totaal[[#This Row],[Product]]&", "&Ontwerp_CO2_Totaal[[#Headers],[A1]],Database_Productkaarten[#All],18,FALSE),0)*Ontwerpberekening!J7),0))/Ontwerpberekening!$A$2 -> 0 | F48: =(IF(Ontwerpberekening!E7="Nieuwe Situatie",(_xlfn.IFNA(VLOOKUP(Ontwerp_CO2_Totaal[[#This Row],[Product]]&", "&Ontwerp_CO2_Totaal[[#Headers],[A2]],Database_Productkaarten[#All],18,FALSE),0)*Ontwerpberekening!J7),0))/Ontwerpberekening!$A$2 -> 0 | G48: =(IF(Ontwerpberekening!E7="Nieuwe Situatie",(_xlfn.IFNA(VLOOKUP(Ontwerp_CO2_Totaal[[#This Row],[Product]]&", "&Ontwerp_CO2_Totaal[[#Headers],[A3]],Database_Productkaarten[#All],18,FALSE),0)*Ontwerpberekening!J7),0))/Ontwerpberekening!$A$2 -> 0 | H48: =(IF(Ontwerpberekening!E7="Nieuwe Situatie",(_xlfn.IFNA(VLOOKUP(Ontwerp_CO2_Totaal[[#This Row],[Product]]&", "&Ontwerp_CO2_Totaal[[#Headers],[A1-A3]],Database_Productkaarten[#All],18,FALSE),0)*Ontwerpberekening!J7),0))/Ontwerpberekening!$A$2 -> 345.78026 | I48: =(IF(Ontwerpberekening!E7="Nieuwe Situatie",(_xlfn.IFNA(VLOOKUP(Ontwerp_CO2_Totaal[[#This Row],[Product]]&", "&Ontwerp_CO2_Totaal[[#Headers],[A4]],Database_Productkaarten[#All],18,FALSE),0)*Ontwerpberekening!R7),0))/Ontwerpberekening!$A$2 -> 0.65059408 | J48: =(IF(Ontwerpberekening!E7="Nieuwe Situatie",(_xlfn.IFNA(VLOOKUP(Ontwerp_CO2_Totaal[[#This Row],[Product]]&", "&Ontwerp_CO2_Totaal[[#Headers],[A5]],Database_Productkaarten[#All],18,FALSE),0)*Ontwerpberekening!J7),0))/Ontwerpberekening!$A$2 -> 1737.0419 | K48: =(IF(Ontwerpberekening!E7="Nieuwe Situatie",(_xlfn.IFNA(VLOOKUP(Ontwerp_CO2_Totaal[[#This Row],[Product]]&", "&Ontwerp_CO2_Totaal[[#Headers],[B1]],Database_Productkaarten[#All],18,FALSE),0)*Ontwerpberekening!J7),0))/Ontwerpberekening!$A$2 -> 0 | L48: =(IF(Ontwerpberekening!E7="Nieuwe Situatie",(_xlfn.IFNA(VLOOKUP(Ontwerp_CO2_Totaal[[#This Row],[Product]]&", "&Ontwerp_CO2_Totaal[[#Headers],[B3]],Database_Productkaarten[#All],18,FALSE),0)*Ontwerpberekening!J7),0))/Ontwerpberekening!$A$2 -> 0 | M48: =(IF(Ontwerpberekening!E7="Nieuwe Situatie",(SUM(Ontwerp_CO2_Totaal[[#This Row],[A1]:[B1]],Ontwerp_CO2_Totaal[[#This Row],[C1]:[D2]])*Ontwerpberekening!T7),0)) -> 0 | N48: =(IF(Ontwerpberekening!E7="Bestaande Situatie",(_xlfn.IFNA(VLOOKUP(Ontwerp_CO2_Totaal[[#This Row],[Product]]&", "&Ontwerp_CO2_Totaal[[#Headers],[C1]],Database_Productkaarten[#All],18,FALSE),0)*Ontwerpberekening!J7),0))/Ontwerpberekening!$A$2 -> 0 | O48: =(IF(Ontwerpberekening!E7="Bestaande Situatie",(_xlfn.IFNA(VLOOKUP(Ontwerp_CO2_Totaal[[#This Row],[Product]]&", "&Ontwerp_CO2_Totaal[[#Headers],[C2]],Database_Productkaarten[#All],18,FALSE),0)*Ontwerpberekening!R7),0))/Ontwerpberekening!$A$2 -> 0 | P48: =(IF(Ontwerpberekening!E7="Bestaande Situatie",(_xlfn.IFNA(VLOOKUP(Ontwerp_CO2_Totaal[[#This Row],[Product]]&", "&Ontwerp_CO2_Totaal[[#Headers],[C3]],Database_Productkaarten[#All],18,FALSE),0)*Ontwerpberekening!J7),0))/Ontwerpberekening!$A$2 -> 0 | Q48: =(IF(Ontwerpberekening!E7="Bestaande Situatie",(_xlfn.IFNA(VLOOKUP(Ontwerp_CO2_Totaal[[#This Row],[Product]]&", "&Ontwerp_CO2_Totaal[[#Headers],[C4]],Database_Productkaarten[#All],18,FALSE),0)*Ontwerpberekening!J7),0))/Ontwerpberekening!$A$2 -> 0 | R48: =(IF(Ontwerpberekening!E7="Bestaande Situatie",(_xlfn.IFNA(VLOOKUP(Ontwerp_CO2_Totaal[[#This Row],[Product]]&", "&Ontwerp_CO2_Totaal[[#Headers],[D1]],Database_Productkaarten[#All],18,FALSE),0)*Ontwerpberekening!J7),0))/Ontwerpberekening!$A$2 -> 0 | S48: =(IF(Ontwerpberekening!E7="Bestaande Situatie",(_xlfn.IFNA(VLOOKUP(Ontwerp_CO2_Totaal[[#This Row],[Product]]&", "&Ontwerp_CO2_Totaal[[#Headers],[D2]],Database_Productkaarten[#All],18,FALSE),0)*Ontwerpberekening!J7),0))/Ontwerpberekening!$A$2 -> 0 | T48: =(IF(Ontwerpberekening!E7="Bestaande Situatie",(_xlfn.IFNA(VLOOKUP(Ontwerp_CO2_Totaal[[#This Row],[Product]]&", "&Ontwerp_CO2_Totaal[[#Headers],[D]],Database_Productkaarten[#All],18,FALSE),0)*Ontwerpberekening!J7),0))/Ontwerpberekening!$A$2 -> 0 | U48: =SUM(Ontwerp_CO2_Totaal[[#This Row],[A1-A3]:[C4]])+Ontwerp_CO2_Totaal[[#This Row],[D]] -> 2083.4727 | AC48: Plastic kratten | AD48: 58612.701
B49: =Ontwerpberekening!B8 -> Open Menggranulaat | C49: =Ontwerpberekening!C8 -> Menggranulaat | D49: =Ontwerpberekening!G8 -> Menggranulaat 200mm | E49: =(IF(Ontwerpberekening!E8="Nieuwe Situatie",(_xlfn.IFNA(VLOOKUP(Ontwerp_CO2_Totaal[[#This Row],[Product]]&", "&Ontwerp_CO2_Totaal[[#Headers],[A1]],Database_Productkaarten[#All],18,FALSE),0)*Ontwerpberekening!J8),0))/Ontwerpberekening!$A$2 -> 0 | F49: =(IF(Ontwerpberekening!E8="Nieuwe Situatie",(_xlfn.IFNA(VLOOKUP(Ontwerp_CO2_Totaal[[#This Row],[Product]]&", "&Ontwerp_CO2_Totaal[[#Headers],[A2]],Database_Productkaarten[#All],18,FALSE),0)*Ontwerpberekening!J8),0))/Ontwerpberekening!$A$2 -> 0 | G49: =(IF(Ontwerpberekening!E8="Nieuwe Situatie",(_xlfn.IFNA(VLOOKUP(Ontwerp_CO2_Totaal[[#This Row],[Product]]&", "&Ontwerp_CO2_Totaal[[#Headers],[A3]],Database_Productkaarten[#All],18,FALSE),0)*Ontwerpberekening!J8),0))/Ontwerpberekening!$A$2 -> 0 | H49: =(IF(Ontwerpberekening!E8="Nieuwe Situatie",(_xlfn.IFNA(VLOOKUP(Ontwerp_CO2_Totaal[[#This Row],[Product]]&", "&Ontwerp_CO2_Totaal[[#Headers],[A1-A3]],Database_Productkaarten[#All],18,FALSE),0)*Ontwerpberekening!J8),0))/Ontwerpberekening!$A$2 -> 0 | I49: =(IF(Ontwerpberekening!E8="Nieuwe Situatie",(_xlfn.IFNA(VLOOKUP(Ontwerp_CO2_Totaal[[#This Row],[Product]]&", "&Ontwerp_CO2_Totaal[[#Headers],[A4]],Database_Productkaarten[#All],18,FALSE),0)*Ontwerpberekening!R8),0))/Ontwerpberekening!$A$2 -> 643.5 | J49: =(IF(Ontwerpberekening!E8="Nieuwe Situatie",(_xlfn.IFNA(VLOOKUP(Ontwerp_CO2_Totaal[[#This Row],[Product]]&", "&Ontwerp_CO2_Totaal[[#Headers],[A5]],Database_Productkaarten[#All],18,FALSE),0)*Ontwerpberekening!J8),0))/Ontwerpberekening!$A$2 -> 2030 | K49: =(IF(Ontwerpberekening!E8="Nieuwe Situatie",(_xlfn.IFNA(VLOOKUP(Ontwerp_CO2_Totaal[[#This Row],[Product]]&", "&Ontwerp_CO2_Totaal[[#Headers],[B1]],Database_Productkaarten[#All],18,FALSE),0)*Ontwerpberekening!J8),0))/Ontwerpberekening!$A$2 -> 0 | L49: =(IF(Ontwerpberekening!E8="Nieuwe Situatie",(_xlfn.IFNA(VLOOKUP(Ontwerp_CO2_Totaal[[#This Row],[Product]]&", "&Ontwerp_CO2_Totaal[[#Headers],[B3]],Database_Productkaarten[#All],18,FALSE),0)*Ontwerpberekening!J8),0))/Ontwerpberekening!$A$2 -> 0 | M49: =(IF(Ontwerpberekening!E8="Nieuwe Situatie",(SUM(Ontwerp_CO2_Totaal[[#This Row],[A1]:[B1]],Ontwerp_CO2_Totaal[[#This Row],[C1]:[D2]])*Ontwerpberekening!T8),0)) -> 0 | N49: =(IF(Ontwerpberekening!E8="Bestaande Situatie",(_xlfn.IFNA(VLOOKUP(Ontwerp_CO2_Totaal[[#This Row],[Product]]&", "&Ontwerp_CO2_Totaal[[#Headers],[C1]],Database_Productkaarten[#All],18,FALSE),0)*Ontwerpberekening!J8),0))/Ontwerpberekening!$A$2 -> 0 | O49: =(IF(Ontwerpberekening!E8="Bestaande Situatie",(_xlfn.IFNA(VLOOKUP(Ontwerp_CO2_Totaal[[#This Row],[Product]]&", "&Ontwerp_CO2_Totaal[[#Headers],[C2]],Database_Productkaarten[#All],18,FALSE),0)*Ontwerpberekening!R8),0))/Ontwerpberekening!$A$2 -> 0 | P49: =(IF(Ontwerpberekening!E8="Bestaande Situatie",(_xlfn.IFNA(VLOOKUP(Ontwerp_CO2_Totaal[[#This Row],[Product]]&", "&Ontwerp_CO2_Totaal[[#Headers],[C3]],Database_Productkaarten[#All],18,FALSE),0)*Ontwerpberekening!J8),0))/Ontwerpberekening!$A$2 -> 0 | Q49: =(IF(Ontwerpberekening!E8="Bestaande Situatie",(_xlfn.IFNA(VLOOKUP(Ontwerp_CO2_Totaal[[#This Row],[Product]]&", "&Ontwerp_CO2_Totaal[[#Headers],[C4]],Database_Productkaarten[#All],18,FALSE),0)*Ontwerpberekening!J8),0))/Ontwerpberekening!$A$2 -> 0 | R49: =(IF(Ontwerpberekening!E8="Bestaande Situatie",(_xlfn.IFNA(VLOOKUP(Ontwerp_CO2_Totaal[[#This Row],[Product]]&", "&Ontwerp_CO2_Totaal[[#Headers],[D1]],Database_Productkaarten[#All],18,FALSE),0)*Ontwerpberekening!J8),0))/Ontwerpberekening!$A$2 -> 0 | S49: =(IF(Ontwerpberekening!E8="Bestaande Situatie",(_xlfn.IFNA(VLOOKUP(Ontwerp_CO2_Totaal[[#This Row],[Product]]&", "&Ontwerp_CO2_Totaal[[#Headers],[D2]],Database_Productkaarten[#All],18,FALSE),0)*Ontwerpberekening!J8),0))/Ontwerpberekening!$A$2 -> 0 | T49: =(IF(Ontwerpberekening!E8="Bestaande Situatie",(_xlfn.IFNA(VLOOKUP(Ontwerp_CO2_Totaal[[#This Row],[Product]]&", "&Ontwerp_CO2_Totaal[[#Headers],[D]],Database_Productkaarten[#All],18,FALSE),0)*Ontwerpberekening!J8),0))/Ontwerpberekening!$A$2 -> 0 | U49: =SUM(Ontwerp_CO2_Totaal[[#This Row],[A1-A3]:[C4]])+Ontwerp_CO2_Totaal[[#This Row],[D]] -> 2673.5 | AC49: Grand Total | AD49: 114634.1
B50: =Ontwerpberekening!B9 -> Open Menggranulaat | C50: =Ontwerpberekening!C9 -> Straatlaag | D50: =Ontwerpberekening!G9 -> Ophoogmateriaal (Zand) | E50: =(IF(Ontwerpberekening!E9="Nieuwe Situatie",(_xlfn.IFNA(VLOOKUP(Ontwerp_CO2_Totaal[[#This Row],[Product]]&", "&Ontwerp_CO2_Totaal[[#Headers],[A1]],Database_Productkaarten[#All],18,FALSE),0)*Ontwerpberekening!J9),0))/Ontwerpberekening!$A$2 -> 0 | F50: =(IF(Ontwerpberekening!E9="Nieuwe Situatie",(_xlfn.IFNA(VLOOKUP(Ontwerp_CO2_Totaal[[#This Row],[Product]]&", "&Ontwerp_CO2_Totaal[[#Headers],[A2]],Database_Productkaarten[#All],18,FALSE),0)*Ontwerpberekening!J9),0))/Ontwerpberekening!$A$2 -> 0 | G50: =(IF(Ontwerpberekening!E9="Nieuwe Situatie",(_xlfn.IFNA(VLOOKUP(Ontwerp_CO2_Totaal[[#This Row],[Product]]&", "&Ontwerp_CO2_Totaal[[#Headers],[A3]],Database_Productkaarten[#All],18,FALSE),0)*Ontwerpberekening!J9),0))/Ontwerpberekening!$A$2 -> 0 | H50: =(IF(Ontwerpberekening!E9="Nieuwe Situatie",(_xlfn.IFNA(VLOOKUP(Ontwerp_CO2_Totaal[[#This Row],[Product]]&", "&Ontwerp_CO2_Totaal[[#Headers],[A1-A3]],Database_Productkaarten[#All],18,FALSE),0)*Ontwerpberekening!J9),0))/Ontwerpberekening!$A$2 -> 440 | I50: =(IF(Ontwerpberekening!E9="Nieuwe Situatie",(_xlfn.IFNA(VLOOKUP(Ontwerp_CO2_Totaal[[#This Row],[Product]]&", "&Ontwerp_CO2_Totaal[[#Headers],[A4]],Database_Productkaarten[#All],18,FALSE),0)*Ontwerpberekening!R9),0))/Ontwerpberekening!$A$2 -> 237.75 | J50: =(IF(Ontwerpberekening!E9="Nieuwe Situatie",(_xlfn.IFNA(VLOOKUP(Ontwerp_CO2_Totaal[[#This Row],[Product]]&", "&Ontwerp_CO2_Totaal[[#Headers],[A5]],Database_Productkaarten[#All],18,FALSE),0)*Ontwerpberekening!J9),0))/Ontwerpberekening!$A$2 -> 62.21125 | K50: =(IF(Ontwerpberekening!E9="Nieuwe Situatie",(_xlfn.IFNA(VLOOKUP(Ontwerp_CO2_Totaal[[#This Row],[Product]]&", "&Ontwerp_CO2_Totaal[[#Headers],[B1]],Database_Productkaarten[#All],18,FALSE),0)*Ontwerpberekening!J9),0))/Ontwerpberekening!$A$2 -> 0 | L50: =(IF(Ontwerpberekening!E9="Nieuwe Situatie",(_xlfn.IFNA(VLOOKUP(Ontwerp_CO2_Totaal[[#This Row],[Product]]&", "&Ontwerp_CO2_Totaal[[#Headers],[B3]],Database_Productkaarten[#All],18,FALSE),0)*Ontwerpberekening!J9),0))/Ontwerpberekening!$A$2 -> 0 | M50: =(IF(Ontwerpberekening!E9="Nieuwe Situatie",(SUM(Ontwerp_CO2_Totaal[[#This Row],[A1]:[B1]],Ontwerp_CO2_Totaal[[#This Row],[C1]:[D2]])*Ontwerpberekening!T9),0)) -> 0 | N50: =(IF(Ontwerpberekening!E9="Bestaande Situatie",(_xlfn.IFNA(VLOOKUP(Ontwerp_CO2_Totaal[[#This Row],[Product]]&", "&Ontwerp_CO2_Totaal[[#Headers],[C1]],Database_Productkaarten[#All],18,FALSE),0)*Ontwerpberekening!J9),0))/Ontwerpberekening!$A$2 -> 0 | O50: =(IF(Ontwerpberekening!E9="Bestaande Situatie",(_xlfn.IFNA(VLOOKUP(Ontwerp_CO2_Totaal[[#This Row],[Product]]&", "&Ontwerp_CO2_Totaal[[#Headers],[C2]],Database_Productkaarten[#All],18,FALSE),0)*Ontwerpberekening!R9),0))/Ontwerpberekening!$A$2 -> 0 | P50: =(IF(Ontwerpberekening!E9="Bestaande Situatie",(_xlfn.IFNA(VLOOKUP(Ontwerp_CO2_Totaal[[#This Row],[Product]]&", "&Ontwerp_CO2_Totaal[[#Headers],[C3]],Database_Productkaarten[#All],18,FALSE),0)*Ontwerpberekening!J9),0))/Ontwerpberekening!$A$2 -> 0 | Q50: =(IF(Ontwerpberekening!E9="Bestaande Situatie",(_xlfn.IFNA(VLOOKUP(Ontwerp_CO2_Totaal[[#This Row],[Product]]&", "&Ontwerp_CO2_Totaal[[#Headers],[C4]],Database_Productkaarten[#All],18,FALSE),0)*Ontwerpberekening!J9),0))/Ontwerpberekening!$A$2 -> 0 | R50: =(IF(Ontwerpberekening!E9="Bestaande Situatie",(_xlfn.IFNA(VLOOKUP(Ontwerp_CO2_Totaal[[#This Row],[Product]]&", "&Ontwerp_CO2_Totaal[[#Headers],[D1]],Database_Productkaarten[#All],18,FALSE),0)*Ontwerpberekening!J9),0))/Ontwerpberekening!$A$2 -> 0 | S50: =(IF(Ontwerpberekening!E9="Bestaande Situatie",(_xlfn.IFNA(VLOOKUP(Ontwerp_CO2_Totaal[[#This Row],[Product]]&", "&Ontwerp_CO2_Totaal[[#Headers],[D2]],Database_Productkaarten[#All],18,FALSE),0)*Ontwerpberekening!J9),0))/Ontwerpberekening!$A$2 -> 0 | T50: =(IF(Ontwerpberekening!E9="Bestaande Situatie",(_xlfn.IFNA(VLOOKUP(Ontwerp_CO2_Totaal[[#This Row],[Product]]&", "&Ontwerp_CO2_Totaal[[#Headers],[D]],Database_Productkaarten[#All],18,FALSE),0)*Ontwerpberekening!J9),0))/Ontwerpberekening!$A$2 -> 0 | U50: =SUM(Ontwerp_CO2_Totaal[[#This Row],[A1-A3]:[C4]])+Ontwerp_CO2_Totaal[[#This Row],[D]] -> 739.96125
B51: =Ontwerpberekening!B10 -> Open Menggranulaat | C51: =Ontwerpberekening!C10 -> Toplaag | D51: =Ontwerpberekening!G10 -> Betonstraatsteen 210x105x80 | E51: =(IF(Ontwerpberekening!E10="Nieuwe Situatie",(_xlfn.IFNA(VLOOKUP(Ontwerp_CO2_Totaal[[#This Row],[Product]]&", "&Ontwerp_CO2_Totaal[[#Headers],[A1]],Database_Productkaarten[#All],18,FALSE),0)*Ontwerpberekening!J10),0))/Ontwerpberekening!$A$2 -> 10998.63 | F51: =(IF(Ontwerpberekening!E10="Nieuwe Situatie",(_xlfn.IFNA(VLOOKUP(Ontwerp_CO2_Totaal[[#This Row],[Product]]&", "&Ontwerp_CO2_Totaal[[#Headers],[A2]],Database_Productkaarten[#All],18,FALSE),0)*Ontwerpberekening!J10),0))/Ontwerpberekening!$A$2 -> 481.99106 | G51: =(IF(Ontwerpberekening!E10="Nieuwe Situatie",(_xlfn.IFNA(VLOOKUP(Ontwerp_CO2_Totaal[[#This Row],[Product]]&", "&Ontwerp_CO2_Totaal[[#Headers],[A3]],Database_Productkaarten[#All],18,FALSE),0)*Ontwerpberekening!J10),0))/Ontwerpberekening!$A$2 -> 583.98365 | H51: =(IF(Ontwerpberekening!E10="Nieuwe Situatie",(_xlfn.IFNA(VLOOKUP(Ontwerp_CO2_Totaal[[#This Row],[Product]]&", "&Ontwerp_CO2_Totaal[[#Headers],[A1-A3]],Database_Productkaarten[#All],18,FALSE),0)*Ontwerpberekening!J10),0))/Ontwerpberekening!$A$2 -> 12064.605 | I51: =(IF(Ontwerpberekening!E10="Nieuwe Situatie",(_xlfn.IFNA(VLOOKUP(Ontwerp_CO2_Totaal[[#This Row],[Product]]&", "&Ontwerp_CO2_Totaal[[#Headers],[A4]],Database_Productkaarten[#All],18,FALSE),0)*Ontwerpberekening!R10),0))/Ontwerpberekening!$A$2 -> 318.58976 | J51: =(IF(Ontwerpberekening!E10="Nieuwe Situatie",(_xlfn.IFNA(VLOOKUP(Ontwerp_CO2_Totaal[[#This Row],[Product]]&", "&Ontwerp_CO2_Totaal[[#Headers],[A5]],Database_Productkaarten[#All],18,FALSE),0)*Ontwerpberekening!J10),0))/Ontwerpberekening!$A$2 -> 723.2847 | K51: =(IF(Ontwerpberekening!E10="Nieuwe Situatie",(_xlfn.IFNA(VLOOKUP(Ontwerp_CO2_Totaal[[#This Row],[Product]]&", "&Ontwerp_CO2_Totaal[[#Headers],[B1]],Database_Productkaarten[#All],18,FALSE),0)*Ontwerpberekening!J10),0))/Ontwerpberekening!$A$2 -> 0 | L51: =(IF(Ontwerpberekening!E10="Nieuwe Situatie",(_xlfn.IFNA(VLOOKUP(Ontwerp_CO2_Totaal[[#This Row],[Product]]&", "&Ontwerp_CO2_Totaal[[#Headers],[B3]],Database_Productkaarten[#All],18,FALSE),0)*Ontwerpberekening!J10),0))/Ontwerpberekening!$A$2 -> 0 | M51: =(IF(Ontwerpberekening!E10="Nieuwe Situatie",(SUM(Ontwerp_CO2_Totaal[[#This Row],[A1]:[B1]],Ontwerp_CO2_Totaal[[#This Row],[C1]:[D2]])*Ontwerpberekening!T10),0)) -> 0 | N51: =(IF(Ontwerpberekening!E10="Bestaande Situatie",(_xlfn.IFNA(VLOOKUP(Ontwerp_CO2_Totaal[[#This Row],[Product]]&", "&Ontwerp_CO2_Totaal[[#Headers],[C1]],Database_Productkaarten[#All],18,FALSE),0)*Ontwerpberekening!J10),0))/Ontwerpberekening!$A$2 -> 0 | O51: =(IF(Ontwerpberekening!E10="Bestaande Situatie",(_xlfn.IFNA(VLOOKUP(Ontwerp_CO2_Totaal[[#This Row],[Product]]&", "&Ontwerp_CO2_Totaal[[#Headers],[C2]],Database_Productkaarten[#All],18,FALSE),0)*Ontwerpberekening!R10),0))/Ontwerpberekening!$A$2 -> 0 | P51: =(IF(Ontwerpberekening!E10="Bestaande Situatie",(_xlfn.IFNA(VLOOKUP(Ontwerp_CO2_Totaal[[#This Row],[Product]]&", "&Ontwerp_CO2_Totaal[[#Headers],[C3]],Database_Productkaarten[#All],18,FALSE),0)*Ontwerpberekening!J10),0))/Ontwerpberekening!$A$2 -> 0 | Q51: =(IF(Ontwerpberekening!E10="Bestaande Situatie",(_xlfn.IFNA(VLOOKUP(Ontwerp_CO2_Totaal[[#This Row],[Product]]&", "&Ontwerp_CO2_Totaal[[#Headers],[C4]],Database_Productkaarten[#All],18,FALSE),0)*Ontwerpberekening!J10),0))/Ontwerpberekening!$A$2 -> 0 | R51: =(IF(Ontwerpberekening!E10="Bestaande Situatie",(_xlfn.IFNA(VLOOKUP(Ontwerp_CO2_Totaal[[#This Row],[Product]]&", "&Ontwerp_CO2_Totaal[[#Headers],[D1]],Database_Productkaarten[#All],18,FALSE),0)*Ontwerpberekening!J10),0))/Ontwerpberekening!$A$2 -> 0 | S51: =(IF(Ontwerpberekening!E10="Bestaande Situatie",(_xlfn.IFNA(VLOOKUP(Ontwerp_CO2_Totaal[[#This Row],[Product]]&", "&Ontwerp_CO2_Totaal[[#Headers],[D2]],Database_Productkaarten[#All],18,FALSE),0)*Ontwerpberekening!J10),0))/Ontwerpberekening!$A$2 -> 0 | T51: =(IF(Ontwerpberekening!E10="Bestaande Situatie",(_xlfn.IFNA(VLOOKUP(Ontwerp_CO2_Totaal[[#This Row],[Product]]&", "&Ontwerp_CO2_Totaal[[#Headers],[D]],Database_Productkaarten[#All],18,FALSE),0)*Ontwerpberekening!J10),0))/Ontwerpberekening!$A$2 -> 0 | U51: =SUM(Ontwerp_CO2_Totaal[[#This Row],[A1-A3]:[C4]])+Ontwerp_CO2_Totaal[[#This Row],[D]] -> 13106.479
B52: =Ontwerpberekening!B11 -> Open Menggranulaat | C52: =Ontwerpberekening!C11 -> Zandbed | D52: =Ontwerpberekening!G11 -> Ophoogmateriaal (Zand) | E52: =(IF(Ontwerpberekening!E11="Nieuwe Situatie",(_xlfn.IFNA(VLOOKUP(Ontwerp_CO2_Totaal[[#This Row],[Product]]&", "&Ontwerp_CO2_Totaal[[#Headers],[A1]],Database_Productkaarten[#All],18,FALSE),0)*Ontwerpberekening!J11),0))/Ontwerpberekening!$A$2 -> 0 | F52: =(IF(Ontwerpberekening!E11="Nieuwe Situatie",(_xlfn.IFNA(VLOOKUP(Ontwerp_CO2_Totaal[[#This Row],[Product]]&", "&Ontwerp_CO2_Totaal[[#Headers],[A2]],Database_Productkaarten[#All],18,FALSE),0)*Ontwerpberekening!J11),0))/Ontwerpberekening!$A$2 -> 0 | G52: =(IF(Ontwerpberekening!E11="Nieuwe Situatie",(_xlfn.IFNA(VLOOKUP(Ontwerp_CO2_Totaal[[#This Row],[Product]]&", "&Ontwerp_CO2_Totaal[[#Headers],[A3]],Database_Productkaarten[#All],18,FALSE),0)*Ontwerpberekening!J11),0))/Ontwerpberekening!$A$2 -> 0 | H52: =(IF(Ontwerpberekening!E11="Nieuwe Situatie",(_xlfn.IFNA(VLOOKUP(Ontwerp_CO2_Totaal[[#This Row],[Product]]&", "&Ontwerp_CO2_Totaal[[#Headers],[A1-A3]],Database_Productkaarten[#All],18,FALSE),0)*Ontwerpberekening!J11),0))/Ontwerpberekening!$A$2 -> 0 | I52: =(IF(Ontwerpberekening!E11="Nieuwe Situatie",(_xlfn.IFNA(VLOOKUP(Ontwerp_CO2_Totaal[[#This Row],[Product]]&", "&Ontwerp_CO2_Totaal[[#Headers],[A4]],Database_Productkaarten[#All],18,FALSE),0)*Ontwerpberekening!R11),0))/Ontwerpberekening!$A$2 -> 0 | J52: =(IF(Ontwerpberekening!E11="Nieuwe Situatie",(_xlfn.IFNA(VLOOKUP(Ontwerp_CO2_Totaal[[#This Row],[Product]]&", "&Ontwerp_CO2_Totaal[[#Headers],[A5]],Database_Productkaarten[#All],18,FALSE),0)*Ontwerpberekening!J11),0))/Ontwerpberekening!$A$2 -> 0 | K52: =(IF(Ontwerpberekening!E11="Nieuwe Situatie",(_xlfn.IFNA(VLOOKUP(Ontwerp_CO2_Totaal[[#This Row],[Product]]&", "&Ontwerp_CO2_Totaal[[#Headers],[B1]],Database_Productkaarten[#All],18,FALSE),0)*Ontwerpberekening!J11),0))/Ontwerpberekening!$A$2 -> 0 | L52: =(IF(Ontwerpberekening!E11="Nieuwe Situatie",(_xlfn.IFNA(VLOOKUP(Ontwerp_CO2_Totaal[[#This Row],[Product]]&", "&Ontwerp_CO2_Totaal[[#Headers],[B3]],Database_Productkaarten[#All],18,FALSE),0)*Ontwerpberekening!J11),0))/Ontwerpberekening!$A$2 -> 0 | M52: =(IF(Ontwerpberekening!E11="Nieuwe Situatie",(SUM(Ontwerp_CO2_Totaal[[#This Row],[A1]:[B1]],Ontwerp_CO2_Totaal[[#This Row],[C1]:[D2]])*Ontwerpberekening!T11),0)) -> 0 | N52: =(IF(Ontwerpberekening!E11="Bestaande Situatie",(_xlfn.IFNA(VLOOKUP(Ontwerp_CO2_Totaal[[#This Row],[Product]]&", "&Ontwerp_CO2_Totaal[[#Headers],[C1]],Database_Productkaarten[#All],18,FALSE),0)*Ontwerpberekening!J11),0))/Ontwerpberekening!$A$2 -> 81.4975 | O52: =(IF(Ontwerpberekening!E11="Bestaande Situatie",(_xlfn.IFNA(VLOOKUP(Ontwerp_CO2_Totaal[[#This Row],[Product]]&", "&Ontwerp_CO2_Totaal[[#Headers],[C2]],Database_Productkaarten[#All],18,FALSE),0)*Ontwerpberekening!R11),0))/Ontwerpberekening!$A$2 -> 1680 | P52: =(IF(Ontwerpberekening!E11="Bestaande Situatie",(_xlfn.IFNA(VLOOKUP(Ontwerp_CO2_Totaal[[#This Row],[Product]]&", "&Ontwerp_CO2_Totaal[[#Headers],[C3]],Database_Productkaarten[#All],18,FALSE),0)*Ontwerpberekening!J11),0))/Ontwerpberekening!$A$2 -> 0 | Q52: =(IF(Ontwerpberekening!E11="Bestaande Situatie",(_xlfn.IFNA(VLOOKUP(Ontwerp_CO2_Totaal[[#This Row],[Product]]&", "&Ontwerp_CO2_Totaal[[#Headers],[C4]],Database_Productkaarten[#All],18,FALSE),0)*Ontwerpberekening!J11),0))/Ontwerpberekening!$A$2 -> 14 | R52: =(IF(Ontwerpberekening!E11="Bestaande Situatie",(_xlfn.IFNA(VLOOKUP(Ontwerp_CO2_Totaal[[#This Row],[Product]]&", "&Ontwerp_CO2_Totaal[[#Headers],[D1]],Database_Productkaarten[#All],18,FALSE),0)*Ontwerpberekening!J11),0))/Ontwerpberekening!$A$2 -> 0 | S52: =(IF(Ontwerpberekening!E11="Bestaande Situatie",(_xlfn.IFNA(VLOOKUP(Ontwerp_CO2_Totaal[[#This Row],[Product]]&", "&Ontwerp_CO2_Totaal[[#Headers],[D2]],Database_Productkaarten[#All],18,FALSE),0)*Ontwerpberekening!J11),0))/Ontwerpberekening!$A$2 -> 0 | T52: =(IF(Ontwerpberekening!E11="Bestaande Situatie",(_xlfn.IFNA(VLOOKUP(Ontwerp_CO2_Totaal[[#This Row],[Product]]&", "&Ontwerp_CO2_Totaal[[#Headers],[D]],Database_Productkaarten[#All],18,FALSE),0)*Ontwerpberekening!J11),0))/Ontwerpberekening!$A$2 -> -1090.25 | U52: =SUM(Ontwerp_CO2_Totaal[[#This Row],[A1-A3]:[C4]])+Ontwerp_CO2_Totaal[[#This Row],[D]] -> 685.2475
B53: =Ontwerpberekening!B12 -> Open Menggranulaat | C53: =Ontwerpberekening!C12 -> Funderingswapening | D53: =Ontwerpberekening!G12 -> Geogrid | E53: =(IF(Ontwerpberekening!E12="Nieuwe Situatie",(_xlfn.IFNA(VLOOKUP(Ontwerp_CO2_Totaal[[#This Row],[Product]]&", "&Ontwerp_CO2_Totaal[[#Headers],[A1]],Database_Productkaarten[#All],18,FALSE),0)*Ontwerpberekening!J12),0))/Ontwerpberekening!$A$2 -> 0 | F53: =(IF(Ontwerpberekening!E12="Nieuwe Situatie",(_xlfn.IFNA(VLOOKUP(Ontwerp_CO2_Totaal[[#This Row],[Product]]&", "&Ontwerp_CO2_Totaal[[#Headers],[A2]],Database_Productkaarten[#All],18,FALSE),0)*Ontwerpberekening!J12),0))/Ontwerpberekening!$A$2 -> 0 | G53: =(IF(Ontwerpberekening!E12="Nieuwe Situatie",(_xlfn.IFNA(VLOOKUP(Ontwerp_CO2_Totaal[[#This Row],[Product]]&", "&Ontwerp_CO2_Totaal[[#Headers],[A3]],Database_Productkaarten[#All],18,FALSE),0)*Ontwerpberekening!J12),0))/Ontwerpberekening!$A$2 -> 0 | H53: =(IF(Ontwerpberekening!E12="Nieuwe Situatie",(_xlfn.IFNA(VLOOKUP(Ontwerp_CO2_Totaal[[#This Row],[Product]]&", "&Ontwerp_CO2_Totaal[[#Headers],[A1-A3]],Database_Productkaarten[#All],18,FALSE),0)*Ontwerpberekening!J12),0))/Ontwerpberekening!$A$2 -> 0 | I53: =(IF(Ontwerpberekening!E12="Nieuwe Situatie",(_xlfn.IFNA(VLOOKUP(Ontwerp_CO2_Totaal[[#This Row],[Product]]&", "&Ontwerp_CO2_Totaal[[#Headers],[A4]],Database_Productkaarten[#All],18,FALSE),0)*Ontwerpberekening!R12),0))/Ontwerpberekening!$A$2 -> 0 | J53: =(IF(Ontwerpberekening!E12="Nieuwe Situatie",(_xlfn.IFNA(VLOOKUP(Ontwerp_CO2_Totaal[[#This Row],[Product]]&", "&Ontwerp_CO2_Totaal[[#Headers],[A5]],Database_Productkaarten[#All],18,FALSE),0)*Ontwerpberekening!J12),0))/Ontwerpberekening!$A$2 -> 0 | K53: =(IF(Ontwerpberekening!E12="Nieuwe Situatie",(_xlfn.IFNA(VLOOKUP(Ontwerp_CO2_Totaal[[#This Row],[Product]]&", "&Ontwerp_CO2_Totaal[[#Headers],[B1]],Database_Productkaarten[#All],18,FALSE),0)*Ontwerpberekening!J12),0))/Ontwerpberekening!$A$2 -> 0 | L53: =(IF(Ontwerpberekening!E12="Nieuwe Situatie",(_xlfn.IFNA(VLOOKUP(Ontwerp_CO2_Totaal[[#This Row],[Product]]&", "&Ontwerp_CO2_Totaal[[#Headers],[B3]],Database_Productkaarten[#All],18,FALSE),0)*Ontwerpberekening!J12),0))/Ontwerpberekening!$A$2 -> 0 | M53: =(IF(Ontwerpberekening!E12="Nieuwe Situatie",(SUM(Ontwerp_CO2_Totaal[[#This Row],[A1]:[B1]],Ontwerp_CO2_Totaal[[#This Row],[C1]:[D2]])*Ontwerpberekening!T12),0)) -> 0 | N53: =(IF(Ontwerpberekening!E12="Bestaande Situatie",(_xlfn.IFNA(VLOOKUP(Ontwerp_CO2_Totaal[[#This Row],[Product]]&", "&Ontwerp_CO2_Totaal[[#Headers],[C1]],Database_Productkaarten[#All],18,FALSE),0)*Ontwerpberekening!J12),0))/Ontwerpberekening!$A$2 -> 777.7799 | O53: =(IF(Ontwerpberekening!E12="Bestaande Situatie",(_xlfn.IFNA(VLOOKUP(Ontwerp_CO2_Totaal[[#This Row],[Product]]&", "&Ontwerp_CO2_Totaal[[#Headers],[C2]],Database_Productkaarten[#All],18,FALSE),0)*Ontwerpberekening!R12),0))/Ontwerpberekening!$A$2 -> 0.4662591 | P53: =(IF(Ontwerpberekening!E12="Bestaande Situatie",(_xlfn.IFNA(VLOOKUP(Ontwerp_CO2_Totaal[[#This Row],[Product]]&", "&Ontwerp_CO2_Totaal[[#Headers],[C3]],Database_Productkaarten[#All],18,FALSE),0)*Ontwerpberekening!J12),0))/Ontwerpberekening!$A$2 -> 0 | Q53: =(IF(Ontwerpberekening!E12="Bestaande Situatie",(_xlfn.IFNA(VLOOKUP(Ontwerp_CO2_Totaal[[#This Row],[Product]]&", "&Ontwerp_CO2_Totaal[[#Headers],[C4]],Database_Productkaarten[#All],18,FALSE),0)*Ontwerpberekening!J12),0))/Ontwerpberekening!$A$2 -> 232.38357 | R53: =(IF(Ontwerpberekening!E12="Bestaande Situatie",(_xlfn.IFNA(VLOOKUP(Ontwerp_CO2_Totaal[[#This Row],[Product]]&", "&Ontwerp_CO2_Totaal[[#Headers],[D1]],Database_Productkaarten[#All],18,FALSE),0)*Ontwerpberekening!J12),0))/Ontwerpberekening!$A$2 -> 0 | S53: =(IF(Ontwerpberekening!E12="Bestaande Situatie",(_xlfn.IFNA(VLOOKUP(Ontwerp_CO2_Totaal[[#This Row],[Product]]&", "&Ontwerp_CO2_Totaal[[#Headers],[D2]],Database_Productkaarten[#All],18,FALSE),0)*Ontwerpberekening!J12),0))/Ontwerpberekening!$A$2 -> 0 | T53: =(IF(Ontwerpberekening!E12="Bestaande Situatie",(_xlfn.IFNA(VLOOKUP(Ontwerp_CO2_Totaal[[#This Row],[Product]]&", "&Ontwerp_CO2_Totaal[[#Headers],[D]],Database_Productkaarten[#All],18,FALSE),0)*Ontwerpberekening!J12),0))/Ontwerpberekening!$A$2 -> -128.22309 | U53: =SUM(Ontwerp_CO2_Totaal[[#This Row],[A1-A3]:[C4]])+Ontwerp_CO2_Totaal[[#This Row],[D]] -> 882.40664
B54: =Ontwerpberekening!B13 -> Open Menggranulaat | C54: =Ontwerpberekening!C13 -> Menggranulaat | D54: =Ontwerpberekening!G13 -> Menggranulaat 200mm | E54: =(IF(Ontwerpberekening!E13="Nieuwe Situatie",(_xlfn.IFNA(VLOOKUP(Ontwerp_CO2_Totaal[[#This Row],[Product]]&", "&Ontwerp_CO2_Totaal[[#Headers],[A1]],Database_Productkaarten[#All],18,FALSE),0)*Ontwerpberekening!J13),0))/Ontwerpberekening!$A$2 -> 0 | F54: =(IF(Ontwerpberekening!E13="Nieuwe Situatie",(_xlfn.IFNA(VLOOKUP(Ontwerp_CO2_Totaal[[#This Row],[Product]]&", "&Ontwerp_CO2_Totaal[[#Headers],[A2]],Database_Productkaarten[#All],18,FALSE),0)*Ontwerpberekening!J13),0))/Ontwerpberekening!$A$2 -> 0 | G54: =(IF(Ontwerpberekening!E13="Nieuwe Situatie",(_xlfn.IFNA(VLOOKUP(Ontwerp_CO2_Totaal[[#This Row],[Product]]&", "&Ontwerp_CO2_Totaal[[#Headers],[A3]],Database_Productkaarten[#All],18,FALSE),0)*Ontwerpberekening!J13),0))/Ontwerpberekening!$A$2 -> 0 | H54: =(IF(Ontwerpberekening!E13="Nieuwe Situatie",(_xlfn.IFNA(VLOOKUP(Ontwerp_CO2_Totaal[[#This Row],[Product]]&", "&Ontwerp_CO2_Totaal[[#Headers],[A1-A3]],Database_Productkaarten[#All],18,FALSE),0)*Ontwerpberekening!J13),0))/Ontwerpberekening!$A$2 -> 0 | I54: =(IF(Ontwerpberekening!E13="Nieuwe Situatie",(_xlfn.IFNA(VLOOKUP(Ontwerp_CO2_Totaal[[#This Row],[Product]]&", "&Ontwerp_CO2_Totaal[[#Headers],[A4]],Database_Productkaarten[#All],18,FALSE),0)*Ontwerpberekening!R13),0))/Ontwerpberekening!$A$2 -> 0 | J54: =(IF(Ontwerpberekening!E13="Nieuwe Situatie",(_xlfn.IFNA(VLOOKUP(Ontwerp_CO2_Totaal[[#This Row],[Product]]&", "&Ontwerp_CO2_Totaal[[#Headers],[A5]],Database_Productkaarten[#All],18,FALSE),0)*Ontwerpberekening!J13),0))/Ontwerpberekening!$A$2 -> 0 | K54: =(IF(Ontwerpberekening!E13="Nieuwe Situatie",(_xlfn.IFNA(VLOOKUP(Ontwerp_CO2_Totaal[[#This Row],[Product]]&", "&Ontwerp_CO2_Totaal[[#Headers],[B1]],Database_Productkaarten[#All],18,FALSE),0)*Ontwerpberekening!J13),0))/Ontwerpberekening!$A$2 -> 0 | L54: =(IF(Ontwerpberekening!E13="Nieuwe Situatie",(_xlfn.IFNA(VLOOKUP(Ontwerp_CO2_Totaal[[#This Row],[Product]]&", "&Ontwerp_CO2_Totaal[[#Headers],[B3]],Database_Productkaarten[#All],18,FALSE),0)*Ontwerpberekening!J13),0))/Ontwerpberekening!$A$2 -> 0 | M54: =(IF(Ontwerpberekening!E13="Nieuwe Situatie",(SUM(Ontwerp_CO2_Totaal[[#This Row],[A1]:[B1]],Ontwerp_CO2_Totaal[[#This Row],[C1]:[D2]])*Ontwerpberekening!T13),0)) -> 0 | N54: =(IF(Ontwerpberekening!E13="Bestaande Situatie",(_xlfn.IFNA(VLOOKUP(Ontwerp_CO2_Totaal[[#This Row],[Product]]&", "&Ontwerp_CO2_Totaal[[#Headers],[C1]],Database_Productkaarten[#All],18,FALSE),0)*Ontwerpberekening!J13),0))/Ontwerpberekening!$A$2 -> 671 | O54: =(IF(Ontwerpberekening!E13="Bestaande Situatie",(_xlfn.IFNA(VLOOKUP(Ontwerp_CO2_Totaal[[#This Row],[Product]]&", "&Ontwerp_CO2_Totaal[[#Headers],[C2]],Database_Productkaarten[#All],18,FALSE),0)*Ontwerpberekening!R13),0))/Ontwerpberekening!$A$2 -> 647.4 | P54: =(IF(Ontwerpberekening!E13="Bestaande Situatie",(_xlfn.IFNA(VLOOKUP(Ontwerp_CO2_Totaal[[#This Row],[Product]]&", "&Ontwerp_CO2_Totaal[[#Headers],[C3]],Database_Productkaarten[#All],18,FALSE),0)*Ontwerpberekening!J13),0))/Ontwerpberekening!$A$2 -> 0 | Q54: =(IF(Ontwerpberekening!E13="Bestaande Situatie",(_xlfn.IFNA(VLOOKUP(Ontwerp_CO2_Totaal[[#This Row],[Product]]&", "&Ontwerp_CO2_Totaal[[#Headers],[C4]],Database_Productkaarten[#All],18,FALSE),0)*Ontwerpberekening!J13),0))/Ontwerpberekening!$A$2 -> 20.6 | R54: =(IF(Ontwerpberekening!E13="Bestaande Situatie",(_xlfn.IFNA(VLOOKUP(Ontwerp_CO2_Totaal[[#This Row],[Product]]&", "&Ontwerp_CO2_Totaal[[#Headers],[D1]],Database_Productkaarten[#All],18,FALSE),0)*Ontwerpberekening!J13),0))/Ontwerpberekening!$A$2 -> 0 | S54: =(IF(Ontwerpberekening!E13="Bestaande Situatie",(_xlfn.IFNA(VLOOKUP(Ontwerp_CO2_Totaal[[#This Row],[Product]]&", "&Ontwerp_CO2_Totaal[[#Headers],[D2]],Database_Productkaarten[#All],18,FALSE),0)*Ontwerpberekening!J13),0))/Ontwerpberekening!$A$2 -> 0 | T54: =(IF(Ontwerpberekening!E13="Bestaande Situatie",(_xlfn.IFNA(VLOOKUP(Ontwerp_CO2_Totaal[[#This Row],[Product]]&", "&Ontwerp_CO2_Totaal[[#Headers],[D]],Database_Productkaarten[#All],18,FALSE),0)*Ontwerpberekening!J13),0))/Ontwerpberekening!$A$2 -> 16.4 | U54: =SUM(Ontwerp_CO2_Totaal[[#This Row],[A1-A3]:[C4]])+Ontwerp_CO2_Totaal[[#This Row],[D]] -> 1355.4
B55: =Ontwerpberekening!B14 -> Open Menggranulaat | C55: =Ontwerpberekening!C14 -> Straatlaag | D55: =Ontwerpberekening!G14 -> Ophoogmateriaal (Zand) | E55: =(IF(Ontwerpberekening!E14="Nieuwe Situatie",(_xlfn.IFNA(VLOOKUP(Ontwerp_CO2_Totaal[[#This Row],[Product]]&", "&Ontwerp_CO2_Totaal[[#Headers],[A1]],Database_Productkaarten[#All],18,FALSE),0)*Ontwerpberekening!J14),0))/Ontwerpberekening!$A$2 -> 0 | F55: =(IF(Ontwerpberekening!E14="Nieuwe Situatie",(_xlfn.IFNA(VLOOKUP(Ontwerp_CO2_Totaal[[#This Row],[Product]]&", "&Ontwerp_CO2_Totaal[[#Headers],[A2]],Database_Productkaarten[#All],18,FALSE),0)*Ontwerpberekening!J14),0))/Ontwerpberekening!$A$2 -> 0 | G55: =(IF(Ontwerpberekening!E14="Nieuwe Situatie",(_xlfn.IFNA(VLOOKUP(Ontwerp_CO2_Totaal[[#This Row],[Product]]&", "&Ontwerp_CO2_Totaal[[#Headers],[A3]],Database_Productkaarten[#All],18,FALSE),0)*Ontwerpberekening!J14),0))/Ontwerpberekening!$A$2 -> 0 | H55: =(IF(Ontwerpberekening!E14="Nieuwe Situatie",(_xlfn.IFNA(VLOOKUP(Ontwerp_CO2_Totaal[[#This Row],[Product]]&", "&Ontwerp_CO2_Totaal[[#Headers],[A1-A3]],Database_Productkaarten[#All],18,FALSE),0)*Ontwerpberekening!J14),0))/Ontwerpberekening!$A$2 -> 0 | I55: =(IF(Ontwerpberekening!E14="Nieuwe Situatie",(_xlfn.IFNA(VLOOKUP(Ontwerp_CO2_Totaal[[#This Row],[Product]]&", "&Ontwerp_CO2_Totaal[[#Headers],[A4]],Database_Productkaarten[#All],18,FALSE),0)*Ontwerpberekening!R14),0))/Ontwerpberekening!$A$2 -> 0 | J55: =(IF(Ontwerpberekening!E14="Nieuwe Situatie",(_xlfn.IFNA(VLOOKUP(Ontwerp_CO2_Totaal[[#This Row],[Product]]&", "&Ontwerp_CO2_Totaal[[#Headers],[A5]],Database_Productkaarten[#All],18,FALSE),0)*Ontwerpberekening!J14),0))/Ontwerpberekening!$A$2 -> 0 | K55: =(IF(Ontwerpberekening!E14="Nieuwe Situatie",(_xlfn.IFNA(VLOOKUP(Ontwerp_CO2_Totaal[[#This Row],[Product]]&", "&Ontwerp_CO2_Totaal[[#Headers],[B1]],Database_Productkaarten[#All],18,FALSE),0)*Ontwerpberekening!J14),0))/Ontwerpberekening!$A$2 -> 0 | L55: =(IF(Ontwerpberekening!E14="Nieuwe Situatie",(_xlfn.IFNA(VLOOKUP(Ontwerp_CO2_Totaal[[#This Row],[Product]]&", "&Ontwerp_CO2_Totaal[[#Headers],[B3]],Database_Productkaarten[#All],18,FALSE),0)*Ontwerpberekening!J14),0))/Ontwerpberekening!$A$2 -> 0 | M55: =(IF(Ontwerpberekening!E14="Nieuwe Situatie",(SUM(Ontwerp_CO2_Totaal[[#This Row],[A1]:[B1]],Ontwerp_CO2_Totaal[[#This Row],[C1]:[D2]])*Ontwerpberekening!T14),0)) -> 0 | N55: =(IF(Ontwerpberekening!E14="Bestaande Situatie",(_xlfn.IFNA(VLOOKUP(Ontwerp_CO2_Totaal[[#This Row],[Product]]&", "&Ontwerp_CO2_Totaal[[#Headers],[C1]],Database_Productkaarten[#All],18,FALSE),0)*Ontwerpberekening!J14),0))/Ontwerpberekening!$A$2 -> 11.6425 | O55: =(IF(Ontwerpberekening!E14="Bestaande Situatie",(_xlfn.IFNA(VLOOKUP(Ontwerp_CO2_Totaal[[#This Row],[Product]]&", "&Ontwerp_CO2_Totaal[[#Headers],[C2]],Database_Productkaarten[#All],18,FALSE),0)*Ontwerpberekening!R14),0))/Ontwerpberekening!$A$2 -> 240 | P55: =(IF(Ontwerpberekening!E14="Bestaande Situatie",(_xlfn.IFNA(VLOOKUP(Ontwerp_CO2_Totaal[[#This Row],[Product]]&", "&Ontwerp_CO2_Totaal[[#Headers],[C3]],Database_Productkaarten[#All],18,FALSE),0)*Ontwerpberekening!J14),0))/Ontwerpberekening!$A$2 -> 0 | Q55: =(IF(Ontwerpberekening!E14="Bestaande Situatie",(_xlfn.IFNA(VLOOKUP(Ontwerp_CO2_Totaal[[#This Row],[Product]]&", "&Ontwerp_CO2_Totaal[[#Headers],[C4]],Database_Productkaarten[#All],18,FALSE),0)*Ontwerpberekening!J14),0))/Ontwerpberekening!$A$2 -> 2 | R55: =(IF(Ontwerpberekening!E14="Bestaande Situatie",(_xlfn.IFNA(VLOOKUP(Ontwerp_CO2_Totaal[[#This Row],[Product]]&", "&Ontwerp_CO2_Totaal[[#Headers],[D1]],Database_Productkaarten[#All],18,FALSE),0)*Ontwerpberekening!J14),0))/Ontwerpberekening!$A$2 -> 0 | S55: =(IF(Ontwerpberekening!E14="Bestaande Situatie",(_xlfn.IFNA(VLOOKUP(Ontwerp_CO2_Totaal[[#This Row],[Product]]&", "&Ontwerp_CO2_Totaal[[#Headers],[D2]],Database_Productkaarten[#All],18,FALSE),0)*Ontwerpberekening!J14),0))/Ontwerpberekening!$A$2 -> 0 | T55: =(IF(Ontwerpberekening!E14="Bestaande Situatie",(_xlfn.IFNA(VLOOKUP(Ontwerp_CO2_Totaal[[#This Row],[Product]]&", "&Ontwerp_CO2_Totaal[[#Headers],[D]],Database_Productkaarten[#All],18,FALSE),0)*Ontwerpberekening!J14),0))/Ontwerpberekening!$A$2 -> -155.75 | U55: =SUM(Ontwerp_CO2_Totaal[[#This Row],[A1-A3]:[C4]])+Ontwerp_CO2_Totaal[[#This Row],[D]] -> 97.8925
B56: =Ontwerpberekening!B15 -> Open Menggranulaat | C56: =Ontwerpberekening!C15 -> Toplaag | D56: =Ontwerpberekening!G15 -> Betonstraatsteen 210x105x80 | E56: =(IF(Ontwerpberekening!E15="Nieuwe Situatie",(_xlfn.IFNA(VLOOKUP(Ontwerp_CO2_Totaal[[#This Row],[Product]]&", "&Ontwerp_CO2_Totaal[[#Headers],[A1]],Database_Productkaarten[#All],18,FALSE),0)*Ontwerpberekening!J15),0))/Ontwerpberekening!$A$2 -> 0 | F56: =(IF(Ontwerpberekening!E15="Nieuwe Situatie",(_xlfn.IFNA(VLOOKUP(Ontwerp_CO2_Totaal[[#This Row],[Product]]&", "&Ontwerp_CO2_Totaal[[#Headers],[A2]],Database_Productkaarten[#All],18,FALSE),0)*Ontwerpberekening!J15),0))/Ontwerpberekening!$A$2 -> 0 | G56: =(IF(Ontwerpberekening!E15="Nieuwe Situatie",(_xlfn.IFNA(VLOOKUP(Ontwerp_CO2_Totaal[[#This Row],[Product]]&", "&Ontwerp_CO2_Totaal[[#Headers],[A3]],Database_Productkaarten[#All],18,FALSE),0)*Ontwerpberekening!J15),0))/Ontwerpberekening!$A$2 -> 0 | H56: =(IF(Ontwerpberekening!E15="Nieuwe Situatie",(_xlfn.IFNA(VLOOKUP(Ontwerp_CO2_Totaal[[#This Row],[Product]]&", "&Ontwerp_CO2_Totaal[[#Headers],[A1-A3]],Database_Productkaarten[#All],18,FALSE),0)*Ontwerpberekening!J15),0))/Ontwerpberekening!$A$2 -> 0 | I56: =(IF(Ontwerpberekening!E15="Nieuwe Situatie",(_xlfn.IFNA(VLOOKUP(Ontwerp_CO2_Totaal[[#This Row],[Product]]&", "&Ontwerp_CO2_Totaal[[#Headers],[A4]],Database_Productkaarten[#All],18,FALSE),0)*Ontwerpberekening!R15),0))/Ontwerpberekening!$A$2 -> 0 | J56: =(IF(Ontwerpberekening!E15="Nieuwe Situatie",(_xlfn.IFNA(VLOOKUP(Ontwerp_CO2_Totaal[[#This Row],[Product]]&", "&Ontwerp_CO2_Totaal[[#Headers],[A5]],Database_Productkaarten[#All],18,FALSE),0)*Ontwerpberekening!J15),0))/Ontwerpberekening!$A$2 -> 0 | K56: =(IF(Ontwerpberekening!E15="Nieuwe Situatie",(_xlfn.IFNA(VLOOKUP(Ontwerp_CO2_Totaal[[#This Row],[Product]]&", "&Ontwerp_CO2_Totaal[[#Headers],[B1]],Database_Productkaarten[#All],18,FALSE),0)*Ontwerpberekening!J15),0))/Ontwerpberekening!$A$2 -> 0 | L56: =(IF(Ontwerpberekening!E15="Nieuwe Situatie",(_xlfn.IFNA(VLOOKUP(Ontwerp_CO2_Totaal[[#This Row],[Product]]&", "&Ontwerp_CO2_Totaal[[#Headers],[B3]],Database_Productkaarten[#All],18,FALSE),0)*Ontwerpberekening!J15),0))/Ontwerpberekening!$A$2 -> 0 | M56: =(IF(Ontwerpberekening!E15="Nieuwe Situatie",(SUM(Ontwerp_CO2_Totaal[[#This Row],[A1]:[B1]],Ontwerp_CO2_Totaal[[#This Row],[C1]:[D2]])*Ontwerpberekening!T15),0)) -> 0 | N56: =(IF(Ontwerpberekening!E15="Bestaande Situatie",(_xlfn.IFNA(VLOOKUP(Ontwerp_CO2_Totaal[[#This Row],[Product]]&", "&Ontwerp_CO2_Totaal[[#Headers],[C1]],Database_Productkaarten[#All],18,FALSE),0)*Ontwerpberekening!J15),0))/Ontwerpberekening!$A$2 -> 297.4864 | O56: =(IF(Ontwerpberekening!E15="Bestaande Situatie",(_xlfn.IFNA(VLOOKUP(Ontwerp_CO2_Totaal[[#This Row],[Product]]&", "&Ontwerp_CO2_Totaal[[#Headers],[C2]],Database_Productkaarten[#All],18,FALSE),0)*Ontwerpberekening!R15),0))/Ontwerpberekening!$A$2 -> 107.25856 | P56: =(IF(Ontwerpberekening!E15="Bestaande Situatie",(_xlfn.IFNA(VLOOKUP(Ontwerp_CO2_Totaal[[#This Row],[Product]]&", "&Ontwerp_CO2_Totaal[[#Headers],[C3]],Database_Productkaarten[#All],18,FALSE),0)*Ontwerpberekening!J15),0))/Ontwerpberekening!$A$2 -> 141.82248 | Q56: =(IF(Ontwerpberekening!E15="Bestaande Situatie",(_xlfn.IFNA(VLOOKUP(Ontwerp_CO2_Totaal[[#This Row],[Product]]&", "&Ontwerp_CO2_Totaal[[#Headers],[C4]],Database_Productkaarten[#All],18,FALSE),0)*Ontwerpberekening!J15),0))/Ontwerpberekening!$A$2 -> 4.7972408 | R56: =(IF(Ontwerpberekening!E15="Bestaande Situatie",(_xlfn.IFNA(VLOOKUP(Ontwerp_CO2_Totaal[[#This Row],[Product]]&", "&Ontwerp_CO2_Totaal[[#Headers],[D1]],Database_Productkaarten[#All],18,FALSE),0)*Ontwerpberekening!J15),0))/Ontwerpberekening!$A$2 -> 0 | S56: =(IF(Ontwerpberekening!E15="Bestaande Situatie",(_xlfn.IFNA(VLOOKUP(Ontwerp_CO2_Totaal[[#This Row],[Product]]&", "&Ontwerp_CO2_Totaal[[#Headers],[D2]],Database_Productkaarten[#All],18,FALSE),0)*Ontwerpberekening!J15),0))/Ontwerpberekening!$A$2 -> 0 | T56: =(IF(Ontwerpberekening!E15="Bestaande Situatie",(_xlfn.IFNA(VLOOKUP(Ontwerp_CO2_Totaal[[#This Row],[Product]]&", "&Ontwerp_CO2_Totaal[[#Headers],[D]],Database_Productkaarten[#All],18,FALSE),0)*Ontwerpberekening!J15),0))/Ontwerpberekening!$A$2 -> -389.04025 | U56: =SUM(Ontwerp_CO2_Totaal[[#This Row],[A1-A3]:[C4]])+Ontwerp_CO2_Totaal[[#This Row],[D]] -> 162.32443
B57: =Ontwerpberekening!B16 -> Plastic kratten | C57: =Ontwerpberekening!C16 -> Grondontgraving | D57: =Ontwerpberekening!G16 -> Ophoogmateriaal (Grond) | E57: =(IF(Ontwerpberekening!E16="Nieuwe Situatie",(_xlfn.IFNA(VLOOKUP(Ontwerp_CO2_Totaal[[#This Row],[Product]]&", "&Ontwerp_CO2_Totaal[[#Headers],[A1]],Database_Productkaarten[#All],18,FALSE),0)*Ontwerpberekening!J16),0))/Ontwerpberekening!$A$2 -> 0 | F57: =(IF(Ontwerpberekening!E16="Nieuwe Situatie",(_xlfn.IFNA(VLOOKUP(Ontwerp_CO2_Totaal[[#This Row],[Product]]&", "&Ontwerp_CO2_Totaal[[#Headers],[A2]],Database_Productkaarten[#All],18,FALSE),0)*Ontwerpberekening!J16),0))/Ontwerpberekening!$A$2 -> 0 | G57: =(IF(Ontwerpberekening!E16="Nieuwe Situatie",(_xlfn.IFNA(VLOOKUP(Ontwerp_CO2_Totaal[[#This Row],[Product]]&", "&Ontwerp_CO2_Totaal[[#Headers],[A3]],Database_Productkaarten[#All],18,FALSE),0)*Ontwerpberekening!J16),0))/Ontwerpberekening!$A$2 -> 0 | H57: =(IF(Ontwerpberekening!E16="Nieuwe Situatie",(_xlfn.IFNA(VLOOKUP(Ontwerp_CO2_Totaal[[#This Row],[Product]]&", "&Ontwerp_CO2_Totaal[[#Headers],[A1-A3]],Database_Productkaarten[#All],18,FALSE),0)*Ontwerpberekening!J16),0))/Ontwerpberekening!$A$2 -> 0 | I57: =(IF(Ontwerpberekening!E16="Nieuwe Situatie",(_xlfn.IFNA(VLOOKUP(Ontwerp_CO2_Totaal[[#This Row],[Product]]&", "&Ontwerp_CO2_Totaal[[#Headers],[A4]],Database_Productkaarten[#All],18,FALSE),0)*Ontwerpberekening!R16),0))/Ontwerpberekening!$A$2 -> 0 | J57: =(IF(Ontwerpberekening!E16="Nieuwe Situatie",(_xlfn.IFNA(VLOOKUP(Ontwerp_CO2_Totaal[[#This Row],[Product]]&", "&Ontwerp_CO2_Totaal[[#Headers],[A5]],Database_Productkaarten[#All],18,FALSE),0)*Ontwerpberekening!J16),0))/Ontwerpberekening!$A$2 -> 0 | K57: =(IF(Ontwerpberekening!E16="Nieuwe Situatie",(_xlfn.IFNA(VLOOKUP(Ontwerp_CO2_Totaal[[#This Row],[Product]]&", "&Ontwerp_CO2_Totaal[[#Headers],[B1]],Database_Productkaarten[#All],18,FALSE),0)*Ontwerpberekening!J16),0))/Ontwerpberekening!$A$2 -> 0 | L57: =(IF(Ontwerpberekening!E16="Nieuwe Situatie",(_xlfn.IFNA(VLOOKUP(Ontwerp_CO2_Totaal[[#This Row],[Product]]&", "&Ontwerp_CO2_Totaal[[#Headers],[B3]],Database_Productkaarten[#All],18,FALSE),0)*Ontwerpberekening!J16),0))/Ontwerpberekening!$A$2 -> 0 | M57: =(IF(Ontwerpberekening!E16="Nieuwe Situatie",(SUM(Ontwerp_CO2_Totaal[[#This Row],[A1]:[B1]],Ontwerp_CO2_Totaal[[#This Row],[C1]:[D2]])*Ontwerpberekening!T16),0)) -> 0 | N57: =(IF(Ontwerpberekening!E16="Bestaande Situatie",(_xlfn.IFNA(VLOOKUP(Ontwerp_CO2_Totaal[[#This Row],[Product]]&", "&Ontwerp_CO2_Totaal[[#Headers],[C1]],Database_Productkaarten[#All],18,FALSE),0)*Ontwerpberekening!J16),0))/Ontwerpberekening!$A$2 -> 380.32243 | O57: =(IF(Ontwerpberekening!E16="Bestaande Situatie",(_xlfn.IFNA(VLOOKUP(Ontwerp_CO2_Totaal[[#This Row],[Product]]&", "&Ontwerp_CO2_Totaal[[#Headers],[C2]],Database_Productkaarten[#All],18,FALSE),0)*Ontwerpberekening!R16),0))/Ontwerpberekening!$A$2 -> 5518.0125 | P57: =(IF(Ontwerpberekening!E16="Bestaande Situatie",(_xlfn.IFNA(VLOOKUP(Ontwerp_CO2_Totaal[[#This Row],[Product]]&", "&Ontwerp_CO2_Totaal[[#Headers],[C3]],Database_Productkaarten[#All],18,FALSE),0)*Ontwerpberekening!J16),0))/Ontwerpberekening!$A$2 -> 0 | Q57: =(IF(Ontwerpberekening!E16="Bestaande Situatie",(_xlfn.IFNA(VLOOKUP(Ontwerp_CO2_Totaal[[#This Row],[Product]]&", "&Ontwerp_CO2_Totaal[[#Headers],[C4]],Database_Productkaarten[#All],18,FALSE),0)*Ontwerpberekening!J16),0))/Ontwerpberekening!$A$2 -> 44.1 | R57: =(IF(Ontwerpberekening!E16="Bestaande Situatie",(_xlfn.IFNA(VLOOKUP(Ontwerp_CO2_Totaal[[#This Row],[Product]]&", "&Ontwerp_CO2_Totaal[[#Headers],[D1]],Database_Productkaarten[#All],18,FALSE),0)*Ontwerpberekening!J16),0))/Ontwerpberekening!$A$2 -> 0 | S57: =(IF(Ontwerpberekening!E16="Bestaande Situatie",(_xlfn.IFNA(VLOOKUP(Ontwerp_CO2_Totaal[[#This Row],[Product]]&", "&Ontwerp_CO2_Totaal[[#Headers],[D2]],Database_Productkaarten[#All],18,FALSE),0)*Ontwerpberekening!J16),0))/Ontwerpberekening!$A$2 -> 0 | T57: =(IF(Ontwerpberekening!E16="Bestaande Situatie",(_xlfn.IFNA(VLOOKUP(Ontwerp_CO2_Totaal[[#This Row],[Product]]&", "&Ontwerp_CO2_Totaal[[#Headers],[D]],Database_Productkaarten[#All],18,FALSE),0)*Ontwerpberekening!J16),0))/Ontwerpberekening!$A$2 -> 0 | U57: =SUM(Ontwerp_CO2_Totaal[[#This Row],[A1-A3]:[C4]])+Ontwerp_CO2_Totaal[[#This Row],[D]] -> 5942.4349
B58: =Ontwerpberekening!B17 -> Plastic kratten | C58: =Ontwerpberekening!C17 -> Grondverbetering | D58: =Ontwerpberekening!G17 -> Ophoogmateriaal (Zand) | E58: =(IF(Ontwerpberekening!E17="Nieuwe Situatie",(_xlfn.IFNA(VLOOKUP(Ontwerp_CO2_Totaal[[#This Row],[Product]]&", "&Ontwerp_CO2_Totaal[[#Headers],[A1]],Database_Productkaarten[#All],18,FALSE),0)*Ontwerpberekening!J17),0))/Ontwerpberekening!$A$2 -> 0 | F58: =(IF(Ontwerpberekening!E17="Nieuwe Situatie",(_xlfn.IFNA(VLOOKUP(Ontwerp_CO2_Totaal[[#This Row],[Product]]&", "&Ontwerp_CO2_Totaal[[#Headers],[A2]],Database_Productkaarten[#All],18,FALSE),0)*Ontwerpberekening!J17),0))/Ontwerpberekening!$A$2 -> 0 | G58: =(IF(Ontwerpberekening!E17="Nieuwe Situatie",(_xlfn.IFNA(VLOOKUP(Ontwerp_CO2_Totaal[[#This Row],[Product]]&", "&Ontwerp_CO2_Totaal[[#Headers],[A3]],Database_Productkaarten[#All],18,FALSE),0)*Ontwerpberekening!J17),0))/Ontwerpberekening!$A$2 -> 0 | H58: =(IF(Ontwerpberekening!E17="Nieuwe Situatie",(_xlfn.IFNA(VLOOKUP(Ontwerp_CO2_Totaal[[#This Row],[Product]]&", "&Ontwerp_CO2_Totaal[[#Headers],[A1-A3]],Database_Productkaarten[#All],18,FALSE),0)*Ontwerpberekening!J17),0))/Ontwerpberekening!$A$2 -> 440 | I58: =(IF(Ontwerpberekening!E17="Nieuwe Situatie",(_xlfn.IFNA(VLOOKUP(Ontwerp_CO2_Totaal[[#This Row],[Product]]&", "&Ontwerp_CO2_Totaal[[#Headers],[A4]],Database_Productkaarten[#All],18,FALSE),0)*Ontwerpberekening!R17),0))/Ontwerpberekening!$A$2 -> 237.75 | J58: =(IF(Ontwerpberekening!E17="Nieuwe Situatie",(_xlfn.IFNA(VLOOKUP(Ontwerp_CO2_Totaal[[#This Row],[Product]]&", "&Ontwerp_CO2_Totaal[[#Headers],[A5]],Database_Productkaarten[#All],18,FALSE),0)*Ontwerpberekening!J17),0))/Ontwerpberekening!$A$2 -> 62.21125 | K58: =(IF(Ontwerpberekening!E17="Nieuwe Situatie",(_xlfn.IFNA(VLOOKUP(Ontwerp_CO2_Totaal[[#This Row],[Product]]&", "&Ontwerp_CO2_Totaal[[#Headers],[B1]],Database_Productkaarten[#All],18,FALSE),0)*Ontwerpberekening!J17),0))/Ontwerpberekening!$A$2 -> 0 | L58: =(IF(Ontwerpberekening!E17="Nieuwe Situatie",(_xlfn.IFNA(VLOOKUP(Ontwerp_CO2_Totaal[[#This Row],[Product]]&", "&Ontwerp_CO2_Totaal[[#Headers],[B3]],Database_Productkaarten[#All],18,FALSE),0)*Ontwerpberekening!J17),0))/Ontwerpberekening!$A$2 -> 0 | M58: =(IF(Ontwerpberekening!E17="Nieuwe Situatie",(SUM(Ontwerp_CO2_Totaal[[#This Row],[A1]:[B1]],Ontwerp_CO2_Totaal[[#This Row],[C1]:[D2]])*Ontwerpberekening!T17),0)) -> 0 | N58: =(IF(Ontwerpberekening!E17="Bestaande Situatie",(_xlfn.IFNA(VLOOKUP(Ontwerp_CO2_Totaal[[#This Row],[Product]]&", "&Ontwerp_CO2_Totaal[[#Headers],[C1]],Database_Productkaarten[#All],18,FALSE),0)*Ontwerpberekening!J17),0))/Ontwerpberekening!$A$2 -> 0 | O58: =(IF(Ontwerpberekening!E17="Bestaande Situatie",(_xlfn.IFNA(VLOOKUP(Ontwerp_CO2_Totaal[[#This Row],[Product]]&", "&Ontwerp_CO2_Totaal[[#Headers],[C2]],Database_Productkaarten[#All],18,FALSE),0)*Ontwerpberekening!R17),0))/Ontwerpberekening!$A$2 -> 0 | P58: =(IF(Ontwerpberekening!E17="Bestaande Situatie",(_xlfn.IFNA(VLOOKUP(Ontwerp_CO2_Totaal[[#This Row],[Product]]&", "&Ontwerp_CO2_Totaal[[#Headers],[C3]],Database_Productkaarten[#All],18,FALSE),0)*Ontwerpberekening!J17),0))/Ontwerpberekening!$A$2 -> 0 | Q58: =(IF(Ontwerpberekening!E17="Bestaande Situatie",(_xlfn.IFNA(VLOOKUP(Ontwerp_CO2_Totaal[[#This Row],[Product]]&", "&Ontwerp_CO2_Totaal[[#Headers],[C4]],Database_Productkaarten[#All],18,FALSE),0)*Ontwerpberekening!J17),0))/Ontwerpberekening!$A$2 -> 0 | R58: =(IF(Ontwerpberekening!E17="Bestaande Situatie",(_xlfn.IFNA(VLOOKUP(Ontwerp_CO2_Totaal[[#This Row],[Product]]&", "&Ontwerp_CO2_Totaal[[#Headers],[D1]],Database_Productkaarten[#All],18,FALSE),0)*Ontwerpberekening!J17),0))/Ontwerpberekening!$A$2 -> 0 | S58: =(IF(Ontwerpberekening!E17="Bestaande Situatie",(_xlfn.IFNA(VLOOKUP(Ontwerp_CO2_Totaal[[#This Row],[Product]]&", "&Ontwerp_CO2_Totaal[[#Headers],[D2]],Database_Productkaarten[#All],18,FALSE),0)*Ontwerpberekening!J17),0))/Ontwerpberekening!$A$2 -> 0 | T58: =(IF(Ontwerpberekening!E17="Bestaande Situatie",(_xlfn.IFNA(VLOOKUP(Ontwerp_CO2_Totaal[[#This Row],[Product]]&", "&Ontwerp_CO2_Totaal[[#Headers],[D]],Database_Productkaarten[#All],18,FALSE),0)*Ontwerpberekening!J17),0))/Ontwerpberekening!$A$2 -> 0 | U58: =SUM(Ontwerp_CO2_Totaal[[#This Row],[A1-A3]:[C4]])+Ontwerp_CO2_Totaal[[#This Row],[D]] -> 739.96125
B59: =Ontwerpberekening!B18 -> Plastic kratten | C59: =Ontwerpberekening!C18 -> Waterbergendelaag | D59: =Ontwerpberekening!G18 -> Kunststof Inflitratiekrat | E59: =(IF(Ontwerpberekening!E18="Nieuwe Situatie",(_xlfn.IFNA(VLOOKUP(Ontwerp_CO2_Totaal[[#This Row],[Product]]&", "&Ontwerp_CO2_Totaal[[#Headers],[A1]],Database_Productkaarten[#All],18,FALSE),0)*Ontwerpberekening!J18),0))/Ontwerpberekening!$A$2 -> 0 | F59: =(IF(Ontwerpberekening!E18="Nieuwe Situatie",(_xlfn.IFNA(VLOOKUP(Ontwerp_CO2_Totaal[[#This Row],[Product]]&", "&Ontwerp_CO2_Totaal[[#Headers],[A2]],Database_Productkaarten[#All],18,FALSE),0)*Ontwerpberekening!J18),0))/Ontwerpberekening!$A$2 -> 0 | G59: =(IF(Ontwerpberekening!E18="Nieuwe Situatie",(_xlfn.IFNA(VLOOKUP(Ontwerp_CO2_Totaal[[#This Row],[Product]]&", "&Ontwerp_CO2_Totaal[[#Headers],[A3]],Database_Productkaarten[#All],18,FALSE),0)*Ontwerpberekening!J18),0))/Ontwerpberekening!$A$2 -> 0 | H59: =(IF(Ontwerpberekening!E18="Nieuwe Situatie",(_xlfn.IFNA(VLOOKUP(Ontwerp_CO2_Totaal[[#This Row],[Product]]&", "&Ontwerp_CO2_Totaal[[#Headers],[A1-A3]],Database_Productkaarten[#All],18,FALSE),0)*Ontwerpberekening!J18),0))/Ontwerpberekening!$A$2 -> 25000 | I59: =(IF(Ontwerpberekening!E18="Nieuwe Situatie",(_xlfn.IFNA(VLOOKUP(Ontwerp_CO2_Totaal[[#This Row],[Product]]&", "&Ontwerp_CO2_Totaal[[#Headers],[A4]],Database_Productkaarten[#All],18,FALSE),0)*Ontwerpberekening!R18),0))/Ontwerpberekening!$A$2 -> 1.96 | J59: =(IF(Ontwerpberekening!E18="Nieuwe Situatie",(_xlfn.IFNA(VLOOKUP(Ontwerp_CO2_Totaal[[#This Row],[Product]]&", "&Ontwerp_CO2_Totaal[[#Headers],[A5]],Database_Productkaarten[#All],18,FALSE),0)*Ontwerpberekening!J18),0))/Ontwerpberekening!$A$2 -> 2950 | K59: =(IF(Ontwerpberekening!E18="Nieuwe Situatie",(_xlfn.IFNA(VLOOKUP(Ontwerp_CO2_Totaal[[#This Row],[Product]]&", "&Ontwerp_CO2_Totaal[[#Headers],[B1]],Database_Productkaarten[#All],18,FALSE),0)*Ontwerpberekening!J18),0))/Ontwerpberekening!$A$2 -> 0 | L59: =(IF(Ontwerpberekening!E18="Nieuwe Situatie",(_xlfn.IFNA(VLOOKUP(Ontwerp_CO2_Totaal[[#This Row],[Product]]&", "&Ontwerp_CO2_Totaal[[#Headers],[B3]],Database_Productkaarten[#All],18,FALSE),0)*Ontwerpberekening!J18),0))/Ontwerpberekening!$A$2 -> 0 | M59: =(IF(Ontwerpberekening!E18="Nieuwe Situatie",(SUM(Ontwerp_CO2_Totaal[[#This Row],[A1]:[B1]],Ontwerp_CO2_Totaal[[#This Row],[C1]:[D2]])*Ontwerpberekening!T18),0)) -> 0 | N59: =(IF(Ontwerpberekening!E18="Bestaande Situatie",(_xlfn.IFNA(VLOOKUP(Ontwerp_CO2_Totaal[[#This Row],[Product]]&", "&Ontwerp_CO2_Totaal[[#Headers],[C1]],Database_Productkaarten[#All],18,FALSE),0)*Ontwerpberekening!J18),0))/Ontwerpberekening!$A$2 -> 0 | O59: =(IF(Ontwerpberekening!E18="Bestaande Situatie",(_xlfn.IFNA(VLOOKUP(Ontwerp_CO2_Totaal[[#This Row],[Product]]&", "&Ontwerp_CO2_Totaal[[#Headers],[C2]],Database_Productkaarten[#All],18,FALSE),0)*Ontwerpberekening!R18),0))/Ontwerpberekening!$A$2 -> 0 | P59: =(IF(Ontwerpberekening!E18="Bestaande Situatie",(_xlfn.IFNA(VLOOKUP(Ontwerp_CO2_Totaal[[#This Row],[Product]]&", "&Ontwerp_CO2_Totaal[[#Headers],[C3]],Database_Productkaarten[#All],18,FALSE),0)*Ontwerpberekening!J18),0))/Ontwerpberekening!$A$2 -> 0 | Q59: =(IF(Ontwerpberekening!E18="Bestaande Situatie",(_xlfn.IFNA(VLOOKUP(Ontwerp_CO2_Totaal[[#This Row],[Product]]&", "&Ontwerp_CO2_Totaal[[#Headers],[C4]],Database_Productkaarten[#All],18,FALSE),0)*Ontwerpberekening!J18),0))/Ontwerpberekening!$A$2 -> 0 | R59: =(IF(Ontwerpberekening!E18="Bestaande Situatie",(_xlfn.IFNA(VLOOKUP(Ontwerp_CO2_Totaal[[#This Row],[Product]]&", "&Ontwerp_CO2_Totaal[[#Headers],[D1]],Database_Productkaarten[#All],18,FALSE),0)*Ontwerpberekening!J18),0))/Ontwerpberekening!$A$2 -> 0 | S59: =(IF(Ontwerpberekening!E18="Bestaande Situatie",(_xlfn.IFNA(VLOOKUP(Ontwerp_CO2_Totaal[[#This Row],[Product]]&", "&Ontwerp_CO2_Totaal[[#Headers],[D2]],Database_Productkaarten[#All],18,FALSE),0)*Ontwerpberekening!J18),0))/Ontwerpberekening!$A$2 -> 0 | T59: =(IF(Ontwerpberekening!E18="Bestaande Situatie",(_xlfn.IFNA(VLOOKUP(Ontwerp_CO2_Totaal[[#This Row],[Product]]&", "&Ontwerp_CO2_Totaal[[#Headers],[D]],Database_Productkaarten[#All],18,FALSE),0)*Ontwerpberekening!J18),0))/Ontwerpberekening!$A$2 -> 0 | U59: =SUM(Ontwerp_CO2_Totaal[[#This Row],[A1-A3]:[C4]])+Ontwerp_CO2_Totaal[[#This Row],[D]] -> 27951.96
